Workbook

Sheet Смета 12 гр. по ФЕР
A1: =Source!B1 -> Smeta.RU (495) 974-1589 | J1: Приложение 1 к форме 7
B5: =CONCATENATE( "ЛОКАЛЬНАЯ СМЕТА ",IF(Source!F20<>"Новая локальная смета", Source!F20, "")) -> ЛОКАЛЬНАЯ СМЕТА
B7: =IF(Source!G20<>"Новая локальная смета", Source!G20, "")
B9: на ремонт помещений №2, №3, №4, №5, №6, №12, №13, №14 второго этажа, №4 четвертого этажа лабораторного корпуса Р-17 НИЯУ МИФИ по адресу: г. Москва, Каширское шоссе, д. 31, стр. 12 | AD9: =IF(Source!G12<>"Новый объект", Source!G12, "") -> На ремонт помещений 2-го этажа №№2,3,4,5,6,12,13,14 и 4-го этажа, лабораторного корпуса Р-17 по адресу: г. Москва, Каширское шоссе, д. 31, стр. 12
B10: (наименование работ и затрат, наименование объекта)
G13: базовая цена | I13: текущая цена
C14: Сметная стоимость | G14: =SUM(O24:O602)/1000 -> 261.25886 | I14: =(Source!P346/1000) -> 2026.2772 | K14: тыс. руб.
C15: Строительные работы | G15: =SUM(W24:W602)/1000 -> 241.9576 | I15: =(Source!P333)/1000 -> 1549.0533 | K15: тыс. руб.
C16: Монтажные работы | G16: =SUM(X24:X602)/1000 -> 15.60285 | I16: =(Source!P334)/1000 -> 99.85819 | K16: тыс. руб.
C17: Прочие работы | G17: =SUM(Z24:Z602)/1000 -> 3.69841 | I17: =(Source!P335+Source!P336)/1000 -> 68.27258 | K17: тыс. руб.
C18: Нормативная трудоемкость | G18: =I18 -> 2959.952 | I18: =(Source!P338+Source!P339) -> 2959.952 | K18: чел. -ч.
C19: Средства на оплату труда | G19: =SUM(R24:R602)/1000 -> 27.00367 | I19: =((Source!P331 + Source!P330)/1000) -> 194.58091 | K19: тыс. руб.
A21: Составлена в ценах III квартал 2017 года
A22: № п/п | B22: Шифр расценки и коды ресурсов | C22: Наименование работ и затрат | D22: Ед. изм. | E22: Кол-во единиц | F22: Цена на ед. изм. | G22: Попра-вочные коэфф. | H22: Стоимость в ценах 2001г. | I22: Пункт коэфф. пересчета | J22: Коэфф. пересчета | K22: Стоимость в текущих ценах | L22: ЗТР всего чел.-час
A23: 1 | B23: 2 | C23: 3 | D23: 4 | E23: 5 | F23: 6 | G23: 7 | H23: 8 | I23: 9 | J23: 10 | K23: 11 | L23: 12
A25: =CONCATENATE("Раздел: ",IF(Source!G24<>"Новый раздел", Source!G24, "")) -> Раздел: Общестроительные работы
A26: =Source!E29 -> 1 | B26: =Source!F29 -> 46-04-012-03 | C26: =Source!G29 -> Разборка деревянных заполнений проемов дверных и воротных | D26: =Source!H29 -> 100 м2 | E26: =Source!I29 -> 0.1607 | F26: =Source!AL29+Source!AM29+Source!AO29 -> 1082.58 | I26: =Source!BO29 | S26: =ROUND((Source!FX29/100)*((ROUND(Source!AF29*Source!I29, 2)+ROUND(Source!AE29*Source!I29, 2))), 2) -> 150.36 | T26: =Source!X29 -> 962.32 | U26: =ROUND((Source!FY29/100)*((ROUND(Source!AF29*Source!I29, 2)+ROUND(Source!AE29*Source!I29, 2))), 2) -> 90.37 | V26: =Source!Y29 -> 583.22
C27: ="Объем: "&Source!I29&"=(10,35+"&"5,72)/"&"100" -> Объем: 0,1607=(10,35+5,72)/100
C28: Зарплата | F28: =Source!AO29 -> 840.63 | G28: =Source!DG29 | H28: =ROUND(Source!AF29*Source!I29, 2) -> 135.09 | J28: =IF(Source!BA29<> 0, Source!BA29, 1) -> 6.4 | K28: =Source!S29 -> 864.57 | R28: =H28 -> 135.09
C29: Эксплуатация машин | F29: =Source!AM29 -> 241.95 | G29: =Source!DE29 | H29: =ROUND(Source!AD29*Source!I29, 2) -> 38.88 | J29: =IF(Source!BB29<> 0, Source!BB29, 1) -> 6.4 | K29: =Source!Q29 -> 248.84
C30: в т.ч. зарплата машинистов | F30: =Source!AN29 -> 104.49 | G30: =Source!DF29 | H30: =ROUND(Source!AE29*Source!I29, 2) -> 16.79 | J30: =IF(Source!BS29<> 0, Source!BS29, 1) -> 6.4 | K30: =Source!R29 -> 107.47 | R30: =H30 -> 16.79
C31: НР от ФОТ | D31: % | E31: =Source!BZ29 -> 110 | F31: =CONCATENATE(" )", Source!DL29, Source!FT29, "=", Source!FX29) -> )*0,9=99 | H31: =SUM(S26:S33) -> 150.36 | J31: =Source!AT29 -> 99 | K31: =SUM(T26:T33) -> 962.32
C32: СП от ФОТ | D32: % | E32: =Source!CA29 -> 70 | F32: =CONCATENATE(" )", Source!DM29, Source!FU29, "=", Source!FY29) -> )*0,85=59,5 | H32: =SUM(U26:U33) -> 90.37 | J32: =Source!AU29 -> 60 | K32: =SUM(V26:V33) -> 583.22
C33: Затраты труда | D33: чел-ч | E33: =Source!AQ29 -> 103.91 | G33: =Source!DI29 | L33: =Source!U29 -> 16.698337
G34: =H28+H29+H31+H32 -> 414.7 | J34: =K28+K29+K31+K32 -> 2658.95 | L34: =Source!U29 -> 16.698337 | O34: =G34 -> 414.7 | P34: =J34 -> 2658.95 | Q34: =L34 -> 16.698337 | W34: =IF(Source!BI29<=1,H28+H29+H31+H32, 0) -> 414.7 | X34: =IF(Source!BI29=2,H28+H29+H31+H32, 0) -> 0 | Y34: =IF(Source!BI29=3,H28+H29+H31+H32, 0) -> 0 | Z34: =IF(Source!BI29=4,H28+H29+H31+H32, 0) -> 0
A35: =Source!E31 -> 2 | B35: =Source!F31 -> 09-04-012-01 | C35: =Source!G31 -> Демонтаж металлических дверных блоков в готовые проемы | D35: =Source!H31 -> м2 | E35: =Source!I31 -> 11.04 | F35: =Source!AL31+Source!AM31+Source!AO31 -> 63.94 | I35: =Source!BO31 | S35: =ROUND((Source!FX31/100)*((ROUND(Source!AF31*Source!I31, 2)+ROUND(Source!AE31*Source!I31, 2))), 2) -> 161.37 | T35: =Source!X31 -> 1032.79 | U35: =ROUND((Source!FY31/100)*((ROUND(Source!AF31*Source!I31, 2)+ROUND(Source!AE31*Source!I31, 2))), 2) -> 143.94 | V35: =Source!Y31 -> 918.04
C36: ="Объем: "&Source!I31&"=6,9+"&"4,14" -> Объем: 11,04=6,9+4,14
C37: Зарплата | F37: =Source!AO31 -> 23.81 | G37: =Source!DG31 -> )*0,7 | H37: =ROUND(Source!AF31*Source!I31, 2) -> 184 | J37: =IF(Source!BA31<> 0, Source!BA31, 1) -> 6.4 | K37: =Source!S31 -> 1177.62 | R37: =H37 -> 184
C38: Эксплуатация машин | F38: =Source!AM31 -> 14.41 | G38: =Source!DE31 -> )*0,7 | H38: =ROUND(Source!AD31*Source!I31, 2) -> 111.36 | J38: =IF(Source!BB31<> 0, Source!BB31, 1) -> 6.4 | K38: =Source!Q31 -> 712.71
C39: в т.ч. зарплата машинистов | F39: =Source!AN31 -> 1.97 | G39: =Source!DF31 -> )*0,7 | H39: =ROUND(Source!AE31*Source!I31, 2) -> 15.22 | J39: =IF(Source!BS31<> 0, Source!BS31, 1) -> 6.4 | K39: =Source!R31 -> 97.43 | R39: =H39 -> 15.22
C40: НР от ФОТ | D40: % | E40: =Source!BZ31 -> 90 | F40: =CONCATENATE(" )", Source!DL31, Source!FT31, "=", Source!FX31) -> )*0,9=81 | H40: =SUM(S35:S42) -> 161.37 | J40: =Source!AT31 -> 81 | K40: =SUM(T35:T42) -> 1032.79
C41: СП от ФОТ | D41: % | E41: =Source!CA31 -> 85 | F41: =CONCATENATE(" )", Source!DM31, Source!FU31, "=", Source!FY31) -> )*0,85=72,25 | H41: =SUM(U35:U42) -> 143.94 | J41: =Source!AU31 -> 72 | K41: =SUM(V35:V42) -> 918.04
C42: Затраты труда | D42: чел-ч | E42: =Source!AQ31 -> 2.4 | G42: =Source!DI31 -> )*0,7 | L42: =Source!U31 -> 18.5472
G43: =H37+H38+H40+H41 -> 600.67 | J43: =K37+K38+K40+K41 -> 3841.16 | L43: =Source!U31 -> 18.5472 | O43: =G43 -> 600.67 | P43: =J43 -> 3841.16 | Q43: =L43 -> 18.5472 | W43: =IF(Source!BI31<=1,H37+H38+H40+H41, 0) -> 600.67 | X43: =IF(Source!BI31=2,H37+H38+H40+H41, 0) -> 0 | Y43: =IF(Source!BI31=3,H37+H38+H40+H41, 0) -> 0 | Z43: =IF(Source!BI31=4,H37+H38+H40+H41, 0) -> 0
A44: =Source!E33 -> 3 | B44: =Source!F33 -> 09-03-039-05 | C44: =Source!G33 -> Демонтаж опорных конструкций | D44: =Source!H33 -> т | E44: =Source!I33 -> 0.4185 | F44: =Source!AL33+Source!AM33+Source!AO33 -> 868.38 | I44: =Source!BO33 | S44: =ROUND((Source!FX33/100)*((ROUND(Source!AF33*Source!I33, 2)+ROUND(Source!AE33*Source!I33, 2))), 2) -> 47.9 | T44: =Source!X33 -> 306.53 | U44: =ROUND((Source!FY33/100)*((ROUND(Source!AF33*Source!I33, 2)+ROUND(Source!AE33*Source!I33, 2))), 2) -> 42.72 | V44: =Source!Y33 -> 272.47
C45: ="Объем: "&Source!I33&"=418,5/"&"1000" -> Объем: 0,4185=418,5/1000
C46: Зарплата | F46: =Source!AO33 -> 182.17 | G46: =Source!DG33 -> )*0,7 | H46: =ROUND(Source!AF33*Source!I33, 2) -> 53.37 | J46: =IF(Source!BA33<> 0, Source!BA33, 1) -> 6.4 | K46: =Source!S33 -> 341.55 | R46: =H46 -> 53.37
C47: Эксплуатация машин | F47: =Source!AM33 -> 235.79 | G47: =Source!DE33 -> )*0,7 | H47: =ROUND(Source!AD33*Source!I33, 2) -> 69.07 | J47: =IF(Source!BB33<> 0, Source!BB33, 1) -> 6.4 | K47: =Source!Q33 -> 442.08
C48: в т.ч. зарплата машинистов | F48: =Source!AN33 -> 19.67 | G48: =Source!DF33 -> )*0,7 | H48: =ROUND(Source!AE33*Source!I33, 2) -> 5.76 | J48: =IF(Source!BS33<> 0, Source!BS33, 1) -> 6.4 | K48: =Source!R33 -> 36.88 | R48: =H48 -> 5.76
C49: НР от ФОТ | D49: % | E49: =Source!BZ33 -> 90 | F49: =CONCATENATE(" )", Source!DL33, Source!FT33, "=", Source!FX33) -> )*0,9=81 | H49: =SUM(S44:S51) -> 47.9 | J49: =Source!AT33 -> 81 | K49: =SUM(T44:T51) -> 306.53
C50: СП от ФОТ | D50: % | E50: =Source!CA33 -> 85 | F50: =CONCATENATE(" )", Source!DM33, Source!FU33, "=", Source!FY33) -> )*0,85=72,25 | H50: =SUM(U44:U51) -> 42.72 | J50: =Source!AU33 -> 72 | K50: =SUM(V44:V51) -> 272.47
C51: Затраты труда | D51: чел-ч | E51: =Source!AQ33 -> 19.38 | G51: =Source!DI33 -> )*0,7 | L51: =Source!U33 -> 5.677371
G52: =H46+H47+H49+H50 -> 213.06 | J52: =K46+K47+K49+K50 -> 1362.63 | L52: =Source!U33 -> 5.677371 | O52: =G52 -> 213.06 | P52: =J52 -> 1362.63 | Q52: =L52 -> 5.677371 | W52: =IF(Source!BI33<=1,H46+H47+H49+H50, 0) -> 213.06 | X52: =IF(Source!BI33=2,H46+H47+H49+H50, 0) -> 0 | Y52: =IF(Source!BI33=3,H46+H47+H49+H50, 0) -> 0 | Z52: =IF(Source!BI33=4,H46+H47+H49+H50, 0) -> 0
A53: =Source!E35 -> 4 | B53: =Source!F35 -> 57-2-5 | C53: =Source!G35 -> Разборка покрытий полов из древесностружечных плит в один слой | D53: =Source!H35 -> 100 м2 | E53: =Source!I35 -> 0.785 | F53: =Source!AL35+Source!AM35+Source!AO35 -> 130.82 | I53: =Source!BO35 | S53: =ROUND((Source!FX35/100)*((ROUND(Source!AF35*Source!I35, 2)+ROUND(Source!AE35*Source!I35, 2))), 2) -> 80.48 | T53: =Source!X35 -> 515.1 | U53: =ROUND((Source!FY35/100)*((ROUND(Source!AF35*Source!I35, 2)+ROUND(Source!AE35*Source!I35, 2))), 2) -> 68.41 | V53: =Source!Y35 -> 437.84
C54: ="Объем: "&Source!I35&"=(23,5+"&"23+"&"32)/"&"100" -> Объем: 0,785=(23,5+23+32)/100
C55: Зарплата | F55: =Source!AO35 -> 126.13 | G55: =Source!DG35 | H55: =ROUND(Source!AF35*Source!I35, 2) -> 99.01 | J55: =IF(Source!BA35<> 0, Source!BA35, 1) -> 6.4 | K55: =Source!S35 -> 633.68 | R55: =H55 -> 99.01
C56: Эксплуатация машин | F56: =Source!AM35 -> 4.69 | G56: =Source!DE35 | H56: =ROUND(Source!AD35*Source!I35, 2) -> 3.68 | J56: =IF(Source!BB35<> 0, Source!BB35, 1) -> 6.4 | K56: =Source!Q35 -> 23.56
C57: в т.ч. зарплата машинистов | F57: =Source!AN35 -> 2.03 | G57: =Source!DF35 | H57: =ROUND(Source!AE35*Source!I35, 2) -> 1.59 | J57: =IF(Source!BS35<> 0, Source!BS35, 1) -> 6.4 | K57: =Source!R35 -> 10.2 | R57: =H57 -> 1.59
C58: НР от ФОТ | D58: % | E58: =Source!BZ35 -> 80 | H58: =SUM(S53:S61) -> 80.48 | J58: =Source!AT35 -> 80 | K58: =SUM(T53:T61) -> 515.1
C59: СП от ФОТ | D59: % | E59: =Source!CA35 -> 68 | H59: =SUM(U53:U61) -> 68.41 | J59: =Source!AU35 -> 68 | K59: =SUM(V53:V61) -> 437.84
C60: Затраты труда | D60: чел-ч | E60: =Source!AQ35 -> 16.17 | G60: =Source!DI35 | L60: =Source!U35 -> 12.69345
A61: =Source!E37 -> 4,1 | B61: =Source!F37 -> 01.7.07.07 | C61: =Source!G37 -> Строительный мусор | D61: =Source!H37 -> т | E61: =Source!I37 -> 0.98125 | F61: =Source!AL37+Source!AM37+Source!AO37 -> 0 | H61: =ROUND(Source!AC37*Source!I37, 2)+ROUND(Source!AD37*Source!I37, 2)+ROUND(Source!AF37*Source!I37, 2) -> 0 | J61: =IF(Source!BC37<> 0, Source!BC37, 1) -> 6.4 | K61: =Source!O37 -> 0 | S61: =ROUND((Source!FX37/100)*((ROUND(Source!AF37*Source!I37, 2)+ROUND(Source!AE37*Source!I37, 2))), 2) -> 0 | T61: =Source!X37 -> 0 | U61: =ROUND((Source!FY37/100)*((ROUND(Source!AF37*Source!I37, 2)+ROUND(Source!AE37*Source!I37, 2))), 2) -> 0 | V61: =Source!Y37 -> 0 | W61: =IF(Source!BI37<=1,H61, 0) -> 0 | X61: =IF(Source!BI37=2,H61, 0) -> 0 | Y61: =IF(Source!BI37=3,H61, 0) -> 0 | Z61: =IF(Source!BI37=4,H61, 0) -> 0
G62: =H55+H56+H58+H59+SUM(H61:H61) -> 251.58 | J62: =K55+K56+K58+K59+SUM(K61:K61) -> 1610.18 | L62: =Source!U35 -> 12.69345 | O62: =G62 -> 251.58 | P62: =J62 -> 1610.18 | Q62: =L62 -> 12.69345 | W62: =IF(Source!BI35<=1,H55+H56+H58+H59, 0) -> 251.58 | X62: =IF(Source!BI35=2,H55+H56+H58+H59, 0) -> 0 | Y62: =IF(Source!BI35=3,H55+H56+H58+H59, 0) -> 0 | Z62: =IF(Source!BI35=4,H55+H56+H58+H59, 0) -> 0
A63: =Source!E39 -> 5 | B63: =Source!F39 -> 57-3-1 | C63: =Source!G39 -> Разборка плинтусов деревянных и из пластмассовых материалов | D63: =Source!H39 -> 100 м | E63: =Source!I39 -> 1.1097 | F63: =Source!AL39+Source!AM39+Source!AO39 -> 29.41 | I63: =Source!BO39 | S63: =ROUND((Source!FX39/100)*((ROUND(Source!AF39*Source!I39, 2)+ROUND(Source!AE39*Source!I39, 2))), 2) -> 26.11 | T63: =Source!X39 -> 167.1 | U63: =ROUND((Source!FY39/100)*((ROUND(Source!AF39*Source!I39, 2)+ROUND(Source!AE39*Source!I39, 2))), 2) -> 22.2 | V63: =Source!Y39 -> 142.03
C64: ="Объем: "&Source!I39&"=(17,9+"&"18,2+"&"22,3+"&"14,07+"&"9,6+"&"28,9)/"&"100" -> Объем: 1,1097=(17,9+18,2+22,3+14,07+9,6+28,9)/100
C65: Зарплата | F65: =Source!AO39 -> 29.41 | G65: =Source!DG39 | H65: =ROUND(Source!AF39*Source!I39, 2) -> 32.64 | J65: =IF(Source!BA39<> 0, Source!BA39, 1) -> 6.4 | K65: =Source!S39 -> 208.87 | R65: =H65 -> 32.64
C66: НР от ФОТ | D66: % | E66: =Source!BZ39 -> 80 | H66: =SUM(S63:S69) -> 26.11 | J66: =Source!AT39 -> 80 | K66: =SUM(T63:T69) -> 167.1
C67: СП от ФОТ | D67: % | E67: =Source!CA39 -> 68 | H67: =SUM(U63:U69) -> 22.2 | J67: =Source!AU39 -> 68 | K67: =SUM(V63:V69) -> 142.03
C68: Затраты труда | D68: чел-ч | E68: =Source!AQ39 -> 3.77 | G68: =Source!DI39 | L68: =Source!U39 -> 4.183569
A69: =Source!E41 -> 5,1 | B69: =Source!F41 -> 01.7.07.07 | C69: =Source!G41 -> Строительный мусор | D69: =Source!H41 -> т | E69: =Source!I41 -> 0.122067 | F69: =Source!AL41+Source!AM41+Source!AO41 -> 0 | H69: =ROUND(Source!AC41*Source!I41, 2)+ROUND(Source!AD41*Source!I41, 2)+ROUND(Source!AF41*Source!I41, 2) -> 0 | J69: =IF(Source!BC41<> 0, Source!BC41, 1) -> 6.4 | K69: =Source!O41 -> 0 | S69: =ROUND((Source!FX41/100)*((ROUND(Source!AF41*Source!I41, 2)+ROUND(Source!AE41*Source!I41, 2))), 2) -> 0 | T69: =Source!X41 -> 0 | U69: =ROUND((Source!FY41/100)*((ROUND(Source!AF41*Source!I41, 2)+ROUND(Source!AE41*Source!I41, 2))), 2) -> 0 | V69: =Source!Y41 -> 0 | W69: =IF(Source!BI41<=1,H69, 0) -> 0 | X69: =IF(Source!BI41=2,H69, 0) -> 0 | Y69: =IF(Source!BI41=3,H69, 0) -> 0 | Z69: =IF(Source!BI41=4,H69, 0) -> 0
G70: =H65+H66+H67+SUM(H69:H69) -> 80.95 | J70: =K65+K66+K67+SUM(K69:K69) -> 518 | L70: =Source!U39 -> 4.183569 | O70: =G70 -> 80.95 | P70: =J70 -> 518 | Q70: =L70 -> 4.183569 | W70: =IF(Source!BI39<=1,H65+H66+H67, 0) -> 80.95 | X70: =IF(Source!BI39=2,H65+H66+H67, 0) -> 0 | Y70: =IF(Source!BI39=3,H65+H66+H67, 0) -> 0 | Z70: =IF(Source!BI39=4,H65+H66+H67, 0) -> 0
A71: =Source!E43 -> 6 | B71: =Source!F43 -> 57-2-1 | C71: =Source!G43 -> Разборка покрытий полов из линолеума и релина | D71: =Source!H43 -> 100 м2 | E71: =Source!I43 -> 1.61 | F71: =Source!AL43+Source!AM43+Source!AO43 -> 92.9 | I71: =Source!BO43 | S71: =ROUND((Source!FX43/100)*((ROUND(Source!AF43*Source!I43, 2)+ROUND(Source!AE43*Source!I43, 2))), 2) -> 116.69 | T71: =Source!X43 -> 746.84 | U71: =ROUND((Source!FY43/100)*((ROUND(Source!AF43*Source!I43, 2)+ROUND(Source!AE43*Source!I43, 2))), 2) -> 99.18 | V71: =Source!Y43 -> 634.81
C72: ="Объем: "&Source!I43&"=(23,5+"&"23+"&"32+"&"24,1+"&"12,5+"&"45,9)/"&"100" -> Объем: 1,61=(23,5+23+32+24,1+12,5+45,9)/100
C73: Зарплата | F73: =Source!AO43 -> 88.84 | G73: =Source!DG43 | H73: =ROUND(Source!AF43*Source!I43, 2) -> 143.03 | J73: =IF(Source!BA43<> 0, Source!BA43, 1) -> 6.4 | K73: =Source!S43 -> 915.41 | R73: =H73 -> 143.03
C74: Эксплуатация машин | F74: =Source!AM43 -> 4.06 | G74: =Source!DE43 | H74: =ROUND(Source!AD43*Source!I43, 2) -> 6.54 | J74: =IF(Source!BB43<> 0, Source!BB43, 1) -> 6.4 | K74: =Source!Q43 -> 41.83
C75: в т.ч. зарплата машинистов | F75: =Source!AN43 -> 1.76 | G75: =Source!DF43 | H75: =ROUND(Source!AE43*Source!I43, 2) -> 2.83 | J75: =IF(Source!BS43<> 0, Source!BS43, 1) -> 6.4 | K75: =Source!R43 -> 18.14 | R75: =H75 -> 2.83
C76: НР от ФОТ | D76: % | E76: =Source!BZ43 -> 80 | H76: =SUM(S71:S79) -> 116.69 | J76: =Source!AT43 -> 80 | K76: =SUM(T71:T79) -> 746.84
C77: СП от ФОТ | D77: % | E77: =Source!CA43 -> 68 | H77: =SUM(U71:U79) -> 99.18 | J77: =Source!AU43 -> 68 | K77: =SUM(V71:V79) -> 634.81
C78: Затраты труда | D78: чел-ч | E78: =Source!AQ43 -> 11.39 | G78: =Source!DI43 | L78: =Source!U43 -> 18.3379
A79: =Source!E45 -> 6,1 | B79: =Source!F45 -> 01.7.07.07 | C79: =Source!G45 -> Строительный мусор | D79: =Source!H45 -> т | E79: =Source!I45 -> 0.7567 | F79: =Source!AL45+Source!AM45+Source!AO45 -> 0 | H79: =ROUND(Source!AC45*Source!I45, 2)+ROUND(Source!AD45*Source!I45, 2)+ROUND(Source!AF45*Source!I45, 2) -> 0 | J79: =IF(Source!BC45<> 0, Source!BC45, 1) -> 6.4 | K79: =Source!O45 -> 0 | S79: =ROUND((Source!FX45/100)*((ROUND(Source!AF45*Source!I45, 2)+ROUND(Source!AE45*Source!I45, 2))), 2) -> 0 | T79: =Source!X45 -> 0 | U79: =ROUND((Source!FY45/100)*((ROUND(Source!AF45*Source!I45, 2)+ROUND(Source!AE45*Source!I45, 2))), 2) -> 0 | V79: =Source!Y45 -> 0 | W79: =IF(Source!BI45<=1,H79, 0) -> 0 | X79: =IF(Source!BI45=2,H79, 0) -> 0 | Y79: =IF(Source!BI45=3,H79, 0) -> 0 | Z79: =IF(Source!BI45=4,H79, 0) -> 0
G80: =H73+H74+H76+H77+SUM(H79:H79) -> 365.44 | J80: =K73+K74+K76+K77+SUM(K79:K79) -> 2338.89 | L80: =Source!U43 -> 18.3379 | O80: =G80 -> 365.44 | P80: =J80 -> 2338.89 | Q80: =L80 -> 18.3379 | W80: =IF(Source!BI43<=1,H73+H74+H76+H77, 0) -> 365.44 | X80: =IF(Source!BI43=2,H73+H74+H76+H77, 0) -> 0 | Y80: =IF(Source!BI43=3,H73+H74+H76+H77, 0) -> 0 | Z80: =IF(Source!BI43=4,H73+H74+H76+H77, 0) -> 0
A81: =Source!E47 -> 7 | B81: =Source!F47 -> 57-3-2 | C81: =Source!G47 -> Разборка плинтусов цементных и из керамической плитки | D81: =Source!H47 -> 100 м | E81: =Source!I47 -> 0.54 | F81: =Source!AL47+Source!AM47+Source!AO47 -> 111.38 | I81: =Source!BO47 | S81: =ROUND((Source!FX47/100)*((ROUND(Source!AF47*Source!I47, 2)+ROUND(Source!AE47*Source!I47, 2))), 2) -> 48.12 | T81: =Source!X47 -> 307.94 | U81: =ROUND((Source!FY47/100)*((ROUND(Source!AF47*Source!I47, 2)+ROUND(Source!AE47*Source!I47, 2))), 2) -> 40.9 | V81: =Source!Y47 -> 261.75
C82: ="Объем: "&Source!I47&"=(17,9+"&"18,2+"&"17,9)/"&"100" -> Объем: 0,54=(17,9+18,2+17,9)/100
C83: Зарплата | F83: =Source!AO47 -> 111.38 | G83: =Source!DG47 | H83: =ROUND(Source!AF47*Source!I47, 2) -> 60.15 | J83: =IF(Source!BA47<> 0, Source!BA47, 1) -> 6.4 | K83: =Source!S47 -> 384.93 | R83: =H83 -> 60.15
C84: НР от ФОТ | D84: % | E84: =Source!BZ47 -> 80 | H84: =SUM(S81:S87) -> 48.12 | J84: =Source!AT47 -> 80 | K84: =SUM(T81:T87) -> 307.94
C85: СП от ФОТ | D85: % | E85: =Source!CA47 -> 68 | H85: =SUM(U81:U87) -> 40.9 | J85: =Source!AU47 -> 68 | K85: =SUM(V81:V87) -> 261.75
C86: Затраты труда | D86: чел-ч | E86: =Source!AQ47 -> 14.28 | G86: =Source!DI47 | L86: =Source!U47 -> 7.7112
A87: =Source!E49 -> 7,1 | B87: =Source!F49 -> 01.7.07.07 | C87: =Source!G49 -> Строительный мусор | D87: =Source!H49 -> т | E87: =Source!I49 -> 0.3348 | F87: =Source!AL49+Source!AM49+Source!AO49 -> 0 | H87: =ROUND(Source!AC49*Source!I49, 2)+ROUND(Source!AD49*Source!I49, 2)+ROUND(Source!AF49*Source!I49, 2) -> 0 | J87: =IF(Source!BC49<> 0, Source!BC49, 1) -> 6.4 | K87: =Source!O49 -> 0 | S87: =ROUND((Source!FX49/100)*((ROUND(Source!AF49*Source!I49, 2)+ROUND(Source!AE49*Source!I49, 2))), 2) -> 0 | T87: =Source!X49 -> 0 | U87: =ROUND((Source!FY49/100)*((ROUND(Source!AF49*Source!I49, 2)+ROUND(Source!AE49*Source!I49, 2))), 2) -> 0 | V87: =Source!Y49 -> 0 | W87: =IF(Source!BI49<=1,H87, 0) -> 0 | X87: =IF(Source!BI49=2,H87, 0) -> 0 | Y87: =IF(Source!BI49=3,H87, 0) -> 0 | Z87: =IF(Source!BI49=4,H87, 0) -> 0
G88: =H83+H84+H85+SUM(H87:H87) -> 149.17 | J88: =K83+K84+K85+SUM(K87:K87) -> 954.62 | L88: =Source!U47 -> 7.7112 | O88: =G88 -> 149.17 | P88: =J88 -> 954.62 | Q88: =L88 -> 7.7112 | W88: =IF(Source!BI47<=1,H83+H84+H85, 0) -> 149.17 | X88: =IF(Source!BI47=2,H83+H84+H85, 0) -> 0 | Y88: =IF(Source!BI47=3,H83+H84+H85, 0) -> 0 | Z88: =IF(Source!BI47=4,H83+H84+H85, 0) -> 0
A89: =Source!E51 -> 8 | B89: =Source!F51 -> 57-2-3 | C89: =Source!G51 -> Разборка покрытий полов из керамических плиток | D89: =Source!H51 -> 100 м2 | E89: =Source!I51 -> 0.704 | F89: =Source!AL51+Source!AM51+Source!AO51 -> 641 | I89: =Source!BO51 | S89: =ROUND((Source!FX51/100)*((ROUND(Source!AF51*Source!I51, 2)+ROUND(Source!AE51*Source!I51, 2))), 2) -> 346.62 | T89: =Source!X51 -> 2218.3 | U89: =ROUND((Source!FY51/100)*((ROUND(Source!AF51*Source!I51, 2)+ROUND(Source!AE51*Source!I51, 2))), 2) -> 294.62 | V89: =Source!Y51 -> 1885.56
C90: ="Объем: "&Source!I51&"=(23,4+"&"24+"&"23)/"&"100" -> Объем: 0,704=(23,4+24+23)/100
C91: Зарплата | F91: =Source!AO51 -> 595.99 | G91: =Source!DG51 | H91: =ROUND(Source!AF51*Source!I51, 2) -> 419.58 | J91: =IF(Source!BA51<> 0, Source!BA51, 1) -> 6.4 | K91: =Source!S51 -> 2685.29 | R91: =H91 -> 419.58
C92: Эксплуатация машин | F92: =Source!AM51 -> 45.01 | G92: =Source!DE51 | H92: =ROUND(Source!AD51*Source!I51, 2) -> 31.69 | J92: =IF(Source!BB51<> 0, Source!BB51, 1) -> 6.4 | K92: =Source!Q51 -> 202.8
C93: в т.ч. зарплата машинистов | F93: =Source!AN51 -> 19.44 | G93: =Source!DF51 | H93: =ROUND(Source!AE51*Source!I51, 2) -> 13.69 | J93: =IF(Source!BS51<> 0, Source!BS51, 1) -> 6.4 | K93: =Source!R51 -> 87.59 | R93: =H93 -> 13.69
C94: НР от ФОТ | D94: % | E94: =Source!BZ51 -> 80 | H94: =SUM(S89:S97) -> 346.62 | J94: =Source!AT51 -> 80 | K94: =SUM(T89:T97) -> 2218.3
C95: СП от ФОТ | D95: % | E95: =Source!CA51 -> 68 | H95: =SUM(U89:U97) -> 294.62 | J95: =Source!AU51 -> 68 | K95: =SUM(V89:V97) -> 1885.56
C96: Затраты труда | D96: чел-ч | E96: =Source!AQ51 -> 69.87 | G96: =Source!DI51 | L96: =Source!U51 -> 49.18848
A97: =Source!E53 -> 8,1 | B97: =Source!F53 -> 01.7.07.07 | C97: =Source!G53 -> Строительный мусор | D97: =Source!H53 -> т | E97: =Source!I53 -> 3.6608 | F97: =Source!AL53+Source!AM53+Source!AO53 -> 0 | H97: =ROUND(Source!AC53*Source!I53, 2)+ROUND(Source!AD53*Source!I53, 2)+ROUND(Source!AF53*Source!I53, 2) -> 0 | J97: =IF(Source!BC53<> 0, Source!BC53, 1) -> 6.4 | K97: =Source!O53 -> 0 | S97: =ROUND((Source!FX53/100)*((ROUND(Source!AF53*Source!I53, 2)+ROUND(Source!AE53*Source!I53, 2))), 2) -> 0 | T97: =Source!X53 -> 0 | U97: =ROUND((Source!FY53/100)*((ROUND(Source!AF53*Source!I53, 2)+ROUND(Source!AE53*Source!I53, 2))), 2) -> 0 | V97: =Source!Y53 -> 0 | W97: =IF(Source!BI53<=1,H97, 0) -> 0 | X97: =IF(Source!BI53=2,H97, 0) -> 0 | Y97: =IF(Source!BI53=3,H97, 0) -> 0 | Z97: =IF(Source!BI53=4,H97, 0) -> 0
G98: =H91+H92+H94+H95+SUM(H97:H97) -> 1092.51 | J98: =K91+K92+K94+K95+SUM(K97:K97) -> 6991.95 | L98: =Source!U51 -> 49.18848 | O98: =G98 -> 1092.51 | P98: =J98 -> 6991.95 | Q98: =L98 -> 49.18848 | W98: =IF(Source!BI51<=1,H91+H92+H94+H95, 0) -> 1092.51 | X98: =IF(Source!BI51=2,H91+H92+H94+H95, 0) -> 0 | Y98: =IF(Source!BI51=3,H91+H92+H94+H95, 0) -> 0 | Z98: =IF(Source!BI51=4,H91+H92+H94+H95, 0) -> 0
A99: =Source!E55 -> 9 | B99: =Source!F55 -> 11-01-011-01 | C99: =Source!G55 -> Демонтаж стяжек цементных толщиной 20 мм | D99: =Source!H55 -> 100 м2 | E99: =Source!I55 -> 2.314 | F99: =Source!AL55+Source!AM55+Source!AO55 -> 366.49 | I99: =Source!BO55 | S99: =ROUND((Source!FX55/100)*((ROUND(Source!AF55*Source!I55, 2)+ROUND(Source!AE55*Source!I55, 2))), 2) -> 678.03 | T99: =Source!X55 -> 4351.12 | U99: =ROUND((Source!FY55/100)*((ROUND(Source!AF55*Source!I55, 2)+ROUND(Source!AE55*Source!I55, 2))), 2) -> 390.46 | V99: =Source!Y55 -> 2508.76
C100: ="Объем: "&Source!I55&"=(23,5+"&"23+"&"23,4+"&"24+"&"32+"&"24,1+"&"45,9+"&"12,5+"&"23)/"&"100" -> Объем: 2,314=(23,5+23+23,4+24+32+24,1+45,9+12,5+23)/100
C101: Зарплата | F101: =Source!AO55 -> 313.71 | G101: =Source!DG55 -> )*0,8 | H101: =ROUND(Source!AF55*Source!I55, 2) -> 580.74 | J101: =IF(Source!BA55<> 0, Source!BA55, 1) -> 6.4 | K101: =Source!S55 -> 3716.74 | R101: =H101 -> 580.74
C102: Эксплуатация машин | F102: =Source!AM55 -> 44.24 | G102: =Source!DE55 -> )*0,8 | H102: =ROUND(Source!AD55*Source!I55, 2) -> 81.9 | J102: =IF(Source!BB55<> 0, Source!BB55, 1) -> 6.4 | K102: =Source!Q55 -> 524.14
C103: в т.ч. зарплата машинистов | F103: =Source!AN55 -> 17.15 | G103: =Source!DF55 -> )*0,8 | H103: =ROUND(Source!AE55*Source!I55, 2) -> 31.75 | J103: =IF(Source!BS55<> 0, Source!BS55, 1) -> 6.4 | K103: =Source!R55 -> 203.19 | R103: =H103 -> 31.75
C104: НР от ФОТ | D104: % | E104: =Source!BZ55 -> 123 | F104: =CONCATENATE(" )", Source!DL55, Source!FT55, "=", Source!FX55) -> )*0,9=110,7 | H104: =SUM(S99:S106) -> 678.03 | J104: =Source!AT55 -> 111 | K104: =SUM(T99:T106) -> 4351.12
C105: СП от ФОТ | D105: % | E105: =Source!CA55 -> 75 | F105: =CONCATENATE(" )", Source!DM55, Source!FU55, "=", Source!FY55) -> )*0,85=63,75 | H105: =SUM(U99:U106) -> 390.46 | J105: =Source!AU55 -> 64 | K105: =SUM(V99:V106) -> 2508.76
C106: Затраты труда | D106: чел-ч | E106: =Source!AQ55 -> 39.51 | G106: =Source!DI55 -> )*0,8 | L106: =Source!U55 -> 73.140912
G107: =H101+H102+H104+H105 -> 1731.13 | J107: =K101+K102+K104+K105 -> 11100.76 | L107: =Source!U55 -> 73.140912 | O107: =G107 -> 1731.13 | P107: =J107 -> 11100.76 | Q107: =L107 -> 73.140912 | W107: =IF(Source!BI55<=1,H101+H102+H104+H105, 0) -> 1731.13 | X107: =IF(Source!BI55=2,H101+H102+H104+H105, 0) -> 0 | Y107: =IF(Source!BI55=3,H101+H102+H104+H105, 0) -> 0 | Z107: =IF(Source!BI55=4,H101+H102+H104+H105, 0) -> 0
A108: =Source!E57 -> 10 | B108: =Source!F57 -> 46-02-009-02 | C108: =Source!G57 -> Отбивка штукатурки с поверхностей стен и потолков кирпичных | D108: =Source!H57 -> 100 м2 | E108: =Source!I57 -> 1.24 | F108: =Source!AL57+Source!AM57+Source!AO57 -> 178 | I108: =Source!BO57 | S108: =ROUND((Source!FX57/100)*((ROUND(Source!AF57*Source!I57, 2)+ROUND(Source!AE57*Source!I57, 2))), 2) -> 218.51 | T108: =Source!X57 -> 1398.48 | U108: =ROUND((Source!FY57/100)*((ROUND(Source!AF57*Source!I57, 2)+ROUND(Source!AE57*Source!I57, 2))), 2) -> 131.33 | V108: =Source!Y57 -> 847.57
C109: ="Объем: "&Source!I57&"=(62,8+"&"61,2)/"&"100" -> Объем: 1,24=(62,8+61,2)/100
...

Sheet Source
A1: 0 | B1: Smeta.RU (495) 974-1589 | D1: _PS_ | F1: 0 | G1: 0 | H1: 0 | I1: Smeta.RU | J1: НИЯУ МИФИ Доп. раб. место MCCS-0016187 | K1: 0 | L1: 16187 | M1: 10
A12: 1 | B12: 409 | C12: 0 | D12: =ROW(A348) -> 348 | E12: 0 | F12: Новый объект | G12: На ремонт помещений 2-го этажа №№2,3,4,5,6,12,13,14 и 4-го этажа, лабораторного корпуса Р-17 по адресу: г. Москва, Каширское шоссе, д. 31, стр. 12 | I12: 0 | K12: 0 | O12: 0 | P12: 0 | Q12: 0 | R12: 0 | S12: 0 | V12: 0 | BH12: Сметные нормы списания | BI12: Коды ценников | BJ12: 1 | BK12: 1 | BL12: 0 | BM12: 0 | BN12: 1 | BO12: 0 | BP12: 6 | BQ12: 2 | BR12: 1 | BS12: 1 | BT12: 0 | BU12: 0 | BV12: 1 | BW12: 0 | BX12: 0 | BY12: ФЕР-2017 | BZ12: ТР для Версии 10: Центральные регионы (с учетом п-ма 2536-ИП/12/ГС от 22.03.2017 г | CA12: ФЕР-2017 | CB12: ФЕР-2017 | CC12: ФЕР-2017 | CD12: ФЕР-2017 | CE12: Поправки для ГСН 2017 от 31.03.2017 г | CF12: 0 | CG12: 0 | CH12: 524288 | CK12: 0 | EC12: 0
A15: 15 | B15: 1
A18: 52 | B18: =B348 -> 409 | C18: =C348 -> 1 | D18: =D348 -> 12 | E18: =E348 -> 0 | F18: =F348 -> Новый объект | G18: =G348 -> На ремонт помещений 2-го этажа №№2,3,4,5,6,12,13,14 и 4-го этажа, лабораторного корпуса Р-17 по адресу: г. Москва, Каширское шоссе, д. 31, стр. 12 | O18: =O348 -> 219542.96 | P18: =P348 -> 190935.12 | Q18: =Q348 -> 2003.83 | R18: =R348 -> 399.66 | S18: =S348 -> 26604.01 | T18: =T348 -> 0 | U18: =U348 -> 2926.5481 | V18: =V348 -> 33.403963 | ... GX18: =GX348 -> 0
A20: 3 | B20: 1 | D20: =ROW(A316) -> 316 | F20: Новая локальная смета | G20: Новая локальная смета | I20: 0 | K20: 0 | V20: 0 | BX20: 0 | CF20: 0 | CG20: 0
A22: 52 | B22: =B316 -> 1 | C22: =C316 -> 3 | D22: =D316 -> 20 | E22: =E316 -> 0 | F22: =F316 -> Новая локальная смета | G22: =G316 -> Новая локальная смета | O22: =O316 -> 219542.96 | P22: =P316 -> 190935.12 | Q22: =Q316 -> 2003.83 | R22: =R316 -> 399.66 | S22: =S316 -> 26604.01 | T22: =T316 -> 0 | U22: =U316 -> 2926.5481 | V22: =V316 -> 33.403963 | ... GX22: =GX316 -> 0
A24: 4 | B24: 1 | D24: =ROW(A187) -> 187 | F24: Новый раздел | G24: Общестроительные работы | I24: 0 | K24: 0 | V24: 0 | BX24: 0 | CJ24: 0
A26: 52 | B26: =B187 -> 1 | C26: =C187 -> 4 | D26: =D187 -> 24 | E26: =E187 -> 0 | F26: =F187 -> Новый раздел | G26: =G187 -> Общестроительные работы | O26: =O187 -> 206823.48 | P26: =P187 -> 183355.79 | Q26: =Q187 -> 1814.52 | R26: =R187 -> 376.96 | S26: =S187 -> 21653.17 | T26: =T187 -> 0 | U26: =U187 -> 2461.847 | V26: =V187 -> 31.609863 | ... GX26: =GX187 -> 0
A28: 17 | B28: 1 | C28: =ROW(SmtRes!A3) -> 3 | D28: =ROW(EtalonRes!A3) -> 3 | E28: 1 | F28: 46-04-012-03 | G28: Разборка деревянных заполнений проемов дверных и воротных | H28: 100 м2 | I28: =ROUND((10.35+5.72)/100,9) -> 0.1607 | J28: 0 | O28: =ROUND(CP28,2) -> 173.97 | P28: =ROUND(CQ28*I28,2) -> 0 | Q28: =ROUND(CR28*I28,2) -> 38.88 | R28: =ROUND(CS28*I28,2) -> 16.79 | S28: =ROUND(CT28*I28,2) -> 135.09 | T28: =ROUND(CU28*I28,2) -> 0 | U28: =CV28*I28 -> 16.698337 | V28: =CW28*I28 -> 1.243818 | W28: =ROUND(CX28*I28,2) -> 0 | X28: =ROUND(CY28,2) -> 150.36 | Y28: =ROUND(CZ28,2) -> 91.13 | AA28: 26834263 | AB28: =ROUND((AC28+AD28+AF28),6) -> 1082.58 | AC28: =ROUND((ES28),6) -> 0 | AD28: =ROUND((((ET28)-(EU28))+AE28),6) -> 241.95 | AE28: =ROUND((EU28),6) -> 104.49 | AF28: =ROUND((EV28),6) -> 840.63 | AG28: =ROUND((AP28),6) -> 0 | AH28: =(EW28) -> 103.91 | AI28: =(EX28) -> 7.74 | AJ28: =ROUND((AS28),6) -> 0 | AK28: 1082.58 | AL28: 0 | AM28: 241.95 | AN28: 104.49 | AO28: 840.63 | AP28: 0 | AQ28: 103.91 | AR28: 7.74 | AS28: 0 | AT28: 99 | AU28: 60 | AV28: 1 | AW28: 1 | AZ28: 1 | BA28: 1 | BB28: 1 | BC28: 1 | BH28: 0 | BI28: 1 | BJ28: ФЕР-2001, 46-04-012-03, приказ Минстроя России №1039/пр от 30.12.2016г. | BM28: 46001 | BN28: 0 | BP28: 0 | BQ28: 2 | BR28: 0 | BS28: 1 | BT28: 1 | BU28: 1 | BV28: 1 | BW28: 1 | BX28: 1 | BZ28: 110 | CA28: 70 | CF28: 0 | CG28: 0 | CM28: 0 | CO28: 0 | CP28: =(P28+Q28+S28) -> 173.97 | CQ28: =AC28*BC28 -> 0 | CR28: =AD28*BB28 -> 241.95 | CS28: =AE28*BS28 -> 104.49 | CT28: =AF28*BA28 -> 840.63 | CU28: =AG28 -> 0 | CV28: =AH28 -> 103.91 | CW28: =AI28 -> 7.74 | CX28: =AJ28 -> 0 | CY28: =(((S28+R28)*AT28)/100) -> 150.3612 | CZ28: =(((S28+R28)*AU28)/100) -> 91.128 | DN28: 0 | DO28: 0 | DP28: 1 | DQ28: 1 | DU28: 1005 | DV28: 100 м2 | DW28: 100 м2 | DX28: 100 | EE28: 26549128 | EF28: 2 | EG28: Общестроительные работы | EH28: 0 | EJ28: 1 | EK28: 46001 | EL28: Реконструкция зданий и сооружений | EM28: ФЕР-46 | EQ28: 0 | ER28: 1082.58 | ES28: 0 | ET28: 241.95 | EU28: 104.49 | EV28: 840.63 | EW28: 103.91 | EX28: 7.74 | EY28: 0 | FQ28: 0 | FR28: =ROUND(IF(AND(BH28=3,BI28=3),P28,0),2) -> 0 | FS28: 0 | FT28: *0,9 | FU28: *0,85 | FX28: 99 | FY28: 59.5 | GD28: 0 | GF28: 309229644 | GG28: 2 | GH28: 1 | GI28: -2 | GJ28: 0 | GK28: =ROUND(R28*(R12)/100,2) -> 0 | GL28: =ROUND(IF(AND(BH28=3,BI28=3,FS28<>0),P28,0),2) -> 0 | GM28: =ROUND(O28+X28+Y28+GK28,2)+GX28 -> 415.46 | GN28: =IF(OR(BI28=0,BI28=1),ROUND(O28+X28+Y28+GK28,2),0) -> 415.46 | GO28: =IF(BI28=2,ROUND(O28+X28+Y28+GK28,2),0) -> 0 | GP28: =IF(BI28=4,ROUND(O28+X28+Y28+GK28,2)+GX28,0) -> 0 | GR28: 0 | GS28: 3 | GT28: 0 | GV28: =ROUND(GT28,6) -> 0 | GW28: 1 | GX28: =ROUND(GV28*GW28*I28,2) -> 0 | HA28: 0 | HB28: 0 | IK28: 0
A29: 17 | B29: 1 | C29: =ROW(SmtRes!A6) -> 6 | D29: =ROW(EtalonRes!A6) -> 6 | E29: 1 | F29: 46-04-012-03 | G29: Разборка деревянных заполнений проемов дверных и воротных | H29: 100 м2 | I29: =ROUND((10.35+5.72)/100,9) -> 0.1607 | J29: 0 | O29: =ROUND(CP29,2) -> 1113.41 | P29: =ROUND(CQ29*I29,2) -> 0 | Q29: =ROUND(CR29*I29,2) -> 248.84 | R29: =ROUND(CS29*I29,2) -> 107.47 | S29: =ROUND(CT29*I29,2) -> 864.57 | T29: =ROUND(CU29*I29,2) -> 0 | U29: =CV29*I29 -> 16.698337 | V29: =CW29*I29 -> 1.243818 | W29: =ROUND(CX29*I29,2) -> 0 | X29: =ROUND(CY29,2) -> 962.32 | Y29: =ROUND(CZ29,2) -> 583.22 | AA29: 26834277 | AB29: =ROUND((AC29+AD29+AF29),6) -> 1082.58 | AC29: =ROUND((ES29),6) -> 0 | AD29: =ROUND((((ET29)-(EU29))+AE29),6) -> 241.95 | AE29: =ROUND((EU29),6) -> 104.49 | AF29: =ROUND((EV29),6) -> 840.63 | AG29: =ROUND((AP29),6) -> 0 | AH29: =(EW29) -> 103.91 | AI29: =(EX29) -> 7.74 | AJ29: =ROUND((AS29),6) -> 0 | AK29: 1082.58 | AL29: 0 | AM29: 241.95 | AN29: 104.49 | AO29: 840.63 | AP29: 0 | AQ29: 103.91 | AR29: 7.74 | AS29: 0 | AT29: 99 | AU29: 60 | AV29: 1 | AW29: 1 | AZ29: 6.4 | BA29: 6.4 | BB29: 6.4 | BC29: 6.4 | BH29: 0 | BI29: 1 | BJ29: ФЕР-2001, 46-04-012-03, приказ Минстроя России №1039/пр от 30.12.2016г. | BM29: 46001 | BN29: 0 | BP29: 0 | BQ29: 2 | BR29: 0 | BS29: 6.4 | BT29: 1 | BU29: 1 | BV29: 1 | BW29: 1 | BX29: 1 | BZ29: 110 | CA29: 70 | CF29: 0 | CG29: 0 | CM29: 0 | CO29: 0 | CP29: =(P29+Q29+S29) -> 1113.41 | CQ29: =AC29*BC29 -> 0 | CR29: =AD29*BB29 -> 1548.48 | CS29: =AE29*BS29 -> 668.736 | CT29: =AF29*BA29 -> 5380.032 | CU29: =AG29 -> 0 | CV29: =AH29 -> 103.91 | CW29: =AI29 -> 7.74 | CX29: =AJ29 -> 0 | CY29: =(((S29+R29)*AT29)/100) -> 962.3196 | CZ29: =(((S29+R29)*AU29)/100) -> 583.224 | DN29: 0 | DO29: 0 | DP29: 1 | DQ29: 1 | DU29: 1005 | DV29: 100 м2 | DW29: 100 м2 | DX29: 100 | EE29: 26549128 | EF29: 2 | EG29: Общестроительные работы | EH29: 0 | EJ29: 1 | EK29: 46001 | EL29: Реконструкция зданий и сооружений | EM29: ФЕР-46 | EQ29: 0 | ER29: 1082.58 | ES29: 0 | ET29: 241.95 | EU29: 104.49 | EV29: 840.63 | EW29: 103.91 | EX29: 7.74 | EY29: 0 | FQ29: 0 | FR29: =ROUND(IF(AND(BH29=3,BI29=3),P29,0),2) -> 0 | FS29: 0 | FT29: *0,9 | FU29: *0,85 | FX29: 99 | FY29: 59.5 | GD29: 0 | GF29: 309229644 | GG29: 1 | GH29: 1 | GI29: 4 | GJ29: 0 | GK29: =ROUND(R29*(S12)/100,2) -> 0 | GL29: =ROUND(IF(AND(BH29=3,BI29=3,FS29<>0),P29,0),2) -> 0 | GM29: =ROUND(O29+X29+Y29+GK29,2)+GX29 -> 2658.95 | GN29: =IF(OR(BI29=0,BI29=1),ROUND(O29+X29+Y29+GK29,2),0) -> 2658.95 | GO29: =IF(BI29=2,ROUND(O29+X29+Y29+GK29,2),0) -> 0 | GP29: =IF(BI29=4,ROUND(O29+X29+Y29+GK29,2)+GX29,0) -> 0 | GR29: 0 | GS29: 3 | GT29: 0 | GV29: =ROUND(GT29,6) -> 0 | GW29: 1 | GX29: =ROUND(GV29*GW29*I29,2) -> 0 | HA29: 0 | HB29: 0 | IK29: 0
A30: 17 | B30: 1 | C30: =ROW(SmtRes!A13) -> 13 | D30: =ROW(EtalonRes!A15) -> 15 | E30: 2 | F30: 09-04-012-01 | G30: Демонтаж металлических дверных блоков в готовые проемы | H30: м2 | I30: =ROUND(6.9+4.14,9) -> 11.04 | J30: 0 | O30: =ROUND(CP30,2) -> 295.36 | P30: =ROUND(CQ30*I30,2) -> 0 | Q30: =ROUND(CR30*I30,2) -> 111.36 | R30: =ROUND(CS30*I30,2) -> 15.22 | S30: =ROUND(CT30*I30,2) -> 184 | T30: =ROUND(CU30*I30,2) -> 0 | U30: =CV30*I30 -> 18.5472 | V30: =CW30*I30 -> 1.31376 | W30: =ROUND(CX30*I30,2) -> 0 | X30: =ROUND(CY30,2) -> 161.37 | Y30: =ROUND(CZ30,2) -> 143.44 | AA30: 26834263 | AB30: =ROUND((AC30+AD30+AF30),6) -> 26.754 | AC30: =ROUND(((ES30*0)),6) -> 0 | AD30: =ROUND(((((ET30*0.7))-((EU30*0.7)))+AE30),6) -> 10.087 | AE30: =ROUND(((EU30*0.7)),6) -> 1.379 | AF30: =ROUND(((EV30*0.7)),6) -> 16.667 | AG30: =ROUND((AP30),6) -> 0 | AH30: =((EW30*0.7)) -> 1.68 | AI30: =((EX30*0.7)) -> 0.119 | AJ30: =ROUND((AS30),6) -> 0 | AK30: 63.94 | AL30: 25.72 | AM30: 14.41 | AN30: 1.97 | AO30: 23.81 | AP30: 0 | AQ30: 2.4 | AR30: 0.17 | AS30: 0 | AT30: 81 | AU30: 72 | AV30: 1 | AW30: 1 | AZ30: 1 | BA30: 1 | BB30: 1 | BC30: 1 | BH30: 0 | BI30: 1 | BJ30: ФЕР-2001, 09-04-012-01, приказ Минстроя России №1039/пр от 30.12.2016г. | BM30: 9001 | BN30: 0 | BP30: 0 | BQ30: 2 | BR30: 0 | BS30: 1 | BT30: 1 | BU30: 1 | BV30: 1 | BW30: 1 | BX30: 1 | BZ30: 90 | CA30: 85 | CF30: 0 | CG30: 0 | CM30: 0 | CN30: Поправка: МДС 81-36.2004, п.3.3.1.д Наименование: При демонтаже металлических конструкций | CO30: 0 | CP30: =(P30+Q30+S30) -> 295.36 | CQ30: =AC30*BC30 -> 0 | CR30: =AD30*BB30 -> 10.087 | CS30: =AE30*BS30 -> 1.379 | CT30: =AF30*BA30 -> 16.667 | CU30: =AG30 -> 0 | CV30: =AH30 -> 1.68 | CW30: =AI30 -> 0.119 | CX30: =AJ30 -> 0 | CY30: =(((S30+R30)*AT30)/100) -> 161.3682 | CZ30: =(((S30+R30)*AU30)/100) -> 143.4384 | DD30: )*0 | DE30: )*0,7 | DF30: )*0,7 | DG30: )*0,7 | DI30: )*0,7 | DJ30: )*0,7 | DN30: 0 | DO30: 0 | DP30: 1 | DQ30: 1 | DU30: 1005 | DV30: м2 | DW30: м2 | DX30: 1 | EE30: 26549059 | EF30: 2 | EG30: Общестроительные работы | EH30: 0 | EJ30: 1 | EK30: 9001 | EL30: Металлические конструкции | EM30: ФЕР-09 | EO30: Поправка: МДС 81-36.2004, п.3.3.1.д | EQ30: 0 | ER30: 63.94 | ES30: 25.72 | ET30: 14.41 | EU30: 1.97 | EV30: 23.81 | EW30: 2.4 | EX30: 0.17 | EY30: 0 | FQ30: 0 | FR30: =ROUND(IF(AND(BH30=3,BI30=3),P30,0),2) -> 0 | FS30: 0 | FT30: *0,9 | FU30: *0,85 | FX30: 81 | FY30: 72.25 | GD30: 0 | GF30: 574798821 | GG30: 2 | GH30: 1 | GI30: -2 | GJ30: 0 | GK30: =ROUND(R30*(R12)/100,2) -> 0 | GL30: =ROUND(IF(AND(BH30=3,BI30=3,FS30<>0),P30,0),2) -> 0 | GM30: =ROUND(O30+X30+Y30+GK30,2)+GX30 -> 600.17 | GN30: =IF(OR(BI30=0,BI30=1),ROUND(O30+X30+Y30+GK30,2),0) -> 600.17 | GO30: =IF(BI30=2,ROUND(O30+X30+Y30+GK30,2),0) -> 0 | GP30: =IF(BI30=4,ROUND(O30+X30+Y30+GK30,2)+GX30,0) -> 0 | GR30: 0 | GS30: 3 | GT30: 0 | GV30: =ROUND(GT30,6) -> 0 | GW30: 1 | GX30: =ROUND(GV30*GW30*I30,2) -> 0 | HA30: 0 | HB30: 0 | IK30: 0
A31: 17 | B31: 1 | C31: =ROW(SmtRes!A20) -> 20 | D31: =ROW(EtalonRes!A24) -> 24 | E31: 2 | F31: 09-04-012-01 | G31: Демонтаж металлических дверных блоков в готовые проемы | H31: м2 | I31: =ROUND(6.9+4.14,9) -> 11.04 | J31: 0 | O31: =ROUND(CP31,2) -> 1890.33 | P31: =ROUND(CQ31*I31,2) -> 0 | Q31: =ROUND(CR31*I31,2) -> 712.71 | R31: =ROUND(CS31*I31,2) -> 97.43 | S31: =ROUND(CT31*I31,2) -> 1177.62 | T31: =ROUND(CU31*I31,2) -> 0 | U31: =CV31*I31 -> 18.5472 | V31: =CW31*I31 -> 1.31376 | W31: =ROUND(CX31*I31,2) -> 0 | X31: =ROUND(CY31,2) -> 1032.79 | Y31: =ROUND(CZ31,2) -> 918.04 | AA31: 26834277 | AB31: =ROUND((AC31+AD31+AF31),6) -> 26.754 | AC31: =ROUND(((ES31*0)),6) -> 0 | AD31: =ROUND(((((ET31*0.7))-((EU31*0.7)))+AE31),6) -> 10.087 | AE31: =ROUND(((EU31*0.7)),6) -> 1.379 | AF31: =ROUND(((EV31*0.7)),6) -> 16.667 | AG31: =ROUND((AP31),6) -> 0 | AH31: =((EW31*0.7)) -> 1.68 | AI31: =((EX31*0.7)) -> 0.119 | AJ31: =ROUND((AS31),6) -> 0 | AK31: 63.94 | AL31: 25.72 | AM31: 14.41 | AN31: 1.97 | AO31: 23.81 | AP31: 0 | AQ31: 2.4 | AR31: 0.17 | AS31: 0 | AT31: 81 | AU31: 72 | AV31: 1 | AW31: 1 | AZ31: 6.4 | BA31: 6.4 | BB31: 6.4 | BC31: 6.4 | BH31: 0 | BI31: 1 | BJ31: ФЕР-2001, 09-04-012-01, приказ Минстроя России №1039/пр от 30.12.2016г. | BM31: 9001 | BN31: 0 | BP31: 0 | BQ31: 2 | BR31: 0 | BS31: 6.4 | BT31: 1 | BU31: 1 | BV31: 1 | BW31: 1 | BX31: 1 | BZ31: 90 | CA31: 85 | CF31: 0 | CG31: 0 | CM31: 0 | CN31: Поправка: МДС 81-36.2004, п.3.3.1.д Наименование: При демонтаже металлических конструкций | CO31: 0 | CP31: =(P31+Q31+S31) -> 1890.33 | CQ31: =AC31*BC31 -> 0 | CR31: =AD31*BB31 -> 64.5568 | CS31: =AE31*BS31 -> 8.8256 | CT31: =AF31*BA31 -> 106.6688 | CU31: =AG31 -> 0 | CV31: =AH31 -> 1.68 | CW31: =AI31 -> 0.119 | CX31: =AJ31 -> 0 | CY31: =(((S31+R31)*AT31)/100) -> 1032.7905 | CZ31: =(((S31+R31)*AU31)/100) -> 918.036 | DD31: )*0 | DE31: )*0,7 | DF31: )*0,7 | DG31: )*0,7 | DI31: )*0,7 | DJ31: )*0,7 | DN31: 0 | DO31: 0 | DP31: 1 | DQ31: 1 | DU31: 1005 | DV31: м2 | DW31: м2 | DX31: 1 | EE31: 26549059 | EF31: 2 | EG31: Общестроительные работы | EH31: 0 | EJ31: 1 | EK31: 9001 | EL31: Металлические конструкции | EM31: ФЕР-09 | EO31: Поправка: МДС 81-36.2004, п.3.3.1.д | EQ31: 0 | ER31: 63.94 | ES31: 25.72 | ET31: 14.41 | EU31: 1.97 | EV31: 23.81 | EW31: 2.4 | EX31: 0.17 | EY31: 0 | FQ31: 0 | FR31: =ROUND(IF(AND(BH31=3,BI31=3),P31,0),2) -> 0 | FS31: 0 | FT31: *0,9 | FU31: *0,85 | FX31: 81 | FY31: 72.25 | GD31: 0 | GF31: 574798821 | GG31: 1 | GH31: 1 | GI31: 4 | GJ31: 0 | GK31: =ROUND(R31*(S12)/100,2) -> 0 | GL31: =ROUND(IF(AND(BH31=3,BI31=3,FS31<>0),P31,0),2) -> 0 | GM31: =ROUND(O31+X31+Y31+GK31,2)+GX31 -> 3841.16 | GN31: =IF(OR(BI31=0,BI31=1),ROUND(O31+X31+Y31+GK31,2),0) -> 3841.16 | GO31: =IF(BI31=2,ROUND(O31+X31+Y31+GK31,2),0) -> 0 | GP31: =IF(BI31=4,ROUND(O31+X31+Y31+GK31,2)+GX31,0) -> 0 | GR31: 0 | GS31: 3 | GT31: 0 | GV31: =ROUND(GT31,6) -> 0 | GW31: 1 | GX31: =ROUND(GV31*GW31*I31,2) -> 0 | HA31: 0 | HB31: 0 | IK31: 0
A32: 17 | B32: 1 | C32: =ROW(SmtRes!A42) -> 42 | D32: =ROW(EtalonRes!A47) -> 47 | E32: 3 | F32: 09-03-039-05 | G32: Демонтаж опорных конструкций | H32: т | I32: =ROUND(418.5/1000,9) -> 0.4185 | J32: 0 | O32: =ROUND(CP32,2) -> 122.44 | P32: =ROUND(CQ32*I32,2) -> 0 | Q32: =ROUND(CR32*I32,2) -> 69.07 | R32: =ROUND(CS32*I32,2) -> 5.76 | S32: =ROUND(CT32*I32,2) -> 53.37 | T32: =ROUND(CU32*I32,2) -> 0 | U32: =CV32*I32 -> 5.677371 | V32: =CW32*I32 -> 0.4306365 | W32: =ROUND(CX32*I32,2) -> 0 | X32: =ROUND(CY32,2) -> 47.9 | Y32: =ROUND(CZ32,2) -> 42.57 | AA32: 26834263 | AB32: =ROUND((AC32+AD32+AF32),6) -> 292.572 | AC32: =ROUND(((ES32*0)),6) -> 0 | AD32: =ROUND(((((ET32*0.7))-((EU32*0.7)))+AE32),6) -> 165.053 | AE32: =ROUND(((EU32*0.7)),6) -> 13.769 | AF32: =ROUND(((EV32*0.7)),6) -> 127.519 | AG32: =ROUND((AP32),6) -> 0 | AH32: =((EW32*0.7)) -> 13.566 | AI32: =((EX32*0.7)) -> 1.029 | AJ32: =ROUND((AS32),6) -> 0 | AK32: 868.38 | AL32: 450.42 | AM32: 235.79 | AN32: 19.67 | AO32: 182.17 | AP32: 0 | AQ32: 19.38 | AR32: 1.47 | AS32: 0 | AT32: 81 | AU32: 72 | AV32: 1 | AW32: 1 | AZ32: 1 | BA32: 1 | BB32: 1 | BC32: 1 | BH32: 0 | BI32: 1 | BJ32: ФЕР-2001, 09-03-039-05, приказ Минстроя России №1039/пр от 30.12.2016г. | BM32: 9001 | BN32: 0 | BP32: 0 | BQ32: 2 | BR32: 0 | BS32: 1 | BT32: 1 | BU32: 1 | BV32: 1 | BW32: 1 | BX32: 1 | BZ32: 90 | CA32: 85 | CF32: 0 | CG32: 0 | CM32: 0 | CN32: Поправка: МДС 81-36.2004, п.3.3.1.д Наименование: При демонтаже металлических конструкций | CO32: 0 | CP32: =(P32+Q32+S32) -> 122.44 | CQ32: =AC32*BC32 -> 0 | CR32: =AD32*BB32 -> 165.053 | CS32: =AE32*BS32 -> 13.769 | CT32: =AF32*BA32 -> 127.519 | CU32: =AG32 -> 0 | CV32: =AH32 -> 13.566 | CW32: =AI32 -> 1.029 | CX32: =AJ32 -> 0 | CY32: =(((S32+R32)*AT32)/100) -> 47.8953 | CZ32: =(((S32+R32)*AU32)/100) -> 42.5736 | DD32: )*0 | DE32: )*0,7 | DF32: )*0,7 | DG32: )*0,7 | DI32: )*0,7 | DJ32: )*0,7 | DN32: 0 | DO32: 0 | DP32: 1 | DQ32: 1 | DU32: 1009 | DV32: т | DW32: т | DX32: 1000 | EE32: 26549059 | EF32: 2 | EG32: Общестроительные работы | EH32: 0 | EJ32: 1 | EK32: 9001 | EL32: Металлические конструкции | EM32: ФЕР-09 | EO32: Поправка: МДС 81-36.2004, п.3.3.1.д | EQ32: 0 | ER32: 868.38 | ES32: 450.42 | ET32: 235.79 | EU32: 19.67 | EV32: 182.17 | EW32: 19.38 | EX32: 1.47 | EY32: 0 | FQ32: 0 | FR32: =ROUND(IF(AND(BH32=3,BI32=3),P32,0),2) -> 0 | FS32: 0 | FT32: *0,9 | FU32: *0,85 | FX32: 81 | FY32: 72.25 | GD32: 0 | GF32: 173067509 | GG32: 2 | GH32: 1 | GI32: -2 | GJ32: 0 | GK32: =ROUND(R32*(R12)/100,2) -> 0 | GL32: =ROUND(IF(AND(BH32=3,BI32=3,FS32<>0),P32,0),2) -> 0 | GM32: =ROUND(O32+X32+Y32+GK32,2)+GX32 -> 212.91 | GN32: =IF(OR(BI32=0,BI32=1),ROUND(O32+X32+Y32+GK32,2),0) -> 212.91 | GO32: =IF(BI32=2,ROUND(O32+X32+Y32+GK32,2),0) -> 0 | GP32: =IF(BI32=4,ROUND(O32+X32+Y32+GK32,2)+GX32,0) -> 0 | GR32: 0 | GS32: 3 | GT32: 0 | GV32: =ROUND(GT32,6) -> 0 | GW32: 1 | GX32: =ROUND(GV32*GW32*I32,2) -> 0 | HA32: 0 | HB32: 0 | IK32: 0
A33: 17 | B33: 1 | C33: =ROW(SmtRes!A64) -> 64 | D33: =ROW(EtalonRes!A70) -> 70 | E33: 3 | F33: 09-03-039-05 | G33: Демонтаж опорных конструкций | H33: т | I33: =ROUND(418.5/1000,9) -> 0.4185 | J33: 0 | O33: =ROUND(CP33,2) -> 783.63 | P33: =ROUND(CQ33*I33,2) -> 0 | Q33: =ROUND(CR33*I33,2) -> 442.08 | R33: =ROUND(CS33*I33,2) -> 36.88 | S33: =ROUND(CT33*I33,2) -> 341.55 | T33: =ROUND(CU33*I33,2) -> 0 | U33: =CV33*I33 -> 5.677371 | V33: =CW33*I33 -> 0.4306365 | W33: =ROUND(CX33*I33,2) -> 0 | X33: =ROUND(CY33,2) -> 306.53 | Y33: =ROUND(CZ33,2) -> 272.47 | AA33: 26834277 | AB33: =ROUND((AC33+AD33+AF33),6) -> 292.572 | AC33: =ROUND(((ES33*0)),6) -> 0 | AD33: =ROUND(((((ET33*0.7))-((EU33*0.7)))+AE33),6) -> 165.053 | AE33: =ROUND(((EU33*0.7)),6) -> 13.769 | AF33: =ROUND(((EV33*0.7)),6) -> 127.519 | AG33: =ROUND((AP33),6) -> 0 | AH33: =((EW33*0.7)) -> 13.566 | AI33: =((EX33*0.7)) -> 1.029 | AJ33: =ROUND((AS33),6) -> 0 | AK33: 868.38 | AL33: 450.42 | AM33: 235.79 | AN33: 19.67 | AO33: 182.17 | AP33: 0 | AQ33: 19.38 | AR33: 1.47 | AS33: 0 | AT33: 81 | AU33: 72 | AV33: 1 | AW33: 1 | AZ33: 6.4 | BA33: 6.4 | BB33: 6.4 | BC33: 6.4 | BH33: 0 | BI33: 1 | BJ33: ФЕР-2001, 09-03-039-05, приказ Минстроя России №1039/пр от 30.12.2016г. | BM33: 9001 | BN33: 0 | BP33: 0 | BQ33: 2 | BR33: 0 | BS33: 6.4 | BT33: 1 | BU33: 1 | BV33: 1 | BW33: 1 | BX33: 1 | BZ33: 90 | CA33: 85 | CF33: 0 | CG33: 0 | CM33: 0 | CN33: Поправка: МДС 81-36.2004, п.3.3.1.д Наименование: При демонтаже металлических конструкций | CO33: 0 | CP33: =(P33+Q33+S33) -> 783.63 | CQ33: =AC33*BC33 -> 0 | CR33: =AD33*BB33 -> 1056.3392 | CS33: =AE33*BS33 -> 88.1216 | CT33: =AF33*BA33 -> 816.1216 | CU33: =AG33 -> 0 | CV33: =AH33 -> 13.566 | CW33: =AI33 -> 1.029 | CX33: =AJ33 -> 0 | CY33: =(((S33+R33)*AT33)/100) -> 306.5283 | CZ33: =(((S33+R33)*AU33)/100) -> 272.4696 | DD33: )*0 | DE33: )*0,7 | DF33: )*0,7 | DG33: )*0,7 | DI33: )*0,7 | DJ33: )*0,7 | DN33: 0 | DO33: 0 | DP33: 1 | DQ33: 1 | DU33: 1009 | DV33: т | DW33: т | DX33: 1000 | EE33: 26549059 | EF33: 2 | EG33: Общестроительные работы | EH33: 0 | EJ33: 1 | EK33: 9001 | EL33: Металлические конструкции | EM33: ФЕР-09 | EO33: Поправка: МДС 81-36.2004, п.3.3.1.д | EQ33: 0 | ER33: 868.38 | ES33: 450.42 | ET33: 235.79 | EU33: 19.67 | EV33: 182.17 | EW33: 19.38 | EX33: 1.47 | EY33: 0 | FQ33: 0 | FR33: =ROUND(IF(AND(BH33=3,BI33=3),P33,0),2) -> 0 | FS33: 0 | FT33: *0,9 | FU33: *0,85 | FX33: 81 | FY33: 72.25 | GD33: 0 | GF33: 173067509 | GG33: 1 | GH33: 1 | GI33: 4 | GJ33: 0 | GK33: =ROUND(R33*(S12)/100,2) -> 0 | GL33: =ROUND(IF(AND(BH33=3,BI33=3,FS33<>0),P33,0),2) -> 0 | GM33: =ROUND(O33+X33+Y33+GK33,2)+GX33 -> 1362.63 | GN33: =IF(OR(BI33=0,BI33=1),ROUND(O33+X33+Y33+GK33,2),0) -> 1362.63 | GO33: =IF(BI33=2,ROUND(O33+X33+Y33+GK33,2),0) -> 0 | GP33: =IF(BI33=4,ROUND(O33+X33+Y33+GK33,2)+GX33,0) -> 0 | GR33: 0 | GS33: 3 | GT33: 0 | GV33: =ROUND(GT33,6) -> 0 | GW33: 1 | GX33: =ROUND(GV33*GW33*I33,2) -> 0 | HA33: 0 | HB33: 0 | IK33: 0
A34: 17 | B34: 1 | C34: =ROW(SmtRes!A68) -> 68 | D34: =ROW(EtalonRes!A74) -> 74 | E34: 4 | F34: 57-2-5 | G34: Разборка покрытий полов из древесностружечных плит в один слой | H34: 100 м2 | I34: =ROUND((23.5+23+32)/100,9) -> 0.785 | J34: 0 | O34: =ROUND(CP34,2) -> 102.69 | P34: =ROUND(CQ34*I34,2) -> 0 | Q34: =ROUND(CR34*I34,2) -> 3.68 | R34: =ROUND(CS34*I34,2) -> 1.59 | S34: =ROUND(CT34*I34,2) -> 99.01 | T34: =ROUND(CU34*I34,2) -> 0 | U34: =CV34*I34 -> 12.69345 | V34: =CW34*I34 -> 0.11775 | W34: =ROUND(CX34*I34,2) -> 0 | X34: =ROUND(CY34,2) -> 80.48 | Y34: =ROUND(CZ34,2) -> 68.41 | AA34: 26834263 | AB34: =ROUND((AC34+AD34+AF34),6) -> 130.82 | AC34: =ROUND((ES34),6) -> 0 | AD34: =ROUND((((ET34)-(EU34))+AE34),6) -> 4.69 | AE34: =ROUND((EU34),6) -> 2.03 | AF34: =ROUND((EV34),6) -> 126.13 | AG34: =ROUND((AP34),6) -> 0 | AH34: =(EW34) -> 16.17 | AI34: =(EX34) -> 0.15 | AJ34: =ROUND((AS34),6) -> 0 | AK34: 130.82 | AL34: 0 | AM34: 4.69 | AN34: 2.03 | AO34: 126.13 | AP34: 0 | AQ34: 16.17 | AR34: 0.15 | AS34: 0 | AT34: 80 | AU34: 68 | AV34: 1 | AW34: 1 | AZ34: 1 | BA34: 1 | BB34: 1 | BC34: 1 | BH34: 0 | BI34: 1 | BJ34: ФЕР-2001, 57-2-5, приказ Минстроя России №1039/пр от 30.12.2016г. | BM34: 57001 | BN34: 0 | BP34: 0 | BQ34: 6 | BR34: 0 | BS34: 1 | BT34: 1 | BU34: 1 | BV34: 1 | BW34: 1 | BX34: 1 | BZ34: 80 | CA34: 68 | CF34: 0 | CG34: 0 | CM34: 0 | CO34: 0 | CP34: =(P34+Q34+S34) -> 102.69 | CQ34: =AC34*BC34 -> 0 | CR34: =AD34*BB34 -> 4.69 | CS34: =AE34*BS34 -> 2.03 | CT34: =AF34*BA34 -> 126.13 | CU34: =AG34 -> 0 | CV34: =AH34 -> 16.17 | CW34: =AI34 -> 0.15 | CX34: =AJ34 -> 0 | CY34: =(((S34+R34)*AT34)/100) -> 80.48 | CZ34: =(((S34+R34)*AU34)/100) -> 68.408 | DN34: 0 | DO34: 0 | DP34: 1 | DQ34: 1 | DU34: 1005 | DV34: 100 м2 | DW34: 100 м2 | DX34: 100 | EE34: 26549139 | EF34: 6 | EG34: Ремонтно-строительные работы | EH34: 0 | EJ34: 1 | EK34: 57001 | EL34: Полы | EM34: рФЕР-57 | EQ34: 0 | ER34: 130.82 | ES34: 0 | ET34: 4.69 | EU34: 2.03 | EV34: 126.13 | EW34: 16.17 | EX34: 0.15 | EY34: 0 | FQ34: 0 | FR34: =ROUND(IF(AND(BH34=3,BI34=3),P34,0),2) -> 0 | FS34: 0 | FX34: 80 | FY34: 68 | GD34: 0 | GF34: 1002773447 | GG34: 2 | GH34: 1 | GI34: -2 | GJ34: 0 | GK34: =ROUND(R34*(R12)/100,2) -> 0 | GL34: =ROUND(IF(AND(BH34=3,BI34=3,FS34<>0),P34,0),2) -> 0 | GM34: =ROUND(O34+X34+Y34+GK34,2)+GX34 -> 251.58 | GN34: =IF(OR(BI34=0,BI34=1),ROUND(O34+X34+Y34+GK34,2),0) -> 251.58 | GO34: =IF(BI34=2,ROUND(O34+X34+Y34+GK34,2),0) -> 0 | GP34: =IF(BI34=4,ROUND(O34+X34+Y34+GK34,2)+GX34,0) -> 0 | GR34: 0 | GS34: 3 | GT34: 0 | GV34: =ROUND(GT34,6) -> 0 | GW34: 1 | GX34: =ROUND(GV34*GW34*I34,2) -> 0 | HA34: 0 | HB34: 0 | IK34: 0
A35: 17 | B35: 1 | C35: =ROW(SmtRes!A72) -> 72 | D35: =ROW(EtalonRes!A78) -> 78 | E35: 4 | F35: 57-2-5 | G35: Разборка покрытий полов из древесностружечных плит в один слой | H35: 100 м2 | I35: =ROUND((23.5+23+32)/100,9) -> 0.785 | J35: 0 | O35: =ROUND(CP35,2) -> 657.24 | P35: =ROUND(CQ35*I35,2) -> 0 | Q35: =ROUND(CR35*I35,2) -> 23.56 | R35: =ROUND(CS35*I35,2) -> 10.2 | S35: =ROUND(CT35*I35,2) -> 633.68 | T35: =ROUND(CU35*I35,2) -> 0 | U35: =CV35*I35 -> 12.69345 | V35: =CW35*I35 -> 0.11775 | W35: =ROUND(CX35*I35,2) -> 0 | X35: =ROUND(CY35,2) -> 515.1 | Y35: =ROUND(CZ35,2) -> 437.84 | AA35: 26834277 | AB35: =ROUND((AC35+AD35+AF35),6) -> 130.82 | AC35: =ROUND((ES35),6) -> 0 | AD35: =ROUND((((ET35)-(EU35))+AE35),6) -> 4.69 | AE35: =ROUND((EU35),6) -> 2.03 | AF35: =ROUND((EV35),6) -> 126.13 | AG35: =ROUND((AP35),6) -> 0 | AH35: =(EW35) -> 16.17 | AI35: =(EX35) -> 0.15 | AJ35: =ROUND((AS35),6) -> 0 | AK35: 130.82 | AL35: 0 | AM35: 4.69 | AN35: 2.03 | AO35: 126.13 | AP35: 0 | AQ35: 16.17 | AR35: 0.15 | AS35: 0 | AT35: 80 | AU35: 68 | AV35: 1 | AW35: 1 | AZ35: 6.4 | BA35: 6.4 | BB35: 6.4 | BC35: 6.4 | BH35: 0 | BI35: 1 | BJ35: ФЕР-2001, 57-2-5, приказ Минстроя России №1039/пр от 30.12.2016г. | BM35: 57001 | BN35: 0 | BP35: 0 | BQ35: 6 | BR35: 0 | BS35: 6.4 | BT35: 1 | BU35: 1 | BV35: 1 | BW35: 1 | BX35: 1 | BZ35: 80 | CA35: 68 | CF35: 0 | CG35: 0 | CM35: 0 | CO35: 0 | CP35: =(P35+Q35+S35) -> 657.24 | CQ35: =AC35*BC35 -> 0 | CR35: =AD35*BB35 -> 30.016 | CS35: =AE35*BS35 -> 12.992 | CT35: =AF35*BA35 -> 807.232 | CU35: =AG35 -> 0 | CV35: =AH35 -> 16.17 | CW35: =AI35 -> 0.15 | CX35: =AJ35 -> 0 | CY35: =(((S35+R35)*AT35)/100) -> 515.104 | CZ35: =(((S35+R35)*AU35)/100) -> 437.8384 | DN35: 0 | DO35: 0 | DP35: 1 | DQ35: 1 | DU35: 1005 | DV35: 100 м2 | DW35: 100 м2 | DX35: 100 | EE35: 26549139 | EF35: 6 | EG35: Ремонтно-строительные работы | EH35: 0 | EJ35: 1 | EK35: 57001 | EL35: Полы | EM35: рФЕР-57 | EQ35: 0 | ER35: 130.82 | ES35: 0 | ET35: 4.69 | EU35: 2.03 | EV35: 126.13 | EW35: 16.17 | EX35: 0.15 | EY35: 0 | FQ35: 0 | FR35: =ROUND(IF(AND(BH35=3,BI35=3),P35,0),2) -> 0 | FS35: 0 | FX35: 80 | FY35: 68 | GD35: 0 | GF35: 1002773447 | GG35: 1 | GH35: 1 | GI35: 4 | GJ35: 0 | GK35: =ROUND(R35*(S12)/100,2) -> 0 | GL35: =ROUND(IF(AND(BH35=3,BI35=3,FS35<>0),P35,0),2) -> 0 | GM35: =ROUND(O35+X35+Y35+GK35,2)+GX35 -> 1610.18 | GN35: =IF(OR(BI35=0,BI35=1),ROUND(O35+X35+Y35+GK35,2),0) -> 1610.18 | GO35: =IF(BI35=2,ROUND(O35+X35+Y35+GK35,2),0) -> 0 | GP35: =IF(BI35=4,ROUND(O35+X35+Y35+GK35,2)+GX35,0) -> 0 | GR35: 0 | GS35: 3 | GT35: 0 | GV35: =ROUND(GT35,6) -> 0 | GW35: 1 | GX35: =ROUND(GV35*GW35*I35,2) -> 0 | HA35: 0 | HB35: 0 | IK35: 0
A36: 18 | B36: 1 | C36: 68 | E36: 4,1 | F36: 01.7.07.07 | G36: Строительный мусор | H36: т | I36: =I34*J36 -> 0.98125 | J36: 1.25 | O36: =ROUND(CP36,2) -> 0 | P36: =ROUND(CQ36*I36,2) -> 0 | Q36: =ROUND(CR36*I36,2) -> 0 | R36: =ROUND(CS36*I36,2) -> 0 | S36: =ROUND(CT36*I36,2) -> 0 | T36: =ROUND(CU36*I36,2) -> 0 | U36: =CV36*I36 -> 0 | V36: =CW36*I36 -> 0 | W36: =ROUND(CX36*I36,2) -> 0 | X36: =ROUND(CY36,2) -> 0 | Y36: =ROUND(CZ36,2) -> 0 | AA36: 26834263 | AB36: =ROUND((AC36+AD36+AF36),6) -> 0 | AC36: =ROUND((ES36),6) -> 0 | AD36: =ROUND((((ET36)-(EU36))+AE36),6) -> 0 | AE36: =ROUND((EU36),6) -> 0 | AF36: =ROUND((EV36),6) -> 0 | AG36: =ROUND((AP36),6) -> 0 | AH36: =(EW36) -> 0 | AI36: =(EX36) -> 0 | AJ36: =ROUND((AS36),6) -> 0 | AK36: 0 | AL36: 0 | AM36: 0 | AN36: 0 | AO36: 0 | AP36: 0 | AQ36: 0 | AR36: 0 | AS36: 0 | AT36: 80 | AU36: 68 | AV36: 1 | AW36: 1 | AZ36: 1 | BA36: 1 | BB36: 1 | BC36: 1 | BH36: 3 | BI36: 1 | BM36: 57001 | BN36: 0 | BP36: 0 | BQ36: 6 | BR36: 0 | BS36: 1 | BT36: 1 | BU36: 1 | BV36: 1 | BW36: 1 | BX36: 1 | BZ36: 80 | CA36: 68 | CF36: 0 | CG36: 0 | CM36: 0 | CO36: 0 | CP36: =(P36+Q36+S36) -> 0 | CQ36: =AC36*BC36 -> 0 | CR36: =AD36*BB36 -> 0 | CS36: =AE36*BS36 -> 0 | CT36: =AF36*BA36 -> 0 | CU36: =AG36 -> 0 | CV36: =AH36 -> 0 | CW36: =AI36 -> 0 | CX36: =AJ36 -> 0 | CY36: =(((S36+R36)*AT36)/100) -> 0 | CZ36: =(((S36+R36)*AU36)/100) -> 0 | DN36: 0 | DO36: 0 | DP36: 1 | DQ36: 1 | DU36: 1009 | DV36: т | DW36: т | DX36: 1000 | EE36: 26549139 | EF36: 6 | EG36: Ремонтно-строительные работы | EH36: 0 | EJ36: 1 | EK36: 57001 | EL36: Полы | EM36: рФЕР-57 | EQ36: 0 | ER36: 0 | ES36: 0 | ET36: 0 | EU36: 0 | EV36: 0 | EW36: 0 | EX36: 0 | FQ36: 0 | FR36: =ROUND(IF(AND(BH36=3,BI36=3),P36,0),2) -> 0 | FS36: 0 | FX36: 80 | FY36: 68 | GA36: занесена вручную | GD36: 0 | GF36: -179832266 | GG36: 2 | GH36: 1 | GI36: -2 | GJ36: 0 | GK36: =ROUND(R36*(R12)/100,2) -> 0 | GL36: =ROUND(IF(AND(BH36=3,BI36=3,FS36<>0),P36,0),2) -> 0 | GM36: =ROUND(O36+X36+Y36+GK36,2)+GX36 -> 0 | GN36: =IF(OR(BI36=0,BI36=1),ROUND(O36+X36+Y36+GK36,2),0) -> 0 | GO36: =IF(BI36=2,ROUND(O36+X36+Y36+GK36,2),0) -> 0 | GP36: =IF(BI36=4,ROUND(O36+X36+Y36+GK36,2)+GX36,0) -> 0 | GR36: 0 | GS36: 4 | GT36: 0 | GV36: =ROUND(GT36,6) -> 0 | GW36: 1 | GX36: =ROUND(GV36*GW36*I36,2) -> 0 | HA36: 0 | HB36: 0 | IK36: 0
A37: 18 | B37: 1 | C37: 72 | E37: 4,1 | F37: 01.7.07.07 | G37: Строительный мусор | H37: т | I37: =I35*J37 -> 0.98125 | J37: 1.25 | O37: =ROUND(CP37,2) -> 0 | P37: =ROUND(CQ37*I37,2) -> 0 | Q37: =ROUND(CR37*I37,2) -> 0 | R37: =ROUND(CS37*I37,2) -> 0 | S37: =ROUND(CT37*I37,2) -> 0 | T37: =ROUND(CU37*I37,2) -> 0 | U37: =CV37*I37 -> 0 | V37: =CW37*I37 -> 0 | W37: =ROUND(CX37*I37,2) -> 0 | X37: =ROUND(CY37,2) -> 0 | Y37: =ROUND(CZ37,2) -> 0 | AA37: 26834277 | AB37: =ROUND((AC37+AD37+AF37),6) -> 0 | AC37: =ROUND((ES37),6) -> 0 | AD37: =ROUND((((ET37)-(EU37))+AE37),6) -> 0 | AE37: =ROUND((EU37),6) -> 0 | AF37: =ROUND((EV37),6) -> 0 | AG37: =ROUND((AP37),6) -> 0 | AH37: =(EW37) -> 0 | AI37: =(EX37) -> 0 | AJ37: =ROUND((AS37),6) -> 0 | AK37: 0 | AL37: 0 | AM37: 0 | AN37: 0 | AO37: 0 | AP37: 0 | AQ37: 0 | AR37: 0 | AS37: 0 | AT37: 80 | AU37: 68 | AV37: 1 | AW37: 1 | AZ37: 6.4 | BA37: 1 | BB37: 1 | BC37: 6.4 | BH37: 3 | BI37: 1 | BM37: 57001 | BN37: 0 | BP37: 0 | BQ37: 6 | BR37: 0 | BS37: 1 | BT37: 1 | BU37: 1 | BV37: 1 | BW37: 1 | BX37: 1 | BZ37: 80 | CA37: 68 | CF37: 0 | CG37: 0 | CM37: 0 | CO37: 0 | CP37: =(P37+Q37+S37) -> 0 | CQ37: =AC37*BC37 -> 0 | CR37: =AD37*BB37 -> 0 | CS37: =AE37*BS37 -> 0 | CT37: =AF37*BA37 -> 0 | CU37: =AG37 -> 0 | CV37: =AH37 -> 0 | CW37: =AI37 -> 0 | CX37: =AJ37 -> 0 | CY37: =(((S37+R37)*AT37)/100) -> 0 | CZ37: =(((S37+R37)*AU37)/100) -> 0 | DN37: 0 | DO37: 0 | DP37: 1 | DQ37: 1 | DU37: 1009 | DV37: т | DW37: т | DX37: 1000 | EE37: 26549139 | EF37: 6 | EG37: Ремонтно-строительные работы | EH37: 0 | EJ37: 1 | EK37: 57001 | EL37: Полы | EM37: рФЕР-57 | EQ37: 0 | ER37: 0 | ES37: 0 | ET37: 0 | EU37: 0 | EV37: 0 | EW37: 0 | EX37: 0 | FQ37: 0 | FR37: =ROUND(IF(AND(BH37=3,BI37=3),P37,0),2) -> 0 | FS37: 0 | FX37: 80 | FY37: 68 | GA37: занесена вручную | GD37: 0 | GF37: -179832266 | GG37: 1 | GH37: 1 | GI37: 4 | GJ37: 0 | GK37: =ROUND(R37*(S12)/100,2) -> 0 | GL37: =ROUND(IF(AND(BH37=3,BI37=3,FS37<>0),P37,0),2) -> 0 | GM37: =ROUND(O37+X37+Y37+GK37,2)+GX37 -> 0 | GN37: =IF(OR(BI37=0,BI37=1),ROUND(O37+X37+Y37+GK37,2),0) -> 0 | GO37: =IF(BI37=2,ROUND(O37+X37+Y37+GK37,2),0) -> 0 | GP37: =IF(BI37=4,ROUND(O37+X37+Y37+GK37,2)+GX37,0) -> 0 | GR37: 0 | GS37: 4 | GT37: 0 | GV37: =ROUND(GT37,6) -> 0 | GW37: 1 | GX37: =ROUND(GV37*GW37*I37,2) -> 0 | HA37: 0 | HB37: 0 | IK37: 0
A38: 17 | B38: 1 | C38: =ROW(SmtRes!A74) -> 74 | D38: =ROW(EtalonRes!A80) -> 80 | E38: 5 | F38: 57-3-1 | G38: Разборка плинтусов деревянных и из пластмассовых материалов | H38: 100 м | I38: =ROUND((17.9+18.2+22.3+14.07+9.6+28.9)/100,9) -> 1.1097 | J38: 0 | O38: =ROUND(CP38,2) -> 32.64 | P38: =ROUND(CQ38*I38,2) -> 0 | Q38: =ROUND(CR38*I38,2) -> 0 | R38: =ROUND(CS38*I38,2) -> 0 | S38: =ROUND(CT38*I38,2) -> 32.64 | T38: =ROUND(CU38*I38,2) -> 0 | U38: =CV38*I38 -> 4.183569 | V38: =CW38*I38 -> 0 | W38: =ROUND(CX38*I38,2) -> 0 | X38: =ROUND(CY38,2) -> 26.11 | Y38: =ROUND(CZ38,2) -> 22.2 | AA38: 26834263 | AB38: =ROUND((AC38+AD38+AF38),6) -> 29.41 | AC38: =ROUND((ES38),6) -> 0 | AD38: =ROUND((((ET38)-(EU38))+AE38),6) -> 0 | AE38: =ROUND((EU38),6) -> 0 | AF38: =ROUND((EV38),6) -> 29.41 | AG38: =ROUND((AP38),6) -> 0 | AH38: =(EW38) -> 3.77 | AI38: =(EX38) -> 0 | AJ38: =ROUND((AS38),6) -> 0 | AK38: 29.41 | AL38: 0 | AM38: 0 | AN38: 0 | AO38: 29.41 | AP38: 0 | AQ38: 3.77 | AR38: 0 | AS38: 0 | AT38: 80 | AU38: 68 | AV38: 1 | AW38: 1 | AZ38: 1 | BA38: 1 | BB38: 1 | BC38: 1 | BH38: 0 | BI38: 1 | BJ38: ФЕР-2001, 57-3-1, приказ Минстроя России №1039/пр от 30.12.2016г. | BM38: 57001 | BN38: 0 | BP38: 0 | BQ38: 6 | BR38: 0 | BS38: 1 | BT38: 1 | BU38: 1 | BV38: 1 | BW38: 1 | BX38: 1 | BZ38: 80 | CA38: 68 | CF38: 0 | CG38: 0 | CM38: 0 | CO38: 0 | CP38: =(P38+Q38+S38) -> 32.64 | CQ38: =AC38*BC38 -> 0 | CR38: =AD38*BB38 -> 0 | CS38: =AE38*BS38 -> 0 | CT38: =AF38*BA38 -> 29.41 | CU38: =AG38 -> 0 | CV38: =AH38 -> 3.77 | CW38: =AI38 -> 0 | CX38: =AJ38 -> 0 | CY38: =(((S38+R38)*AT38)/100) -> 26.112 | CZ38: =(((S38+R38)*AU38)/100) -> 22.1952 | DN38: 0 | DO38: 0 | DP38: 1 | DQ38: 1 | DU38: 1003 | DV38: 100 м | DW38: 100 м | DX38: 100 | EE38: 26549139 | EF38: 6 | EG38: Ремонтно-строительные работы | EH38: 0 | EJ38: 1 | EK38: 57001 | EL38: Полы | EM38: рФЕР-57 | EQ38: 0 | ER38: 29.41 | ES38: 0 | ET38: 0 | EU38: 0 | EV38: 29.41 | EW38: 3.77 | EX38: 0 | EY38: 0 | FQ38: 0 | FR38: =ROUND(IF(AND(BH38=3,BI38=3),P38,0),2) -> 0 | FS38: 0 | FX38: 80 | FY38: 68 | GD38: 0 | GF38: -1431764135 | GG38: 2 | GH38: 1 | GI38: -2 | GJ38: 0 | GK38: =ROUND(R38*(R12)/100,2) -> 0 | GL38: =ROUND(IF(AND(BH38=3,BI38=3,FS38<>0),P38,0),2) -> 0 | GM38: =ROUND(O38+X38+Y38+GK38,2)+GX38 -> 80.95 | GN38: =IF(OR(BI38=0,BI38=1),ROUND(O38+X38+Y38+GK38,2),0) -> 80.95 | GO38: =IF(BI38=2,ROUND(O38+X38+Y38+GK38,2),0) -> 0 | GP38: =IF(BI38=4,ROUND(O38+X38+Y38+GK38,2)+GX38,0) -> 0 | GR38: 0 | GS38: 3 | GT38: 0 | GV38: =ROUND(GT38,6) -> 0 | GW38: 1 | GX38: =ROUND(GV38*GW38*I38,2) -> 0 | HA38: 0 | HB38: 0 | IK38: 0
A39: 17 | B39: 1 | C39: =ROW(SmtRes!A76) -> 76 | D39: =ROW(EtalonRes!A82) -> 82 | E39: 5 | F39: 57-3-1 | G39: Разборка плинтусов деревянных и из пластмассовых материалов | H39: 100 м | I39: =ROUND((17.9+18.2+22.3+14.07+9.6+28.9)/100,9) -> 1.1097 | J39: 0 | O39: =ROUND(CP39,2) -> 208.87 | P39: =ROUND(CQ39*I39,2) -> 0 | Q39: =ROUND(CR39*I39,2) -> 0 | R39: =ROUND(CS39*I39,2) -> 0 | S39: =ROUND(CT39*I39,2) -> 208.87 | T39: =ROUND(CU39*I39,2) -> 0 | U39: =CV39*I39 -> 4.183569 | V39: =CW39*I39 -> 0 | W39: =ROUND(CX39*I39,2) -> 0 | X39: =ROUND(CY39,2) -> 167.1 | Y39: =ROUND(CZ39,2) -> 142.03 | AA39: 26834277 | AB39: =ROUND((AC39+AD39+AF39),6) -> 29.41 | AC39: =ROUND((ES39),6) -> 0 | AD39: =ROUND((((ET39)-(EU39))+AE39),6) -> 0 | AE39: =ROUND((EU39),6) -> 0 | AF39: =ROUND((EV39),6) -> 29.41 | AG39: =ROUND((AP39),6) -> 0 | AH39: =(EW39) -> 3.77 | AI39: =(EX39) -> 0 | AJ39: =ROUND((AS39),6) -> 0 | AK39: 29.41 | AL39: 0 | AM39: 0 | AN39: 0 | AO39: 29.41 | AP39: 0 | AQ39: 3.77 | AR39: 0 | AS39: 0 | AT39: 80 | AU39: 68 | AV39: 1 | AW39: 1 | AZ39: 6.4 | BA39: 6.4 | BB39: 6.4 | BC39: 6.4 | BH39: 0 | BI39: 1 | BJ39: ФЕР-2001, 57-3-1, приказ Минстроя России №1039/пр от 30.12.2016г. | BM39: 57001 | BN39: 0 | BP39: 0 | BQ39: 6 | BR39: 0 | BS39: 6.4 | BT39: 1 | BU39: 1 | BV39: 1 | BW39: 1 | BX39: 1 | BZ39: 80 | CA39: 68 | CF39: 0 | CG39: 0 | CM39: 0 | CO39: 0 | CP39: =(P39+Q39+S39) -> 208.87 | CQ39: =AC39*BC39 -> 0 | CR39: =AD39*BB39 -> 0 | CS39: =AE39*BS39 -> 0 | CT39: =AF39*BA39 -> 188.224 | CU39: =AG39 -> 0 | CV39: =AH39 -> 3.77 | CW39: =AI39 -> 0 | CX39: =AJ39 -> 0 | CY39: =(((S39+R39)*AT39)/100) -> 167.096 | CZ39: =(((S39+R39)*AU39)/100) -> 142.0316 | DN39: 0 | DO39: 0 | DP39: 1 | DQ39: 1 | DU39: 1003 | DV39: 100 м | DW39: 100 м | DX39: 100 | EE39: 26549139 | EF39: 6 | EG39: Ремонтно-строительные работы | EH39: 0 | EJ39: 1 | EK39: 57001 | EL39: Полы | EM39: рФЕР-57 | EQ39: 0 | ER39: 29.41 | ES39: 0 | ET39: 0 | EU39: 0 | EV39: 29.41 | EW39: 3.77 | EX39: 0 | EY39: 0 | FQ39: 0 | FR39: =ROUND(IF(AND(BH39=3,BI39=3),P39,0),2) -> 0 | FS39: 0 | FX39: 80 | FY39: 68 | GD39: 0 | GF39: -1431764135 | GG39: 1 | GH39: 1 | GI39: 4 | GJ39: 0 | GK39: =ROUND(R39*(S12)/100,2) -> 0 | GL39: =ROUND(IF(AND(BH39=3,BI39=3,FS39<>0),P39,0),2) -> 0 | GM39: =ROUND(O39+X39+Y39+GK39,2)+GX39 -> 518 | GN39: =IF(OR(BI39=0,BI39=1),ROUND(O39+X39+Y39+GK39,2),0) -> 518 | GO39: =IF(BI39=2,ROUND(O39+X39+Y39+GK39,2),0) -> 0 | GP39: =IF(BI39=4,ROUND(O39+X39+Y39+GK39,2)+GX39,0) -> 0 | GR39: 0 | GS39: 3 | GT39: 0 | GV39: =ROUND(GT39,6) -> 0 | GW39: 1 | GX39: =ROUND(GV39*GW39*I39,2) -> 0 | HA39: 0 | HB39: 0 | IK39: 0
A40: 18 | B40: 1 | C40: 74 | E40: 5,1 | F40: 01.7.07.07 | G40: Строительный мусор | H40: т | I40: =I38*J40 -> 0.122067 | J40: 0.11 | O40: =ROUND(CP40,2) -> 0 | P40: =ROUND(CQ40*I40,2) -> 0 | Q40: =ROUND(CR40*I40,2) -> 0 | R40: =ROUND(CS40*I40,2) -> 0 | S40: =ROUND(CT40*I40,2) -> 0 | T40: =ROUND(CU40*I40,2) -> 0 | U40: =CV40*I40 -> 0 | V40: =CW40*I40 -> 0 | W40: =ROUND(CX40*I40,2) -> 0 | X40: =ROUND(CY40,2) -> 0 | Y40: =ROUND(CZ40,2) -> 0 | AA40: 26834263 | AB40: =ROUND((AC40+AD40+AF40),6) -> 0 | AC40: =ROUND((ES40),6) -> 0 | AD40: =ROUND((((ET40)-(EU40))+AE40),6) -> 0 | AE40: =ROUND((EU40),6) -> 0 | AF40: =ROUND((EV40),6) -> 0 | AG40: =ROUND((AP40),6) -> 0 | AH40: =(EW40) -> 0 | AI40: =(EX40) -> 0 | AJ40: =ROUND((AS40),6) -> 0 | AK40: 0 | AL40: 0 | AM40: 0 | AN40: 0 | AO40: 0 | AP40: 0 | AQ40: 0 | AR40: 0 | AS40: 0 | AT40: 80 | AU40: 68 | AV40: 1 | AW40: 1 | AZ40: 1 | BA40: 1 | BB40: 1 | BC40: 1 | BH40: 3 | BI40: 1 | BM40: 57001 | BN40: 0 | BP40: 0 | BQ40: 6 | BR40: 0 | BS40: 1 | BT40: 1 | BU40: 1 | BV40: 1 | BW40: 1 | BX40: 1 | BZ40: 80 | CA40: 68 | CF40: 0 | CG40: 0 | CM40: 0 | CO40: 0 | CP40: =(P40+Q40+S40) -> 0 | CQ40: =AC40*BC40 -> 0 | CR40: =AD40*BB40 -> 0 | CS40: =AE40*BS40 -> 0 | CT40: =AF40*BA40 -> 0 | CU40: =AG40 -> 0 | CV40: =AH40 -> 0 | CW40: =AI40 -> 0 | CX40: =AJ40 -> 0 | CY40: =(((S40+R40)*AT40)/100) -> 0 | CZ40: =(((S40+R40)*AU40)/100) -> 0 | DN40: 0 | DO40: 0 | DP40: 1 | DQ40: 1 | DU40: 1009 | DV40: т | DW40: т | DX40: 1000 | EE40: 26549139 | EF40: 6 | EG40: Ремонтно-строительные работы | EH40: 0 | EJ40: 1 | EK40: 57001 | EL40: Полы | EM40: рФЕР-57 | EQ40: 0 | ER40: 0 | ES40: 0 | ET40: 0 | EU40: 0 | EV40: 0 | EW40: 0 | EX40: 0 | FQ40: 0 | FR40: =ROUND(IF(AND(BH40=3,BI40=3),P40,0),2) -> 0 | FS40: 0 | FX40: 80 | FY40: 68 | GA40: занесена вручную | GD40: 0 | GF40: -179832266 | GG40: 2 | GH40: 1 | GI40: -2 | GJ40: 0 | GK40: =ROUND(R40*(R12)/100,2) -> 0 | GL40: =ROUND(IF(AND(BH40=3,BI40=3,FS40<>0),P40,0),2) -> 0 | GM40: =ROUND(O40+X40+Y40+GK40,2)+GX40 -> 0 | GN40: =IF(OR(BI40=0,BI40=1),ROUND(O40+X40+Y40+GK40,2),0) -> 0 | GO40: =IF(BI40=2,ROUND(O40+X40+Y40+GK40,2),0) -> 0 | GP40: =IF(BI40=4,ROUND(O40+X40+Y40+GK40,2)+GX40,0) -> 0 | GR40: 0 | GS40: 4 | GT40: 0 | GV40: =ROUND(GT40,6) -> 0 | GW40: 1 | GX40: =ROUND(GV40*GW40*I40,2) -> 0 | HA40: 0 | HB40: 0 | IK40: 0
A41: 18 | B41: 1 | C41: 76 | E41: 5,1 | F41: 01.7.07.07 | G41: Строительный мусор | H41: т | I41: =I39*J41 -> 0.122067 | J41: 0.11 | O41: =ROUND(CP41,2) -> 0 | P41: =ROUND(CQ41*I41,2) -> 0 | Q41: =ROUND(CR41*I41,2) -> 0 | R41: =ROUND(CS41*I41,2) -> 0 | S41: =ROUND(CT41*I41,2) -> 0 | T41: =ROUND(CU41*I41,2) -> 0 | U41: =CV41*I41 -> 0 | V41: =CW41*I41 -> 0 | W41: =ROUND(CX41*I41,2) -> 0 | X41: =ROUND(CY41,2) -> 0 | Y41: =ROUND(CZ41,2) -> 0 | AA41: 26834277 | AB41: =ROUND((AC41+AD41+AF41),6) -> 0 | AC41: =ROUND((ES41),6) -> 0 | AD41: =ROUND((((ET41)-(EU41))+AE41),6) -> 0 | AE41: =ROUND((EU41),6) -> 0 | AF41: =ROUND((EV41),6) -> 0 | AG41: =ROUND((AP41),6) -> 0 | AH41: =(EW41) -> 0 | AI41: =(EX41) -> 0 | AJ41: =ROUND((AS41),6) -> 0 | AK41: 0 | AL41: 0 | AM41: 0 | AN41: 0 | AO41: 0 | AP41: 0 | AQ41: 0 | AR41: 0 | AS41: 0 | AT41: 80 | AU41: 68 | AV41: 1 | AW41: 1 | AZ41: 6.4 | BA41: 1 | BB41: 1 | BC41: 6.4 | BH41: 3 | BI41: 1 | BM41: 57001 | BN41: 0 | BP41: 0 | BQ41: 6 | BR41: 0 | BS41: 1 | BT41: 1 | BU41: 1 | BV41: 1 | BW41: 1 | BX41: 1 | BZ41: 80 | CA41: 68 | CF41: 0 | CG41: 0 | CM41: 0 | CO41: 0 | CP41: =(P41+Q41+S41) -> 0 | CQ41: =AC41*BC41 -> 0 | CR41: =AD41*BB41 -> 0 | CS41: =AE41*BS41 -> 0 | CT41: =AF41*BA41 -> 0 | CU41: =AG41 -> 0 | CV41: =AH41 -> 0 | CW41: =AI41 -> 0 | CX41: =AJ41 -> 0 | CY41: =(((S41+R41)*AT41)/100) -> 0 | CZ41: =(((S41+R41)*AU41)/100) -> 0 | DN41: 0 | DO41: 0 | DP41: 1 | DQ41: 1 | DU41: 1009 | DV41: т | DW41: т | DX41: 1000 | EE41: 26549139 | EF41: 6 | EG41: Ремонтно-строительные работы | EH41: 0 | EJ41: 1 | EK41: 57001 | EL41: Полы | EM41: рФЕР-57 | EQ41: 0 | ER41: 0 | ES41: 0 | ET41: 0 | EU41: 0 | EV41: 0 | EW41: 0 | EX41: 0 | FQ41: 0 | FR41: =ROUND(IF(AND(BH41=3,BI41=3),P41,0),2) -> 0 | FS41: 0 | FX41: 80 | FY41: 68 | GA41: занесена вручную | GD41: 0 | GF41: -179832266 | GG41: 1 | GH41: 1 | GI41: 4 | GJ41: 0 | GK41: =ROUND(R41*(S12)/100,2) -> 0 | GL41: =ROUND(IF(AND(BH41=3,BI41=3,FS41<>0),P41,0),2) -> 0 | GM41: =ROUND(O41+X41+Y41+GK41,2)+GX41 -> 0 | GN41: =IF(OR(BI41=0,BI41=1),ROUND(O41+X41+Y41+GK41,2),0) -> 0 | GO41: =IF(BI41=2,ROUND(O41+X41+Y41+GK41,2),0) -> 0 | GP41: =IF(BI41=4,ROUND(O41+X41+Y41+GK41,2)+GX41,0) -> 0 | GR41: 0 | GS41: 4 | GT41: 0 | GV41: =ROUND(GT41,6) -> 0 | GW41: 1 | GX41: =ROUND(GV41*GW41*I41,2) -> 0 | HA41: 0 | HB41: 0 | IK41: 0
A42: 17 | B42: 1 | C42: =ROW(SmtRes!A80) -> 80 | D42: =ROW(EtalonRes!A86) -> 86 | E42: 6 | F42: 57-2-1 | G42: Разборка покрытий полов из линолеума и релина | H42: 100 м2 | I42: =ROUND((23.5+23+32+24.1+12.5+45.9)/100,9) -> 1.61 | J42: 0 | O42: =ROUND(CP42,2) -> 149.57 | P42: =ROUND(CQ42*I42,2) -> 0 | Q42: =ROUND(CR42*I42,2) -> 6.54 | R42: =ROUND(CS42*I42,2) -> 2.83 | S42: =ROUND(CT42*I42,2) -> 143.03 | T42: =ROUND(CU42*I42,2) -> 0 | U42: =CV42*I42 -> 18.3379 | V42: =CW42*I42 -> 0.2093 | W42: =ROUND(CX42*I42,2) -> 0 | X42: =ROUND(CY42,2) -> 116.69 | Y42: =ROUND(CZ42,2) -> 99.18 | AA42: 26834263 | AB42: =ROUND((AC42+AD42+AF42),6) -> 92.9 | AC42: =ROUND((ES42),6) -> 0 | AD42: =ROUND((((ET42)-(EU42))+AE42),6) -> 4.06 | AE42: =ROUND((EU42),6) -> 1.76 | AF42: =ROUND((EV42),6) -> 88.84 | AG42: =ROUND((AP42),6) -> 0 | AH42: =(EW42) -> 11.39 | AI42: =(EX42) -> 0.13 | AJ42: =ROUND((AS42),6) -> 0 | AK42: 92.9 | AL42: 0 | AM42: 4.06 | AN42: 1.76 | AO42: 88.84 | AP42: 0 | AQ42: 11.39 | AR42: 0.13 | AS42: 0 | AT42: 80 | AU42: 68 | AV42: 1 | AW42: 1 | AZ42: 1 | BA42: 1 | BB42: 1 | BC42: 1 | BH42: 0 | BI42: 1 | BJ42: ФЕР-2001, 57-2-1, приказ Минстроя России №1039/пр от 30.12.2016г. | BM42: 57001 | BN42: 0 | BP42: 0 | BQ42: 6 | BR42: 0 | BS42: 1 | BT42: 1 | BU42: 1 | BV42: 1 | BW42: 1 | BX42: 1 | BZ42: 80 | CA42: 68 | CF42: 0 | CG42: 0 | CM42: 0 | CO42: 0 | CP42: =(P42+Q42+S42) -> 149.57 | CQ42: =AC42*BC42 -> 0 | CR42: =AD42*BB42 -> 4.06 | CS42: =AE42*BS42 -> 1.76 | CT42: =AF42*BA42 -> 88.84 | CU42: =AG42 -> 0 | CV42: =AH42 -> 11.39 | CW42: =AI42 -> 0.13 | CX42: =AJ42 -> 0 | CY42: =(((S42+R42)*AT42)/100) -> 116.688 | CZ42: =(((S42+R42)*AU42)/100) -> 99.1848 | DN42: 0 | DO42: 0 | DP42: 1 | DQ42: 1 | DU42: 1005 | DV42: 100 м2 | DW42: 100 м2 | DX42: 100 | EE42: 26549139 | EF42: 6 | EG42: Ремонтно-строительные работы | EH42: 0 | EJ42: 1 | EK42: 57001 | EL42: Полы | EM42: рФЕР-57 | EQ42: 0 | ER42: 92.9 | ES42: 0 | ET42: 4.06 | EU42: 1.76 | EV42: 88.84 | EW42: 11.39 | EX42: 0.13 | EY42: 0 | FQ42: 0 | FR42: =ROUND(IF(AND(BH42=3,BI42=3),P42,0),2) -> 0 | FS42: 0 | FX42: 80 | FY42: 68 | GD42: 0 | GF42: -1228944231 | GG42: 2 | GH42: 1 | GI42: -2 | GJ42: 0 | GK42: =ROUND(R42*(R12)/100,2) -> 0 | GL42: =ROUND(IF(AND(BH42=3,BI42=3,FS42<>0),P42,0),2) -> 0 | GM42: =ROUND(O42+X42+Y42+GK42,2)+GX42 -> 365.44 | GN42: =IF(OR(BI42=0,BI42=1),ROUND(O42+X42+Y42+GK42,2),0) -> 365.44 | GO42: =IF(BI42=2,ROUND(O42+X42+Y42+GK42,2),0) -> 0 | GP42: =IF(BI42=4,ROUND(O42+X42+Y42+GK42,2)+GX42,0) -> 0 | GR42: 0 | GS42: 3 | GT42: 0 | GV42: =ROUND(GT42,6) -> 0 | GW42: 1 | GX42: =ROUND(GV42*GW42*I42,2) -> 0 | HA42: 0 | HB42: 0 | IK42: 0
A43: 17 | B43: 1 | C43: =ROW(SmtRes!A84) -> 84 | D43: =ROW(EtalonRes!A90) -> 90 | E43: 6 | F43: 57-2-1 | G43: Разборка покрытий полов из линолеума и релина | H43: 100 м2 | I43: =ROUND((23.5+23+32+24.1+12.5+45.9)/100,9) -> 1.61 | J43: 0 | O43: =ROUND(CP43,2) -> 957.24 | P43: =ROUND(CQ43*I43,2) -> 0 | Q43: =ROUND(CR43*I43,2) -> 41.83 | R43: =ROUND(CS43*I43,2) -> 18.14 | S43: =ROUND(CT43*I43,2) -> 915.41 | T43: =ROUND(CU43*I43,2) -> 0 | U43: =CV43*I43 -> 18.3379 | V43: =CW43*I43 -> 0.2093 | W43: =ROUND(CX43*I43,2) -> 0 | X43: =ROUND(CY43,2) -> 746.84 | Y43: =ROUND(CZ43,2) -> 634.81 | AA43: 26834277 | AB43: =ROUND((AC43+AD43+AF43),6) -> 92.9 | AC43: =ROUND((ES43),6) -> 0 | AD43: =ROUND((((ET43)-(EU43))+AE43),6) -> 4.06 | AE43: =ROUND((EU43),6) -> 1.76 | AF43: =ROUND((EV43),6) -> 88.84 | AG43: =ROUND((AP43),6) -> 0 | AH43: =(EW43) -> 11.39 | AI43: =(EX43) -> 0.13 | AJ43: =ROUND((AS43),6) -> 0 | AK43: 92.9 | AL43: 0 | AM43: 4.06 | AN43: 1.76 | AO43: 88.84 | AP43: 0 | AQ43: 11.39 | AR43: 0.13 | AS43: 0 | AT43: 80 | AU43: 68 | AV43: 1 | AW43: 1 | AZ43: 6.4 | BA43: 6.4 | BB43: 6.4 | BC43: 6.4 | BH43: 0 | BI43: 1 | BJ43: ФЕР-2001, 57-2-1, приказ Минстроя России №1039/пр от 30.12.2016г. | BM43: 57001 | BN43: 0 | BP43: 0 | BQ43: 6 | BR43: 0 | BS43: 6.4 | BT43: 1 | BU43: 1 | BV43: 1 | BW43: 1 | BX43: 1 | BZ43: 80 | CA43: 68 | CF43: 0 | CG43: 0 | CM43: 0 | CO43: 0 | CP43: =(P43+Q43+S43) -> 957.24 | CQ43: =AC43*BC43 -> 0 | CR43: =AD43*BB43 -> 25.984 | CS43: =AE43*BS43 -> 11.264 | CT43: =AF43*BA43 -> 568.576 | CU43: =AG43 -> 0 | CV43: =AH43 -> 11.39 | CW43: =AI43 -> 0.13 | CX43: =AJ43 -> 0 | CY43: =(((S43+R43)*AT43)/100) -> 746.84 | CZ43: =(((S43+R43)*AU43)/100) -> 634.814 | DN43: 0 | DO43: 0 | DP43: 1 | DQ43: 1 | DU43: 1005 | DV43: 100 м2 | DW43: 100 м2 | DX43: 100 | EE43: 26549139 | EF43: 6 | EG43: Ремонтно-строительные работы | EH43: 0 | EJ43: 1 | EK43: 57001 | EL43: Полы | EM43: рФЕР-57 | EQ43: 0 | ER43: 92.9 | ES43: 0 | ET43: 4.06 | EU43: 1.76 | EV43: 88.84 | EW43: 11.39 | EX43: 0.13 | EY43: 0 | FQ43: 0 | FR43: =ROUND(IF(AND(BH43=3,BI43=3),P43,0),2) -> 0 | FS43: 0 | FX43: 80 | FY43: 68 | GD43: 0 | GF43: -1228944231 | GG43: 1 | GH43: 1 | GI43: 4 | GJ43: 0 | GK43: =ROUND(R43*(S12)/100,2) -> 0 | GL43: =ROUND(IF(AND(BH43=3,BI43=3,FS43<>0),P43,0),2) -> 0 | GM43: =ROUND(O43+X43+Y43+GK43,2)+GX43 -> 2338.89 | GN43: =IF(OR(BI43=0,BI43=1),ROUND(O43+X43+Y43+GK43,2),0) -> 2338.89 | GO43: =IF(BI43=2,ROUND(O43+X43+Y43+GK43,2),0) -> 0 | GP43: =IF(BI43=4,ROUND(O43+X43+Y43+GK43,2)+GX43,0) -> 0 | GR43: 0 | GS43: 3 | GT43: 0 | GV43: =ROUND(GT43,6) -> 0 | GW43: 1 | GX43: =ROUND(GV43*GW43*I43,2) -> 0 | HA43: 0 | HB43: 0 | IK43: 0
A44: 18 | B44: 1 | C44: 80 | E44: 6,1 | F44: 01.7.07.07 | G44: Строительный мусор | H44: т | I44: =I42*J44 -> 0.7567 | J44: 0.47 | O44: =ROUND(CP44,2) -> 0 | P44: =ROUND(CQ44*I44,2) -> 0 | Q44: =ROUND(CR44*I44,2) -> 0 | R44: =ROUND(CS44*I44,2) -> 0 | S44: =ROUND(CT44*I44,2) -> 0 | T44: =ROUND(CU44*I44,2) -> 0 | U44: =CV44*I44 -> 0 | V44: =CW44*I44 -> 0 | W44: =ROUND(CX44*I44,2) -> 0 | X44: =ROUND(CY44,2) -> 0 | Y44: =ROUND(CZ44,2) -> 0 | AA44: 26834263 | AB44: =ROUND((AC44+AD44+AF44),6) -> 0 | AC44: =ROUND((ES44),6) -> 0 | AD44: =ROUND((((ET44)-(EU44))+AE44),6) -> 0 | AE44: =ROUND((EU44),6) -> 0 | AF44: =ROUND((EV44),6) -> 0 | AG44: =ROUND((AP44),6) -> 0 | AH44: =(EW44) -> 0 | AI44: =(EX44) -> 0 | AJ44: =ROUND((AS44),6) -> 0 | AK44: 0 | AL44: 0 | AM44: 0 | AN44: 0 | AO44: 0 | AP44: 0 | AQ44: 0 | AR44: 0 | AS44: 0 | AT44: 80 | AU44: 68 | AV44: 1 | AW44: 1 | AZ44: 1 | BA44: 1 | BB44: 1 | BC44: 1 | BH44: 3 | BI44: 1 | BM44: 57001 | BN44: 0 | BP44: 0 | BQ44: 6 | BR44: 0 | BS44: 1 | BT44: 1 | BU44: 1 | BV44: 1 | BW44: 1 | BX44: 1 | BZ44: 80 | CA44: 68 | CF44: 0 | CG44: 0 | CM44: 0 | CO44: 0 | CP44: =(P44+Q44+S44) -> 0 | CQ44: =AC44*BC44 -> 0 | CR44: =AD44*BB44 -> 0 | CS44: =AE44*BS44 -> 0 | CT44: =AF44*BA44 -> 0 | CU44: =AG44 -> 0 | CV44: =AH44 -> 0 | CW44: =AI44 -> 0 | CX44: =AJ44 -> 0 | CY44: =(((S44+R44)*AT44)/100) -> 0 | CZ44: =(((S44+R44)*AU44)/100) -> 0 | DN44: 0 | DO44: 0 | DP44: 1 | DQ44: 1 | DU44: 1009 | DV44: т | DW44: т | DX44: 1000 | EE44: 26549139 | EF44: 6 | EG44: Ремонтно-строительные работы | EH44: 0 | EJ44: 1 | EK44: 57001 | EL44: Полы | EM44: рФЕР-57 | EQ44: 0 | ER44: 0 | ES44: 0 | ET44: 0 | EU44: 0 | EV44: 0 | EW44: 0 | EX44: 0 | FQ44: 0 | FR44: =ROUND(IF(AND(BH44=3,BI44=3),P44,0),2) -> 0 | FS44: 0 | FX44: 80 | FY44: 68 | GA44: занесена вручную | GD44: 0 | GF44: -179832266 | GG44: 2 | GH44: 1 | GI44: -2 | GJ44: 0 | GK44: =ROUND(R44*(R12)/100,2) -> 0 | GL44: =ROUND(IF(AND(BH44=3,BI44=3,FS44<>0),P44,0),2) -> 0 | GM44: =ROUND(O44+X44+Y44+GK44,2)+GX44 -> 0 | GN44: =IF(OR(BI44=0,BI44=1),ROUND(O44+X44+Y44+GK44,2),0) -> 0 | GO44: =IF(BI44=2,ROUND(O44+X44+Y44+GK44,2),0) -> 0 | GP44: =IF(BI44=4,ROUND(O44+X44+Y44+GK44,2)+GX44,0) -> 0 | GR44: 0 | GS44: 4 | GT44: 0 | GV44: =ROUND(GT44,6) -> 0 | GW44: 1 | GX44: =ROUND(GV44*GW44*I44,2) -> 0 | HA44: 0 | HB44: 0 | IK44: 0
A45: 18 | B45: 1 | C45: 84 | E45: 6,1 | F45: 01.7.07.07 | G45: Строительный мусор | H45: т | I45: =I43*J45 -> 0.7567 | J45: 0.47 | O45: =ROUND(CP45,2) -> 0 | P45: =ROUND(CQ45*I45,2) -> 0 | Q45: =ROUND(CR45*I45,2) -> 0 | R45: =ROUND(CS45*I45,2) -> 0 | S45: =ROUND(CT45*I45,2) -> 0 | T45: =ROUND(CU45*I45,2) -> 0 | U45: =CV45*I45 -> 0 | V45: =CW45*I45 -> 0 | W45: =ROUND(CX45*I45,2) -> 0 | X45: =ROUND(CY45,2) -> 0 | Y45: =ROUND(CZ45,2) -> 0 | AA45: 26834277 | AB45: =ROUND((AC45+AD45+AF45),6) -> 0 | AC45: =ROUND((ES45),6) -> 0 | AD45: =ROUND((((ET45)-(EU45))+AE45),6) -> 0 | AE45: =ROUND((EU45),6) -> 0 | AF45: =ROUND((EV45),6) -> 0 | AG45: =ROUND((AP45),6) -> 0 | AH45: =(EW45) -> 0 | AI45: =(EX45) -> 0 | AJ45: =ROUND((AS45),6) -> 0 | AK45: 0 | AL45: 0 | AM45: 0 | AN45: 0 | AO45: 0 | AP45: 0 | AQ45: 0 | AR45: 0 | AS45: 0 | AT45: 80 | AU45: 68 | AV45: 1 | AW45: 1 | AZ45: 6.4 | BA45: 1 | BB45: 1 | BC45: 6.4 | BH45: 3 | BI45: 1 | BM45: 57001 | BN45: 0 | BP45: 0 | BQ45: 6 | BR45: 0 | BS45: 1 | BT45: 1 | BU45: 1 | BV45: 1 | BW45: 1 | BX45: 1 | BZ45: 80 | CA45: 68 | CF45: 0 | CG45: 0 | CM45: 0 | CO45: 0 | CP45: =(P45+Q45+S45) -> 0 | CQ45: =AC45*BC45 -> 0 | CR45: =AD45*BB45 -> 0 | CS45: =AE45*BS45 -> 0 | CT45: =AF45*BA45 -> 0 | CU45: =AG45 -> 0 | CV45: =AH45 -> 0 | CW45: =AI45 -> 0 | CX45: =AJ45 -> 0 | CY45: =(((S45+R45)*AT45)/100) -> 0 | CZ45: =(((S45+R45)*AU45)/100) -> 0 | DN45: 0 | DO45: 0 | DP45: 1 | DQ45: 1 | DU45: 1009 | DV45: т | DW45: т | DX45: 1000 | EE45: 26549139 | EF45: 6 | EG45: Ремонтно-строительные работы | EH45: 0 | EJ45: 1 | EK45: 57001 | EL45: Полы | EM45: рФЕР-57 | EQ45: 0 | ER45: 0 | ES45: 0 | ET45: 0 | EU45: 0 | EV45: 0 | EW45: 0 | EX45: 0 | FQ45: 0 | FR45: =ROUND(IF(AND(BH45=3,BI45=3),P45,0),2) -> 0 | FS45: 0 | FX45: 80 | FY45: 68 | GA45: занесена вручную | GD45: 0 | GF45: -179832266 | GG45: 1 | GH45: 1 | GI45: 4 | GJ45: 0 | GK45: =ROUND(R45*(S12)/100,2) -> 0 | GL45: =ROUND(IF(AND(BH45=3,BI45=3,FS45<>0),P45,0),2) -> 0 | GM45: =ROUND(O45+X45+Y45+GK45,2)+GX45 -> 0 | GN45: =IF(OR(BI45=0,BI45=1),ROUND(O45+X45+Y45+GK45,2),0) -> 0 | GO45: =IF(BI45=2,ROUND(O45+X45+Y45+GK45,2),0) -> 0 | GP45: =IF(BI45=4,ROUND(O45+X45+Y45+GK45,2)+GX45,0) -> 0 | GR45: 0 | GS45: 4 | GT45: 0 | GV45: =ROUND(GT45,6) -> 0 | GW45: 1 | GX45: =ROUND(GV45*GW45*I45,2) -> 0 | HA45: 0 | HB45: 0 | IK45: 0
A46: 17 | B46: 1 | C46: =ROW(SmtRes!A86) -> 86 | D46: =ROW(EtalonRes!A92) -> 92 | E46: 7 | F46: 57-3-2 | G46: Разборка плинтусов цементных и из керамической плитки | H46: 100 м | I46: =ROUND((17.9+18.2+17.9)/100,9) -> 0.54 | J46: 0 | O46: =ROUND(CP46,2) -> 60.15 | P46: =ROUND(CQ46*I46,2) -> 0 | Q46: =ROUND(CR46*I46,2) -> 0 | R46: =ROUND(CS46*I46,2) -> 0 | S46: =ROUND(CT46*I46,2) -> 60.15 | T46: =ROUND(CU46*I46,2) -> 0 | U46: =CV46*I46 -> 7.7112 | V46: =CW46*I46 -> 0 | W46: =ROUND(CX46*I46,2) -> 0 | X46: =ROUND(CY46,2) -> 48.12 | Y46: =ROUND(CZ46,2) -> 40.9 | AA46: 26834263 | AB46: =ROUND((AC46+AD46+AF46),6) -> 111.38 | AC46: =ROUND((ES46),6) -> 0 | AD46: =ROUND((((ET46)-(EU46))+AE46),6) -> 0 | AE46: =ROUND((EU46),6) -> 0 | AF46: =ROUND((EV46),6) -> 111.38 | AG46: =ROUND((AP46),6) -> 0 | AH46: =(EW46) -> 14.28 | AI46: =(EX46) -> 0 | AJ46: =ROUND((AS46),6) -> 0 | AK46: 111.38 | AL46: 0 | AM46: 0 | AN46: 0 | AO46: 111.38 | AP46: 0 | AQ46: 14.28 | AR46: 0 | AS46: 0 | AT46: 80 | AU46: 68 | AV46: 1 | AW46: 1 | AZ46: 1 | BA46: 1 | BB46: 1 | BC46: 1 | BH46: 0 | BI46: 1 | BJ46: ФЕР-2001, 57-3-2, приказ Минстроя России №1039/пр от 30.12.2016г. | BM46: 57001 | BN46: 0 | BP46: 0 | BQ46: 6 | BR46: 0 | BS46: 1 | BT46: 1 | BU46: 1 | BV46: 1 | BW46: 1 | BX46: 1 | BZ46: 80 | CA46: 68 | CF46: 0 | CG46: 0 | CM46: 0 | CO46: 0 | CP46: =(P46+Q46+S46) -> 60.15 | CQ46: =AC46*BC46 -> 0 | CR46: =AD46*BB46 -> 0 | CS46: =AE46*BS46 -> 0 | CT46: =AF46*BA46 -> 111.38 | CU46: =AG46 -> 0 | CV46: =AH46 -> 14.28 | CW46: =AI46 -> 0 | CX46: =AJ46 -> 0 | CY46: =(((S46+R46)*AT46)/100) -> 48.12 | CZ46: =(((S46+R46)*AU46)/100) -> 40.902 | DN46: 0 | DO46: 0 | DP46: 1 | DQ46: 1 | DU46: 1003 | DV46: 100 м | DW46: 100 м | DX46: 100 | EE46: 26549139 | EF46: 6 | EG46: Ремонтно-строительные работы | EH46: 0 | EJ46: 1 | EK46: 57001 | EL46: Полы | EM46: рФЕР-57 | EQ46: 0 | ER46: 111.38 | ES46: 0 | ET46: 0 | EU46: 0 | EV46: 111.38 | EW46: 14.28 | EX46: 0 | EY46: 0 | FQ46: 0 | FR46: =ROUND(IF(AND(BH46=3,BI46=3),P46,0),2) -> 0 | FS46: 0 | FX46: 80 | FY46: 68 | GD46: 0 | GF46: -1480636884 | GG46: 2 | GH46: 1 | GI46: -2 | GJ46: 0 | GK46: =ROUND(R46*(R12)/100,2) -> 0 | GL46: =ROUND(IF(AND(BH46=3,BI46=3,FS46<>0),P46,0),2) -> 0 | GM46: =ROUND(O46+X46+Y46+GK46,2)+GX46 -> 149.17 | GN46: =IF(OR(BI46=0,BI46=1),ROUND(O46+X46+Y46+GK46,2),0) -> 149.17 | GO46: =IF(BI46=2,ROUND(O46+X46+Y46+GK46,2),0) -> 0 | GP46: =IF(BI46=4,ROUND(O46+X46+Y46+GK46,2)+GX46,0) -> 0 | GR46: 0 | GS46: 3 | GT46: 0 | GV46: =ROUND(GT46,6) -> 0 | GW46: 1 | GX46: =ROUND(GV46*GW46*I46,2) -> 0 | HA46: 0 | HB46: 0 | IK46: 0
A47: 17 | B47: 1 | C47: =ROW(SmtRes!A88) -> 88 | D47: =ROW(EtalonRes!A94) -> 94 | E47: 7 | F47: 57-3-2 | G47: Разборка плинтусов цементных и из керамической плитки | H47: 100 м | I47: =ROUND((17.9+18.2+17.9)/100,9) -> 0.54 | J47: 0 | O47: =ROUND(CP47,2) -> 384.93 | P47: =ROUND(CQ47*I47,2) -> 0 | Q47: =ROUND(CR47*I47,2) -> 0 | R47: =ROUND(CS47*I47,2) -> 0 | S47: =ROUND(CT47*I47,2) -> 384.93 | T47: =ROUND(CU47*I47,2) -> 0 | U47: =CV47*I47 -> 7.7112 | V47: =CW47*I47 -> 0 | W47: =ROUND(CX47*I47,2) -> 0 | X47: =ROUND(CY47,2) -> 307.94 | Y47: =ROUND(CZ47,2) -> 261.75 | AA47: 26834277 | AB47: =ROUND((AC47+AD47+AF47),6) -> 111.38 | AC47: =ROUND((ES47),6) -> 0 | AD47: =ROUND((((ET47)-(EU47))+AE47),6) -> 0 | AE47: =ROUND((EU47),6) -> 0 | AF47: =ROUND((EV47),6) -> 111.38 | AG47: =ROUND((AP47),6) -> 0 | AH47: =(EW47) -> 14.28 | AI47: =(EX47) -> 0 | AJ47: =ROUND((AS47),6) -> 0 | AK47: 111.38 | AL47: 0 | AM47: 0 | AN47: 0 | AO47: 111.38 | AP47: 0 | AQ47: 14.28 | AR47: 0 | AS47: 0 | AT47: 80 | AU47: 68 | AV47: 1 | AW47: 1 | AZ47: 6.4 | BA47: 6.4 | BB47: 6.4 | BC47: 6.4 | BH47: 0 | BI47: 1 | BJ47: ФЕР-2001, 57-3-2, приказ Минстроя России №1039/пр от 30.12.2016г. | BM47: 57001 | BN47: 0 | BP47: 0 | BQ47: 6 | BR47: 0 | BS47: 6.4 | BT47: 1 | BU47: 1 | BV47: 1 | BW47: 1 | BX47: 1 | BZ47: 80 | CA47: 68 | CF47: 0 | CG47: 0 | CM47: 0 | CO47: 0 | CP47: =(P47+Q47+S47) -> 384.93 | CQ47: =AC47*BC47 -> 0 | CR47: =AD47*BB47 -> 0 | CS47: =AE47*BS47 -> 0 | CT47: =AF47*BA47 -> 712.832 | CU47: =AG47 -> 0 | CV47: =AH47 -> 14.28 | CW47: =AI47 -> 0 | CX47: =AJ47 -> 0 | CY47: =(((S47+R47)*AT47)/100) -> 307.944 | CZ47: =(((S47+R47)*AU47)/100) -> 261.7524 | DN47: 0 | DO47: 0 | DP47: 1 | DQ47: 1 | DU47: 1003 | DV47: 100 м | DW47: 100 м | DX47: 100 | EE47: 26549139 | EF47: 6 | EG47: Ремонтно-строительные работы | EH47: 0 | EJ47: 1 | EK47: 57001 | EL47: Полы | EM47: рФЕР-57 | EQ47: 0 | ER47: 111.38 | ES47: 0 | ET47: 0 | EU47: 0 | EV47: 111.38 | EW47: 14.28 | EX47: 0 | EY47: 0 | FQ47: 0 | FR47: =ROUND(IF(AND(BH47=3,BI47=3),P47,0),2) -> 0 | FS47: 0 | FX47: 80 | FY47: 68 | GD47: 0 | GF47: -1480636884 | GG47: 1 | GH47: 1 | GI47: 4 | GJ47: 0 | GK47: =ROUND(R47*(S12)/100,2) -> 0 | GL47: =ROUND(IF(AND(BH47=3,BI47=3,FS47<>0),P47,0),2) -> 0 | GM47: =ROUND(O47+X47+Y47+GK47,2)+GX47 -> 954.62 | GN47: =IF(OR(BI47=0,BI47=1),ROUND(O47+X47+Y47+GK47,2),0) -> 954.62 | GO47: =IF(BI47=2,ROUND(O47+X47+Y47+GK47,2),0) -> 0 | GP47: =IF(BI47=4,ROUND(O47+X47+Y47+GK47,2)+GX47,0) -> 0 | GR47: 0 | GS47: 3 | GT47: 0 | GV47: =ROUND(GT47,6) -> 0 | GW47: 1 | GX47: =ROUND(GV47*GW47*I47,2) -> 0 | HA47: 0 | HB47: 0 | IK47: 0
A48: 18 | B48: 1 | C48: 86 | E48: 7,1 | F48: 01.7.07.07 | G48: Строительный мусор | H48: т | I48: =I46*J48 -> 0.3348 | J48: 0.62 | O48: =ROUND(CP48,2) -> 0 | P48: =ROUND(CQ48*I48,2) -> 0 | Q48: =ROUND(CR48*I48,2) -> 0 | R48: =ROUND(CS48*I48,2) -> 0 | S48: =ROUND(CT48*I48,2) -> 0 | T48: =ROUND(CU48*I48,2) -> 0 | U48: =CV48*I48 -> 0 | V48: =CW48*I48 -> 0 | W48: =ROUND(CX48*I48,2) -> 0 | X48: =ROUND(CY48,2) -> 0 | Y48: =ROUND(CZ48,2) -> 0 | AA48: 26834263 | AB48: =ROUND((AC48+AD48+AF48),6) -> 0 | AC48: =ROUND((ES48),6) -> 0 | AD48: =ROUND((((ET48)-(EU48))+AE48),6) -> 0 | AE48: =ROUND((EU48),6) -> 0 | AF48: =ROUND((EV48),6) -> 0 | AG48: =ROUND((AP48),6) -> 0 | AH48: =(EW48) -> 0 | AI48: =(EX48) -> 0 | AJ48: =ROUND((AS48),6) -> 0 | AK48: 0 | AL48: 0 | AM48: 0 | AN48: 0 | AO48: 0 | AP48: 0 | AQ48: 0 | AR48: 0 | AS48: 0 | AT48: 80 | AU48: 68 | AV48: 1 | AW48: 1 | AZ48: 1 | BA48: 1 | BB48: 1 | BC48: 1 | BH48: 3 | BI48: 1 | BM48: 57001 | BN48: 0 | BP48: 0 | BQ48: 6 | BR48: 0 | BS48: 1 | BT48: 1 | BU48: 1 | BV48: 1 | BW48: 1 | BX48: 1 | BZ48: 80 | CA48: 68 | CF48: 0 | CG48: 0 | CM48: 0 | CO48: 0 | CP48: =(P48+Q48+S48) -> 0 | CQ48: =AC48*BC48 -> 0 | CR48: =AD48*BB48 -> 0 | CS48: =AE48*BS48 -> 0 | CT48: =AF48*BA48 -> 0 | CU48: =AG48 -> 0 | CV48: =AH48 -> 0 | CW48: =AI48 -> 0 | CX48: =AJ48 -> 0 | CY48: =(((S48+R48)*AT48)/100) -> 0 | CZ48: =(((S48+R48)*AU48)/100) -> 0 | DN48: 0 | DO48: 0 | DP48: 1 | DQ48: 1 | DU48: 1009 | DV48: т | DW48: т | DX48: 1000 | EE48: 26549139 | EF48: 6 | EG48: Ремонтно-строительные работы | EH48: 0 | EJ48: 1 | EK48: 57001 | EL48: Полы | EM48: рФЕР-57 | EQ48: 0 | ER48: 0 | ES48: 0 | ET48: 0 | EU48: 0 | EV48: 0 | EW48: 0 | EX48: 0 | FQ48: 0 | FR48: =ROUND(IF(AND(BH48=3,BI48=3),P48,0),2) -> 0 | FS48: 0 | FX48: 80 | FY48: 68 | GA48: занесена вручную | GD48: 0 | GF48: -179832266 | GG48: 2 | GH48: 1 | GI48: -2 | GJ48: 0 | GK48: =ROUND(R48*(R12)/100,2) -> 0 | GL48: =ROUND(IF(AND(BH48=3,BI48=3,FS48<>0),P48,0),2) -> 0 | GM48: =ROUND(O48+X48+Y48+GK48,2)+GX48 -> 0 | GN48: =IF(OR(BI48=0,BI48=1),ROUND(O48+X48+Y48+GK48,2),0) -> 0 | GO48: =IF(BI48=2,ROUND(O48+X48+Y48+GK48,2),0) -> 0 | GP48: =IF(BI48=4,ROUND(O48+X48+Y48+GK48,2)+GX48,0) -> 0 | GR48: 0 | GS48: 4 | GT48: 0 | GV48: =ROUND(GT48,6) -> 0 | GW48: 1 | GX48: =ROUND(GV48*GW48*I48,2) -> 0 | HA48: 0 | HB48: 0 | IK48: 0
A49: 18 | B49: 1 | C49: 88 | E49: 7,1 | F49: 01.7.07.07 | G49: Строительный мусор | H49: т | I49: =I47*J49 -> 0.3348 | J49: 0.62 | O49: =ROUND(CP49,2) -> 0 | P49: =ROUND(CQ49*I49,2) -> 0 | Q49: =ROUND(CR49*I49,2) -> 0 | R49: =ROUND(CS49*I49,2) -> 0 | S49: =ROUND(CT49*I49,2) -> 0 | T49: =ROUND(CU49*I49,2) -> 0 | U49: =CV49*I49 -> 0 | V49: =CW49*I49 -> 0 | W49: =ROUND(CX49*I49,2) -> 0 | X49: =ROUND(CY49,2) -> 0 | Y49: =ROUND(CZ49,2) -> 0 | AA49: 26834277 | AB49: =ROUND((AC49+AD49+AF49),6) -> 0 | AC49: =ROUND((ES49),6) -> 0 | AD49: =ROUND((((ET49)-(EU49))+AE49),6) -> 0 | AE49: =ROUND((EU49),6) -> 0 | AF49: =ROUND((EV49),6) -> 0 | AG49: =ROUND((AP49),6) -> 0 | AH49: =(EW49) -> 0 | AI49: =(EX49) -> 0 | AJ49: =ROUND((AS49),6) -> 0 | AK49: 0 | AL49: 0 | AM49: 0 | AN49: 0 | AO49: 0 | AP49: 0 | AQ49: 0 | AR49: 0 | AS49: 0 | AT49: 80 | AU49: 68 | AV49: 1 | AW49: 1 | AZ49: 6.4 | BA49: 1 | BB49: 1 | BC49: 6.4 | BH49: 3 | BI49: 1 | BM49: 57001 | BN49: 0 | BP49: 0 | BQ49: 6 | BR49: 0 | BS49: 1 | BT49: 1 | BU49: 1 | BV49: 1 | BW49: 1 | BX49: 1 | BZ49: 80 | CA49: 68 | CF49: 0 | CG49: 0 | CM49: 0 | CO49: 0 | CP49: =(P49+Q49+S49) -> 0 | CQ49: =AC49*BC49 -> 0 | CR49: =AD49*BB49 -> 0 | CS49: =AE49*BS49 -> 0 | CT49: =AF49*BA49 -> 0 | CU49: =AG49 -> 0 | CV49: =AH49 -> 0 | CW49: =AI49 -> 0 | CX49: =AJ49 -> 0 | CY49: =(((S49+R49)*AT49)/100) -> 0 | CZ49: =(((S49+R49)*AU49)/100) -> 0 | DN49: 0 | DO49: 0 | DP49: 1 | DQ49: 1 | DU49: 1009 | DV49: т | DW49: т | DX49: 1000 | EE49: 26549139 | EF49: 6 | EG49: Ремонтно-строительные работы | EH49: 0 | EJ49: 1 | EK49: 57001 | EL49: Полы | EM49: рФЕР-57 | EQ49: 0 | ER49: 0 | ES49: 0 | ET49: 0 | EU49: 0 | EV49: 0 | EW49: 0 | EX49: 0 | FQ49: 0 | FR49: =ROUND(IF(AND(BH49=3,BI49=3),P49,0),2) -> 0 | FS49: 0 | FX49: 80 | FY49: 68 | GA49: занесена вручную | GD49: 0 | GF49: -179832266 | GG49: 1 | GH49: 1 | GI49: 4 | GJ49: 0 | GK49: =ROUND(R49*(S12)/100,2) -> 0 | GL49: =ROUND(IF(AND(BH49=3,BI49=3,FS49<>0),P49,0),2) -> 0 | GM49: =ROUND(O49+X49+Y49+GK49,2)+GX49 -> 0 | GN49: =IF(OR(BI49=0,BI49=1),ROUND(O49+X49+Y49+GK49,2),0) -> 0 | GO49: =IF(BI49=2,ROUND(O49+X49+Y49+GK49,2),0) -> 0 | GP49: =IF(BI49=4,ROUND(O49+X49+Y49+GK49,2)+GX49,0) -> 0 | GR49: 0 | GS49: 4 | GT49: 0 | GV49: =ROUND(GT49,6) -> 0 | GW49: 1 | GX49: =ROUND(GV49*GW49*I49,2) -> 0 | HA49: 0 | HB49: 0 | IK49: 0
A50: 17 | B50: 1 | C50: =ROW(SmtRes!A92) -> 92 | D50: =ROW(EtalonRes!A98) -> 98 | E50: 8 | F50: 57-2-3 | G50: Разборка покрытий полов из керамических плиток | H50: 100 м2 | I50: =ROUND((23.4+24+23)/100,9) -> 0.704 | J50: 0 | O50: =ROUND(CP50,2) -> 451.27 | P50: =ROUND(CQ50*I50,2) -> 0 | Q50: =ROUND(CR50*I50,2) -> 31.69 | R50: =ROUND(CS50*I50,2) -> 13.69 | S50: =ROUND(CT50*I50,2) -> 419.58 | T50: =ROUND(CU50*I50,2) -> 0 | U50: =CV50*I50 -> 49.18848 | V50: =CW50*I50 -> 1.01376 | W50: =ROUND(CX50*I50,2) -> 0 | X50: =ROUND(CY50,2) -> 346.62 | Y50: =ROUND(CZ50,2) -> 294.62 | AA50: 26834263 | AB50: =ROUND((AC50+AD50+AF50),6) -> 641 | AC50: =ROUND((ES50),6) -> 0 | AD50: =ROUND((((ET50)-(EU50))+AE50),6) -> 45.01 | AE50: =ROUND((EU50),6) -> 19.44 | AF50: =ROUND((EV50),6) -> 595.99 | AG50: =ROUND((AP50),6) -> 0 | AH50: =(EW50) -> 69.87 | AI50: =(EX50) -> 1.44 | AJ50: =ROUND((AS50),6) -> 0 | AK50: 641 | AL50: 0 | AM50: 45.01 | AN50: 19.44 | AO50: 595.99 | AP50: 0 | AQ50: 69.87 | AR50: 1.44 | AS50: 0 | AT50: 80 | AU50: 68 | AV50: 1 | AW50: 1 | AZ50: 1 | BA50: 1 | BB50: 1 | BC50: 1 | BH50: 0 | BI50: 1 | BJ50: ФЕР-2001, 57-2-3, приказ Минстроя России №1039/пр от 30.12.2016г. | BM50: 57001 | BN50: 0 | BP50: 0 | BQ50: 6 | BR50: 0 | BS50: 1 | BT50: 1 | BU50: 1 | BV50: 1 | BW50: 1 | BX50: 1 | BZ50: 80 | CA50: 68 | CF50: 0 | CG50: 0 | CM50: 0 | CO50: 0 | CP50: =(P50+Q50+S50) -> 451.27 | CQ50: =AC50*BC50 -> 0 | CR50: =AD50*BB50 -> 45.01 | CS50: =AE50*BS50 -> 19.44 | CT50: =AF50*BA50 -> 595.99 | CU50: =AG50 -> 0 | CV50: =AH50 -> 69.87 | CW50: =AI50 -> 1.44 | CX50: =AJ50 -> 0 | CY50: =(((S50+R50)*AT50)/100) -> 346.616 | CZ50: =(((S50+R50)*AU50)/100) -> 294.6236 | DN50: 0 | DO50: 0 | DP50: 1 | DQ50: 1 | DU50: 1005 | DV50: 100 м2 | DW50: 100 м2 | DX50: 100 | EE50: 26549139 | EF50: 6 | EG50: Ремонтно-строительные работы | EH50: 0 | EJ50: 1 | EK50: 57001 | EL50: Полы | EM50: рФЕР-57 | EQ50: 0 | ER50: 641 | ES50: 0 | ET50: 45.01 | EU50: 19.44 | EV50: 595.99 | EW50: 69.87 | EX50: 1.44 | EY50: 0 | FQ50: 0 | FR50: =ROUND(IF(AND(BH50=3,BI50=3),P50,0),2) -> 0 | FS50: 0 | FX50: 80 | FY50: 68 | GD50: 0 | GF50: 1406297217 | GG50: 2 | GH50: 1 | GI50: -2 | GJ50: 0 | GK50: =ROUND(R50*(R12)/100,2) -> 0 | GL50: =ROUND(IF(AND(BH50=3,BI50=3,FS50<>0),P50,0),2) -> 0 | GM50: =ROUND(O50+X50+Y50+GK50,2)+GX50 -> 1092.51 | GN50: =IF(OR(BI50=0,BI50=1),ROUND(O50+X50+Y50+GK50,2),0) -> 1092.51 | GO50: =IF(BI50=2,ROUND(O50+X50+Y50+GK50,2),0) -> 0 | GP50: =IF(BI50=4,ROUND(O50+X50+Y50+GK50,2)+GX50,0) -> 0 | GR50: 0 | GS50: 3 | GT50: 0 | GV50: =ROUND(GT50,6) -> 0 | GW50: 1 | GX50: =ROUND(GV50*GW50*I50,2) -> 0 | HA50: 0 | HB50: 0 | IK50: 0
A51: 17 | B51: 1 | C51: =ROW(SmtRes!A96) -> 96 | D51: =ROW(EtalonRes!A102) -> 102 | E51: 8 | F51: 57-2-3 | G51: Разборка покрытий полов из керамических плиток | H51: 100 м2 | I51: =ROUND((23.4+24+23)/100,9) -> 0.704 | J51: 0 | O51: =ROUND(CP51,2) -> 2888.09 | P51: =ROUND(CQ51*I51,2) -> 0 | Q51: =ROUND(CR51*I51,2) -> 202.8 | R51: =ROUND(CS51*I51,2) -> 87.59 | S51: =ROUND(CT51*I51,2) -> 2685.29 | T51: =ROUND(CU51*I51,2) -> 0 | U51: =CV51*I51 -> 49.18848 | V51: =CW51*I51 -> 1.01376 | W51: =ROUND(CX51*I51,2) -> 0 | X51: =ROUND(CY51,2) -> 2218.3 | Y51: =ROUND(CZ51,2) -> 1885.56 | AA51: 26834277 | AB51: =ROUND((AC51+AD51+AF51),6) -> 641 | AC51: =ROUND((ES51),6) -> 0 | AD51: =ROUND((((ET51)-(EU51))+AE51),6) -> 45.01 | AE51: =ROUND((EU51),6) -> 19.44 | AF51: =ROUND((EV51),6) -> 595.99 | AG51: =ROUND((AP51),6) -> 0 | AH51: =(EW51) -> 69.87 | AI51: =(EX51) -> 1.44 | AJ51: =ROUND((AS51),6) -> 0 | AK51: 641 | AL51: 0 | AM51: 45.01 | AN51: 19.44 | AO51: 595.99 | AP51: 0 | AQ51: 69.87 | AR51: 1.44 | AS51: 0 | AT51: 80 | AU51: 68 | AV51: 1 | AW51: 1 | AZ51: 6.4 | BA51: 6.4 | BB51: 6.4 | BC51: 6.4 | BH51: 0 | BI51: 1 | BJ51: ФЕР-2001, 57-2-3, приказ Минстроя России №1039/пр от 30.12.2016г. | BM51: 57001 | BN51: 0 | BP51: 0 | BQ51: 6 | BR51: 0 | BS51: 6.4 | BT51: 1 | BU51: 1 | BV51: 1 | BW51: 1 | BX51: 1 | BZ51: 80 | CA51: 68 | CF51: 0 | CG51: 0 | CM51: 0 | CO51: 0 | CP51: =(P51+Q51+S51) -> 2888.09 | CQ51: =AC51*BC51 -> 0 | CR51: =AD51*BB51 -> 288.064 | CS51: =AE51*BS51 -> 124.416 | CT51: =AF51*BA51 -> 3814.336 | CU51: =AG51 -> 0 | CV51: =AH51 -> 69.87 | CW51: =AI51 -> 1.44 | CX51: =AJ51 -> 0 | CY51: =(((S51+R51)*AT51)/100) -> 2218.304 | CZ51: =(((S51+R51)*AU51)/100) -> 1885.5584 | DN51: 0 | DO51: 0 | DP51: 1 | DQ51: 1 | DU51: 1005 | DV51: 100 м2 | DW51: 100 м2 | DX51: 100 | EE51: 26549139 | EF51: 6 | EG51: Ремонтно-строительные работы | EH51: 0 | EJ51: 1 | EK51: 57001 | EL51: Полы | EM51: рФЕР-57 | EQ51: 0 | ER51: 641 | ES51: 0 | ET51: 45.01 | EU51: 19.44 | EV51: 595.99 | EW51: 69.87 | EX51: 1.44 | EY51: 0 | FQ51: 0 | FR51: =ROUND(IF(AND(BH51=3,BI51=3),P51,0),2) -> 0 | FS51: 0 | FX51: 80 | FY51: 68 | GD51: 0 | GF51: 1406297217 | GG51: 1 | GH51: 1 | GI51: 4 | GJ51: 0 | GK51: =ROUND(R51*(S12)/100,2) -> 0 | GL51: =ROUND(IF(AND(BH51=3,BI51=3,FS51<>0),P51,0),2) -> 0 | GM51: =ROUND(O51+X51+Y51+GK51,2)+GX51 -> 6991.95 | GN51: =IF(OR(BI51=0,BI51=1),ROUND(O51+X51+Y51+GK51,2),0) -> 6991.95 | GO51: =IF(BI51=2,ROUND(O51+X51+Y51+GK51,2),0) -> 0 | GP51: =IF(BI51=4,ROUND(O51+X51+Y51+GK51,2)+GX51,0) -> 0 | GR51: 0 | GS51: 3 | GT51: 0 | GV51: =ROUND(GT51,6) -> 0 | GW51: 1 | GX51: =ROUND(GV51*GW51*I51,2) -> 0 | HA51: 0 | HB51: 0 | IK51: 0
A52: 18 | B52: 1 | C52: 92 | E52: 8,1 | F52: 01.7.07.07 | G52: Строительный мусор | H52: т | I52: =I50*J52 -> 3.6608 | J52: 5.2 | O52: =ROUND(CP52,2) -> 0 | P52: =ROUND(CQ52*I52,2) -> 0 | Q52: =ROUND(CR52*I52,2) -> 0 | R52: =ROUND(CS52*I52,2) -> 0 | S52: =ROUND(CT52*I52,2) -> 0 | T52: =ROUND(CU52*I52,2) -> 0 | U52: =CV52*I52 -> 0 | V52: =CW52*I52 -> 0 | W52: =ROUND(CX52*I52,2) -> 0 | X52: =ROUND(CY52,2) -> 0 | Y52: =ROUND(CZ52,2) -> 0 | AA52: 26834263 | AB52: =ROUND((AC52+AD52+AF52),6) -> 0 | AC52: =ROUND((ES52),6) -> 0 | AD52: =ROUND((((ET52)-(EU52))+AE52),6) -> 0 | AE52: =ROUND((EU52),6) -> 0 | AF52: =ROUND((EV52),6) -> 0 | AG52: =ROUND((AP52),6) -> 0 | AH52: =(EW52) -> 0 | AI52: =(EX52) -> 0 | AJ52: =ROUND((AS52),6) -> 0 | AK52: 0 | AL52: 0 | AM52: 0 | AN52: 0 | AO52: 0 | AP52: 0 | AQ52: 0 | AR52: 0 | AS52: 0 | AT52: 80 | AU52: 68 | AV52: 1 | AW52: 1 | AZ52: 1 | BA52: 1 | BB52: 1 | BC52: 1 | BH52: 3 | BI52: 1 | BM52: 57001 | BN52: 0 | BP52: 0 | BQ52: 6 | BR52: 0 | BS52: 1 | BT52: 1 | BU52: 1 | BV52: 1 | BW52: 1 | BX52: 1 | BZ52: 80 | CA52: 68 | CF52: 0 | CG52: 0 | CM52: 0 | CO52: 0 | CP52: =(P52+Q52+S52) -> 0 | CQ52: =AC52*BC52 -> 0 | CR52: =AD52*BB52 -> 0 | CS52: =AE52*BS52 -> 0 | CT52: =AF52*BA52 -> 0 | CU52: =AG52 -> 0 | CV52: =AH52 -> 0 | CW52: =AI52 -> 0 | CX52: =AJ52 -> 0 | CY52: =(((S52+R52)*AT52)/100) -> 0 | CZ52: =(((S52+R52)*AU52)/100) -> 0 | DN52: 0 | DO52: 0 | DP52: 1 | DQ52: 1 | DU52: 1009 | DV52: т | DW52: т | DX52: 1000 | EE52: 26549139 | EF52: 6 | EG52: Ремонтно-строительные работы | EH52: 0 | EJ52: 1 | EK52: 57001 | EL52: Полы | EM52: рФЕР-57 | EQ52: 0 | ER52: 0 | ES52: 0 | ET52: 0 | EU52: 0 | EV52: 0 | EW52: 0 | EX52: 0 | FQ52: 0 | FR52: =ROUND(IF(AND(BH52=3,BI52=3),P52,0),2) -> 0 | FS52: 0 | FX52: 80 | FY52: 68 | GA52: занесена вручную | GD52: 0 | GF52: -179832266 | GG52: 2 | GH52: 1 | GI52: -2 | GJ52: 0 | GK52: =ROUND(R52*(R12)/100,2) -> 0 | GL52: =ROUND(IF(AND(BH52=3,BI52=3,FS52<>0),P52,0),2) -> 0 | GM52: =ROUND(O52+X52+Y52+GK52,2)+GX52 -> 0 | GN52: =IF(OR(BI52=0,BI52=1),ROUND(O52+X52+Y52+GK52,2),0) -> 0 | GO52: =IF(BI52=2,ROUND(O52+X52+Y52+GK52,2),0) -> 0 | GP52: =IF(BI52=4,ROUND(O52+X52+Y52+GK52,2)+GX52,0) -> 0 | GR52: 0 | GS52: 4 | GT52: 0 | GV52: =ROUND(GT52,6) -> 0 | GW52: 1 | GX52: =ROUND(GV52*GW52*I52,2) -> 0 | HA52: 0 | HB52: 0 | IK52: 0
A53: 18 | B53: 1 | C53: 96 | E53: 8,1 | F53: 01.7.07.07 | G53: Строительный мусор | H53: т | I53: =I51*J53 -> 3.6608 | J53: 5.2 | O53: =ROUND(CP53,2) -> 0 | P53: =ROUND(CQ53*I53,2) -> 0 | Q53: =ROUND(CR53*I53,2) -> 0 | R53: =ROUND(CS53*I53,2) -> 0 | S53: =ROUND(CT53*I53,2) -> 0 | T53: =ROUND(CU53*I53,2) -> 0 | U53: =CV53*I53 -> 0 | V53: =CW53*I53 -> 0 | W53: =ROUND(CX53*I53,2) -> 0 | X53: =ROUND(CY53,2) -> 0 | Y53: =ROUND(CZ53,2) -> 0 | AA53: 26834277 | AB53: =ROUND((AC53+AD53+AF53),6) -> 0 | AC53: =ROUND((ES53),6) -> 0 | AD53: =ROUND((((ET53)-(EU53))+AE53),6) -> 0 | AE53: =ROUND((EU53),6) -> 0 | AF53: =ROUND((EV53),6) -> 0 | AG53: =ROUND((AP53),6) -> 0 | AH53: =(EW53) -> 0 | AI53: =(EX53) -> 0 | AJ53: =ROUND((AS53),6) -> 0 | AK53: 0 | AL53: 0 | AM53: 0 | AN53: 0 | AO53: 0 | AP53: 0 | AQ53: 0 | AR53: 0 | AS53: 0 | AT53: 80 | AU53: 68 | AV53: 1 | AW53: 1 | AZ53: 6.4 | BA53: 1 | BB53: 1 | BC53: 6.4 | BH53: 3 | BI53: 1 | BM53: 57001 | BN53: 0 | BP53: 0 | BQ53: 6 | BR53: 0 | BS53: 1 | BT53: 1 | BU53: 1 | BV53: 1 | BW53: 1 | BX53: 1 | BZ53: 80 | CA53: 68 | CF53: 0 | CG53: 0 | CM53: 0 | CO53: 0 | CP53: =(P53+Q53+S53) -> 0 | CQ53: =AC53*BC53 -> 0 | CR53: =AD53*BB53 -> 0 | CS53: =AE53*BS53 -> 0 | CT53: =AF53*BA53 -> 0 | CU53: =AG53 -> 0 | CV53: =AH53 -> 0 | CW53: =AI53 -> 0 | CX53: =AJ53 -> 0 | CY53: =(((S53+R53)*AT53)/100) -> 0 | CZ53: =(((S53+R53)*AU53)/100) -> 0 | DN53: 0 | DO53: 0 | DP53: 1 | DQ53: 1 | DU53: 1009 | DV53: т | DW53: т | DX53: 1000 | EE53: 26549139 | EF53: 6 | EG53: Ремонтно-строительные работы | EH53: 0 | EJ53: 1 | EK53: 57001 | EL53: Полы | EM53: рФЕР-57 | EQ53: 0 | ER53: 0 | ES53: 0 | ET53: 0 | EU53: 0 | EV53: 0 | EW53: 0 | EX53: 0 | FQ53: 0 | FR53: =ROUND(IF(AND(BH53=3,BI53=3),P53,0),2) -> 0 | FS53: 0 | FX53: 80 | FY53: 68 | GA53: занесена вручную | GD53: 0 | GF53: -179832266 | GG53: 1 | GH53: 1 | GI53: 4 | GJ53: 0 | GK53: =ROUND(R53*(S12)/100,2) -> 0 | GL53: =ROUND(IF(AND(BH53=3,BI53=3,FS53<>0),P53,0),2) -> 0 | GM53: =ROUND(O53+X53+Y53+GK53,2)+GX53 -> 0 | GN53: =IF(OR(BI53=0,BI53=1),ROUND(O53+X53+Y53+GK53,2),0) -> 0 | GO53: =IF(BI53=2,ROUND(O53+X53+Y53+GK53,2),0) -> 0 | GP53: =IF(BI53=4,ROUND(O53+X53+Y53+GK53,2)+GX53,0) -> 0 | GR53: 0 | GS53: 4 | GT53: 0 | GV53: =ROUND(GT53,6) -> 0 | GW53: 1 | GX53: =ROUND(GV53*GW53*I53,2) -> 0 | HA53: 0 | HB53: 0 | IK53: 0
A54: 17 | B54: 1 | C54: =ROW(SmtRes!A101) -> 101 | D54: =ROW(EtalonRes!A108) -> 108 | E54: 9 | F54: 11-01-011-01 | G54: Демонтаж стяжек цементных толщиной 20 мм | H54: 100 м2 | I54: =ROUND((23.5+23+23.4+24+32+24.1+45.9+12.5+23)/100,9) -> 2.314 | J54: 0 | O54: =ROUND(CP54,2) -> 662.64 | P54: =ROUND(CQ54*I54,2) -> 0 | Q54: =ROUND(CR54*I54,2) -> 81.9 | R54: =ROUND(CS54*I54,2) -> 31.75 | S54: =ROUND(CT54*I54,2) -> 580.74 | T54: =ROUND(CU54*I54,2) -> 0 | U54: =CV54*I54 -> 73.140912 | V54: =CW54*I54 -> 2.351024 | W54: =ROUND(CX54*I54,2) -> 0 | X54: =ROUND(CY54,2) -> 679.86 | Y54: =ROUND(CZ54,2) -> 391.99 | AA54: 26834263 | AB54: =ROUND((AC54+AD54+AF54),6) -> 286.36 | AC54: =ROUND(((ES54*0)),6) -> 0 | AD54: =ROUND(((((ET54*0.8))-((EU54*0.8)))+AE54),6) -> 35.392 | AE54: =ROUND(((EU54*0.8)),6) -> 13.72 | AF54: =ROUND(((EV54*0.8)),6) -> 250.968 | AG54: =ROUND((AP54),6) -> 0 | AH54: =((EW54*0.8)) -> 31.608 | AI54: =((EX54*0.8)) -> 1.016 | AJ54: =ROUND((AS54),6) -> 0 | AK54: 366.49 | AL54: 8.54 | AM54: 44.24 | AN54: 17.15 | AO54: 313.71 | AP54: 0 | AQ54: 39.51 | AR54: 1.27 | AS54: 0 | AT54: 111 | AU54: 64 | AV54: 1 | AW54: 1 | AZ54: 1 | BA54: 1 | BB54: 1 | BC54: 1 | BH54: 0 | BI54: 1 | BJ54: ФЕР-2001, 11-01-011-01, приказ Минстроя России №1039/пр от 30.12.2016г. | BM54: 11001 | BN54: 0 | BP54: 0 | BQ54: 2 | BR54: 0 | BS54: 1 | BT54: 1 | BU54: 1 | BV54: 1 | BW54: 1 | BX54: 1 | BZ54: 123 | CA54: 75 | CF54: 0 | CG54: 0 | CM54: 0 | CN54: Поправка: МДС 81-36.2004, п.3.3.1.б Наименование: При демонтаже сборных деревянных конструкций | CO54: 0 | CP54: =(P54+Q54+S54) -> 662.64 | CQ54: =AC54*BC54 -> 0 | CR54: =AD54*BB54 -> 35.392 | CS54: =AE54*BS54 -> 13.72 | CT54: =AF54*BA54 -> 250.968 | CU54: =AG54 -> 0 | CV54: =AH54 -> 31.608 | CW54: =AI54 -> 1.016 | CX54: =AJ54 -> 0 | CY54: =(((S54+R54)*AT54)/100) -> 679.8639 | CZ54: =(((S54+R54)*AU54)/100) -> 391.9936 | DD54: )*0 | DE54: )*0,8 | DF54: )*0,8 | DG54: )*0,8 | DI54: )*0,8 | DJ54: )*0,8 | DN54: 0 | DO54: 0 | DP54: 1 | DQ54: 1 | DU54: 1005 | DV54: 100 м2 | DW54: 100 м2 | DX54: 100 | EE54: 26549061 | EF54: 2 | EG54: Общестроительные работы | EH54: 0 | EJ54: 1 | EK54: 11001 | EL54: Полы | EM54: ФЕР-11 | EO54: Поправка: МДС 81-36.2004, п.3.3.1.б | EQ54: 0 | ER54: 366.49 | ES54: 8.54 | ET54: 44.24 | EU54: 17.15 | EV54: 313.71 | EW54: 39.51 | EX54: 1.27 | EY54: 0 | FQ54: 0 | FR54: =ROUND(IF(AND(BH54=3,BI54=3),P54,0),2) -> 0 | FS54: 0 | FT54: *0,9 | FU54: *0,85 | FX54: 110.7 | FY54: 63.75 | GD54: 0 | GF54: 782982971 | GG54: 2 | GH54: 1 | GI54: -2 | GJ54: 0 | GK54: =ROUND(R54*(R12)/100,2) -> 0 | GL54: =ROUND(IF(AND(BH54=3,BI54=3,FS54<>0),P54,0),2) -> 0 | GM54: =ROUND(O54+X54+Y54+GK54,2)+GX54 -> 1734.49 | GN54: =IF(OR(BI54=0,BI54=1),ROUND(O54+X54+Y54+GK54,2),0) -> 1734.49 | GO54: =IF(BI54=2,ROUND(O54+X54+Y54+GK54,2),0) -> 0 | GP54: =IF(BI54=4,ROUND(O54+X54+Y54+GK54,2)+GX54,0) -> 0 | GR54: 0 | GS54: 3 | GT54: 0 | GV54: =ROUND(GT54,6) -> 0 | GW54: 1 | GX54: =ROUND(GV54*GW54*I54,2) -> 0 | HA54: 0 | HB54: 0 | IK54: 0
A55: 17 | B55: 1 | C55: =ROW(SmtRes!A106) -> 106 | D55: =ROW(EtalonRes!A114) -> 114 | E55: 9 | F55: 11-01-011-01 | G55: Демонтаж стяжек цементных толщиной 20 мм | H55: 100 м2 | I55: =ROUND((23.5+23+23.4+24+32+24.1+45.9+12.5+23)/100,9) -> 2.314 | J55: 0 | O55: =ROUND(CP55,2) -> 4240.88 | P55: =ROUND(CQ55*I55,2) -> 0 | Q55: =ROUND(CR55*I55,2) -> 524.14 | R55: =ROUND(CS55*I55,2) -> 203.19 | S55: =ROUND(CT55*I55,2) -> 3716.74 | T55: =ROUND(CU55*I55,2) -> 0 | U55: =CV55*I55 -> 73.140912 | V55: =CW55*I55 -> 2.351024 | W55: =ROUND(CX55*I55,2) -> 0 | X55: =ROUND(CY55,2) -> 4351.12 | Y55: =ROUND(CZ55,2) -> 2508.76 | AA55: 26834277 | AB55: =ROUND((AC55+AD55+AF55),6) -> 286.36 | AC55: =ROUND(((ES55*0)),6) -> 0 | AD55: =ROUND(((((ET55*0.8))-((EU55*0.8)))+AE55),6) -> 35.392 | AE55: =ROUND(((EU55*0.8)),6) -> 13.72 | AF55: =ROUND(((EV55*0.8)),6) -> 250.968 | AG55: =ROUND((AP55),6) -> 0 | AH55: =((EW55*0.8)) -> 31.608 | AI55: =((EX55*0.8)) -> 1.016 | AJ55: =ROUND((AS55),6) -> 0 | AK55: 366.49 | AL55: 8.54 | AM55: 44.24 | AN55: 17.15 | AO55: 313.71 | AP55: 0 | AQ55: 39.51 | AR55: 1.27 | AS55: 0 | AT55: 111 | AU55: 64 | AV55: 1 | AW55: 1 | AZ55: 6.4 | BA55: 6.4 | BB55: 6.4 | BC55: 6.4 | BH55: 0 | BI55: 1 | BJ55: ФЕР-2001, 11-01-011-01, приказ Минстроя России №1039/пр от 30.12.2016г. | BM55: 11001 | BN55: 0 | BP55: 0 | BQ55: 2 | BR55: 0 | BS55: 6.4 | BT55: 1 | BU55: 1 | BV55: 1 | BW55: 1 | BX55: 1 | BZ55: 123 | CA55: 75 | CF55: 0 | CG55: 0 | CM55: 0 | CN55: Поправка: МДС 81-36.2004, п.3.3.1.б Наименование: При демонтаже сборных деревянных конструкций | CO55: 0 | CP55: =(P55+Q55+S55) -> 4240.88 | CQ55: =AC55*BC55 -> 0 | CR55: =AD55*BB55 -> 226.5088 | CS55: =AE55*BS55 -> 87.808 | CT55: =AF55*BA55 -> 1606.1952 | CU55: =AG55 -> 0 | CV55: =AH55 -> 31.608 | CW55: =AI55 -> 1.016 | CX55: =AJ55 -> 0 | CY55: =(((S55+R55)*AT55)/100) -> 4351.1223 | CZ55: =(((S55+R55)*AU55)/100) -> 2508.7552 | DD55: )*0 | DE55: )*0,8 | DF55: )*0,8 | DG55: )*0,8 | DI55: )*0,8 | DJ55: )*0,8 | DN55: 0 | DO55: 0 | DP55: 1 | DQ55: 1 | DU55: 1005 | DV55: 100 м2 | DW55: 100 м2 | DX55: 100 | EE55: 26549061 | EF55: 2 | EG55: Общестроительные работы | EH55: 0 | EJ55: 1 | EK55: 11001 | EL55: Полы | EM55: ФЕР-11 | EO55: Поправка: МДС 81-36.2004, п.3.3.1.б | EQ55: 0 | ER55: 366.49 | ES55: 8.54 | ET55: 44.24 | EU55: 17.15 | EV55: 313.71 | EW55: 39.51 | EX55: 1.27 | EY55: 0 | FQ55: 0 | FR55: =ROUND(IF(AND(BH55=3,BI55=3),P55,0),2) -> 0 | FS55: 0 | FT55: *0,9 | FU55: *0,85 | FX55: 110.7 | FY55: 63.75 | GD55: 0 | GF55: 782982971 | GG55: 1 | GH55: 1 | GI55: 4 | GJ55: 0 | GK55: =ROUND(R55*(S12)/100,2) -> 0 | GL55: =ROUND(IF(AND(BH55=3,BI55=3,FS55<>0),P55,0),2) -> 0 | GM55: =ROUND(O55+X55+Y55+GK55,2)+GX55 -> 11100.76 | GN55: =IF(OR(BI55=0,BI55=1),ROUND(O55+X55+Y55+GK55,2),0) -> 11100.76 | GO55: =IF(BI55=2,ROUND(O55+X55+Y55+GK55,2),0) -> 0 | GP55: =IF(BI55=4,ROUND(O55+X55+Y55+GK55,2)+GX55,0) -> 0 | GR55: 0 | GS55: 3 | GT55: 0 | GV55: =ROUND(GT55,6) -> 0 | GW55: 1 | GX55: =ROUND(GV55*GW55*I55,2) -> 0 | HA55: 0 | HB55: 0 | IK55: 0
A56: 17 | B56: 1 | C56: =ROW(SmtRes!A107) -> 107 | D56: =ROW(EtalonRes!A115) -> 115 | E56: 10 | F56: 46-02-009-02 | G56: Отбивка штукатурки с поверхностей стен и потолков кирпичных | H56: 100 м2 | I56: =ROUND((62.8+61.2)/100,9) -> 1.24 | J56: 0 | O56: =ROUND(CP56,2) -> 220.72 | P56: =ROUND(CQ56*I56,2) -> 0 | Q56: =ROUND(CR56*I56,2) -> 0 | R56: =ROUND(CS56*I56,2) -> 0 | S56: =ROUND(CT56*I56,2) -> 220.72 | T56: =ROUND(CU56*I56,2) -> 0 | U56: =CV56*I56 -> 28.2968 | V56: =CW56*I56 -> 0 | W56: =ROUND(CX56*I56,2) -> 0 | X56: =ROUND(CY56,2) -> 218.51 | Y56: =ROUND(CZ56,2) -> 132.43 | AA56: 26834263 | AB56: =ROUND((AC56+AD56+AF56),6) -> 178 | AC56: =ROUND((ES56),6) -> 0 | AD56: =ROUND((((ET56)-(EU56))+AE56),6) -> 0 | AE56: =ROUND((EU56),6) -> 0 | AF56: =ROUND((EV56),6) -> 178 | AG56: =ROUND((AP56),6) -> 0 | AH56: =(EW56) -> 22.82 | AI56: =(EX56) -> 0 | AJ56: =ROUND((AS56),6) -> 0 | AK56: 178 | AL56: 0 | AM56: 0 | AN56: 0 | AO56: 178 | AP56: 0 | AQ56: 22.82 | AR56: 0 | AS56: 0 | AT56: 99 | AU56: 60 | AV56: 1 | AW56: 1 | AZ56: 1 | BA56: 1 | BB56: 1 | BC56: 1 | BH56: 0 | BI56: 1 | BJ56: ФЕР-2001, 46-02-009-02, приказ Минстроя России №1039/пр от 30.12.2016г. | BM56: 46001 | BN56: 0 | BP56: 0 | BQ56: 2 | BR56: 0 | BS56: 1 | BT56: 1 | BU56: 1 | BV56: 1 | BW56: 1 | BX56: 1 | BZ56: 110 | CA56: 70 | CF56: 0 | CG56: 0 | CM56: 0 | CO56: 0 | CP56: =(P56+Q56+S56) -> 220.72 | CQ56: =AC56*BC56 -> 0 | CR56: =AD56*BB56 -> 0 | CS56: =AE56*BS56 -> 0 | CT56: =AF56*BA56 -> 178 | CU56: =AG56 -> 0 | CV56: =AH56 -> 22.82 | CW56: =AI56 -> 0 | CX56: =AJ56 -> 0 | CY56: =(((S56+R56)*AT56)/100) -> 218.5128 | CZ56: =(((S56+R56)*AU56)/100) -> 132.432 | DN56: 0 | DO56: 0 | DP56: 1 | DQ56: 1 | DU56: 1005 | DV56: 100 м2 | DW56: 100 м2 | DX56: 100 | EE56: 26549128 | EF56: 2 | EG56: Общестроительные работы | EH56: 0 | EJ56: 1 | EK56: 46001 | EL56: Реконструкция зданий и сооружений | EM56: ФЕР-46 | EQ56: 0 | ER56: 178 | ES56: 0 | ET56: 0 | EU56: 0 | EV56: 178 | EW56: 22.82 | EX56: 0 | EY56: 0 | FQ56: 0 | FR56: =ROUND(IF(AND(BH56=3,BI56=3),P56,0),2) -> 0 | FS56: 0 | FT56: *0,9 | FU56: *0,85 | FX56: 99 | FY56: 59.5 | GD56: 0 | GF56: 1716417608 | GG56: 2 | GH56: 1 | GI56: -2 | GJ56: 0 | GK56: =ROUND(R56*(R12)/100,2) -> 0 | GL56: =ROUND(IF(AND(BH56=3,BI56=3,FS56<>0),P56,0),2) -> 0 | GM56: =ROUND(O56+X56+Y56+GK56,2)+GX56 -> 571.66 | GN56: =IF(OR(BI56=0,BI56=1),ROUND(O56+X56+Y56+GK56,2),0) -> 571.66 | GO56: =IF(BI56=2,ROUND(O56+X56+Y56+GK56,2),0) -> 0 | GP56: =IF(BI56=4,ROUND(O56+X56+Y56+GK56,2)+GX56,0) -> 0 | GR56: 0 | GS56: 3 | GT56: 0 | GV56: =ROUND(GT56,6) -> 0 | GW56: 1 | GX56: =ROUND(GV56*GW56*I56,2) -> 0 | HA56: 0 | HB56: 0 | IK56: 0
A57: 17 | B57: 1 | C57: =ROW(SmtRes!A108) -> 108 | D57: =ROW(EtalonRes!A116) -> 116 | E57: 10 | F57: 46-02-009-02 | G57: Отбивка штукатурки с поверхностей стен и потолков кирпичных | H57: 100 м2 | I57: =ROUND((62.8+61.2)/100,9) -> 1.24 | J57: 0 | O57: =ROUND(CP57,2) -> 1412.61 | P57: =ROUND(CQ57*I57,2) -> 0 | Q57: =ROUND(CR57*I57,2) -> 0 | R57: =ROUND(CS57*I57,2) -> 0 | S57: =ROUND(CT57*I57,2) -> 1412.61 | T57: =ROUND(CU57*I57,2) -> 0 | U57: =CV57*I57 -> 28.2968 | V57: =CW57*I57 -> 0 | W57: =ROUND(CX57*I57,2) -> 0 | X57: =ROUND(CY57,2) -> 1398.48 | Y57: =ROUND(CZ57,2) -> 847.57 | AA57: 26834277 | AB57: =ROUND((AC57+AD57+AF57),6) -> 178 | AC57: =ROUND((ES57),6) -> 0 | AD57: =ROUND((((ET57)-(EU57))+AE57),6) -> 0 | AE57: =ROUND((EU57),6) -> 0 | AF57: =ROUND((EV57),6) -> 178 | AG57: =ROUND((AP57),6) -> 0 | AH57: =(EW57) -> 22.82 | AI57: =(EX57) -> 0 | AJ57: =ROUND((AS57),6) -> 0 | AK57: 178 | AL57: 0 | AM57: 0 | AN57: 0 | AO57: 178 | AP57: 0 | AQ57: 22.82 | AR57: 0 | AS57: 0 | AT57: 99 | AU57: 60 | AV57: 1 | AW57: 1 | AZ57: 6.4 | BA57: 6.4 | BB57: 6.4 | BC57: 6.4 | BH57: 0 | BI57: 1 | BJ57: ФЕР-2001, 46-02-009-02, приказ Минстроя России №1039/пр от 30.12.2016г. | BM57: 46001 | BN57: 0 | BP57: 0 | BQ57: 2 | BR57: 0 | BS57: 6.4 | BT57: 1 | BU57: 1 | BV57: 1 | BW57: 1 | BX57: 1 | BZ57: 110 | CA57: 70 | CF57: 0 | CG57: 0 | CM57: 0 | CO57: 0 | CP57: =(P57+Q57+S57) -> 1412.61 | CQ57: =AC57*BC57 -> 0 | CR57: =AD57*BB57 -> 0 | CS57: =AE57*BS57 -> 0 | CT57: =AF57*BA57 -> 1139.2 | CU57: =AG57 -> 0 | CV57: =AH57 -> 22.82 | CW57: =AI57 -> 0 | CX57: =AJ57 -> 0 | CY57: =(((S57+R57)*AT57)/100) -> 1398.4839 | CZ57: =(((S57+R57)*AU57)/100) -> 847.566 | DN57: 0 | DO57: 0 | DP57: 1 | DQ57: 1 | DU57: 1005 | DV57: 100 м2 | DW57: 100 м2 | DX57: 100 | EE57: 26549128 | EF57: 2 | EG57: Общестроительные работы | EH57: 0 | EJ57: 1 | EK57: 46001 | EL57: Реконструкция зданий и сооружений | EM57: ФЕР-46 | EQ57: 0 | ER57: 178 | ES57: 0 | ET57: 0 | EU57: 0 | EV57: 178 | EW57: 22.82 | EX57: 0 | EY57: 0 | FQ57: 0 | FR57: =ROUND(IF(AND(BH57=3,BI57=3),P57,0),2) -> 0 | FS57: 0 | FT57: *0,9 | FU57: *0,85 | FX57: 99 | FY57: 59.5 | GD57: 0 | GF57: 1716417608 | GG57: 1 | GH57: 1 | GI57: 4 | GJ57: 0 | GK57: =ROUND(R57*(S12)/100,2) -> 0 | GL57: =ROUND(IF(AND(BH57=3,BI57=3,FS57<>0),P57,0),2) -> 0 | GM57: =ROUND(O57+X57+Y57+GK57,2)+GX57 -> 3658.66 | GN57: =IF(OR(BI57=0,BI57=1),ROUND(O57+X57+Y57+GK57,2),0) -> 3658.66 | GO57: =IF(BI57=2,ROUND(O57+X57+Y57+GK57,2),0) -> 0 | GP57: =IF(BI57=4,ROUND(O57+X57+Y57+GK57,2)+GX57,0) -> 0 | GR57: 0 | GS57: 3 | GT57: 0 | GV57: =ROUND(GT57,6) -> 0 | GW57: 1 | GX57: =ROUND(GV57*GW57*I57,2) -> 0 | HA57: 0 | HB57: 0 | IK57: 0
A58: 17 | B58: 1 | C58: =ROW(SmtRes!A112) -> 112 | D58: =ROW(EtalonRes!A120) -> 120 | E58: 11 | F58: 55-5-1 | G58: Разборка кирпичных перегородок на отдельные кирпичи | H58: 100 м2 | I58: =ROUND((21.44+21.44)/100,9) -> 0.4288 | J58: 0 | O58: =ROUND(CP58,2) -> 618.93 | P58: =ROUND(CQ58*I58,2) -> 0 | Q58: =ROUND(CR58*I58,2) -> 102.47 | R58: =ROUND(CS58*I58,2) -> 0 | S58: =ROUND(CT58*I58,2) -> 516.46 | T58: =ROUND(CU58*I58,2) -> 0 | U58: =CV58*I58 -> 60.54656 | V58: =CW58*I58 -> 0 | W58: =ROUND(CX58*I58,2) -> 0 | X58: =ROUND(CY58,2) -> 459.65 | Y58: =ROUND(CZ58,2) -> 335.7 | AA58: 26834263 | AB58: =ROUND((AC58+AD58+AF58),6) -> 1443.4 | AC58: =ROUND((ES58),6) -> 0 | AD58: =ROUND((((ET58)-(EU58))+AE58),6) -> 238.96 | AE58: =ROUND((EU58),6) -> 0 | AF58: =ROUND((EV58),6) -> 1204.44 | AG58: =ROUND((AP58),6) -> 0 | AH58: =(EW58) -> 141.2 | AI58: =(EX58) -> 0 | AJ58: =ROUND((AS58),6) -> 0 | AK58: 1443.4 | AL58: 0 | AM58: 238.96 | AN58: 0 | AO58: 1204.44 | AP58: 0 | AQ58: 141.2 | AR58: 0 | AS58: 0 | AT58: 89 | AU58: 65 | AV58: 1 | AW58: 1 | AZ58: 1 | BA58: 1 | BB58: 1 | BC58: 1 | BH58: 0 | BI58: 1 | BJ58: ФЕР-2001, 55-5-1, приказ Минстроя России №1039/пр от 30.12.2016г. | BM58: 55001 | BN58: 0 | BP58: 0 | BQ58: 6 | BR58: 0 | BS58: 1 | BT58: 1 | BU58: 1 | BV58: 1 | BW58: 1 | BX58: 1 | BZ58: 89 | CA58: 65 | CF58: 0 | CG58: 0 | CM58: 0 | CO58: 0 | CP58: =(P58+Q58+S58) -> 618.93 | CQ58: =AC58*BC58 -> 0 | CR58: =AD58*BB58 -> 238.96 | CS58: =AE58*BS58 -> 0 | CT58: =AF58*BA58 -> 1204.44 | CU58: =AG58 -> 0 | CV58: =AH58 -> 141.2 | CW58: =AI58 -> 0 | CX58: =AJ58 -> 0 | CY58: =(((S58+R58)*AT58)/100) -> 459.6494 | CZ58: =(((S58+R58)*AU58)/100) -> 335.699 | DN58: 0 | DO58: 0 | DP58: 1 | DQ58: 1 | DU58: 1005 | DV58: 100 м2 | DW58: 100 м2 | DX58: 100 | EE58: 26549137 | EF58: 6 | EG58: Ремонтно-строительные работы | EH58: 0 | EJ58: 1 | EK58: 55001 | EL58: Перегородки | EM58: рФЕР-55 | EQ58: 0 | ER58: 1443.4 | ES58: 0 | ET58: 238.96 | EU58: 0 | EV58: 1204.44 | EW58: 141.2 | EX58: 0 | EY58: 0 | FQ58: 0 | FR58: =ROUND(IF(AND(BH58=3,BI58=3),P58,0),2) -> 0 | FS58: 0 | FX58: 89 | FY58: 65 | GD58: 0 | GF58: 1456494230 | GG58: 2 | GH58: 1 | GI58: -2 | GJ58: 0 | GK58: =ROUND(R58*(R12)/100,2) -> 0 | GL58: =ROUND(IF(AND(BH58=3,BI58=3,FS58<>0),P58,0),2) -> 0 | GM58: =ROUND(O58+X58+Y58+GK58,2)+GX58 -> 1414.28 | GN58: =IF(OR(BI58=0,BI58=1),ROUND(O58+X58+Y58+GK58,2),0) -> 1414.28 | GO58: =IF(BI58=2,ROUND(O58+X58+Y58+GK58,2),0) -> 0 | GP58: =IF(BI58=4,ROUND(O58+X58+Y58+GK58,2)+GX58,0) -> 0 | GR58: 0 | GS58: 3 | GT58: 0 | GV58: =ROUND(GT58,6) -> 0 | GW58: 1 | GX58: =ROUND(GV58*GW58*I58,2) -> 0 | HA58: 0 | HB58: 0 | IK58: 0
A59: 17 | B59: 1 | C59: =ROW(SmtRes!A116) -> 116 | D59: =ROW(EtalonRes!A124) -> 124 | E59: 11 | F59: 55-5-1 | G59: Разборка кирпичных перегородок на отдельные кирпичи | H59: 100 м2 | I59: =ROUND((21.44+21.44)/100,9) -> 0.4288 | J59: 0 | O59: =ROUND(CP59,2) -> 3961.15 | P59: =ROUND(CQ59*I59,2) -> 0 | Q59: =ROUND(CR59*I59,2) -> 655.78 | R59: =ROUND(CS59*I59,2) -> 0 | S59: =ROUND(CT59*I59,2) -> 3305.37 | T59: =ROUND(CU59*I59,2) -> 0 | U59: =CV59*I59 -> 60.54656 | V59: =CW59*I59 -> 0 | W59: =ROUND(CX59*I59,2) -> 0 | X59: =ROUND(CY59,2) -> 2941.78 | Y59: =ROUND(CZ59,2) -> 2148.49 | AA59: 26834277 | AB59: =ROUND((AC59+AD59+AF59),6) -> 1443.4 | AC59: =ROUND((ES59),6) -> 0 | AD59: =ROUND((((ET59)-(EU59))+AE59),6) -> 238.96 | AE59: =ROUND((EU59),6) -> 0 | AF59: =ROUND((EV59),6) -> 1204.44 | AG59: =ROUND((AP59),6) -> 0 | AH59: =(EW59) -> 141.2 | AI59: =(EX59) -> 0 | AJ59: =ROUND((AS59),6) -> 0 | AK59: 1443.4 | AL59: 0 | AM59: 238.96 | AN59: 0 | AO59: 1204.44 | AP59: 0 | AQ59: 141.2 | AR59: 0 | AS59: 0 | AT59: 89 | AU59: 65 | AV59: 1 | AW59: 1 | AZ59: 6.4 | BA59: 6.4 | BB59: 6.4 | BC59: 6.4 | BH59: 0 | BI59: 1 | BJ59: ФЕР-2001, 55-5-1, приказ Минстроя России №1039/пр от 30.12.2016г. | BM59: 55001 | BN59: 0 | BP59: 0 | BQ59: 6 | BR59: 0 | BS59: 6.4 | BT59: 1 | BU59: 1 | BV59: 1 | BW59: 1 | BX59: 1 | BZ59: 89 | CA59: 65 | CF59: 0 | CG59: 0 | CM59: 0 | CO59: 0 | CP59: =(P59+Q59+S59) -> 3961.15 | CQ59: =AC59*BC59 -> 0 | CR59: =AD59*BB59 -> 1529.344 | CS59: =AE59*BS59 -> 0 | CT59: =AF59*BA59 -> 7708.416 | CU59: =AG59 -> 0 | CV59: =AH59 -> 141.2 | CW59: =AI59 -> 0 | CX59: =AJ59 -> 0 | CY59: =(((S59+R59)*AT59)/100) -> 2941.7793 | CZ59: =(((S59+R59)*AU59)/100) -> 2148.4905 | DN59: 0 | DO59: 0 | DP59: 1 | DQ59: 1 | DU59: 1005 | DV59: 100 м2 | DW59: 100 м2 | DX59: 100 | EE59: 26549137 | EF59: 6 | EG59: Ремонтно-строительные работы | EH59: 0 | EJ59: 1 | EK59: 55001 | EL59: Перегородки | EM59: рФЕР-55 | EQ59: 0 | ER59: 1443.4 | ES59: 0 | ET59: 238.96 | EU59: 0 | EV59: 1204.44 | EW59: 141.2 | EX59: 0 | EY59: 0 | FQ59: 0 | FR59: =ROUND(IF(AND(BH59=3,BI59=3),P59,0),2) -> 0 | FS59: 0 | FX59: 89 | FY59: 65 | GD59: 0 | GF59: 1456494230 | GG59: 1 | GH59: 1 | GI59: 4 | GJ59: 0 | GK59: =ROUND(R59*(S12)/100,2) -> 0 | GL59: =ROUND(IF(AND(BH59=3,BI59=3,FS59<>0),P59,0),2) -> 0 | GM59: =ROUND(O59+X59+Y59+GK59,2)+GX59 -> 9051.42 | GN59: =IF(OR(BI59=0,BI59=1),ROUND(O59+X59+Y59+GK59,2),0) -> 9051.42 | GO59: =IF(BI59=2,ROUND(O59+X59+Y59+GK59,2),0) -> 0 | GP59: =IF(BI59=4,ROUND(O59+X59+Y59+GK59,2)+GX59,0) -> 0 | GR59: 0 | GS59: 3 | GT59: 0 | GV59: =ROUND(GT59,6) -> 0 | GW59: 1 | GX59: =ROUND(GV59*GW59*I59,2) -> 0 | HA59: 0 | HB59: 0 | IK59: 0
A60: 18 | B60: 1 | C60: 112 | E60: 11,1 | F60: 01.7.07.07 | G60: Строительный мусор и масса возвратных материалов | H60: т | I60: =I58*J60 -> 8.31872 | J60: 19.4 | O60: =ROUND(CP60,2) -> 0 | P60: =ROUND(CQ60*I60,2) -> 0 | Q60: =ROUND(CR60*I60,2) -> 0 | R60: =ROUND(CS60*I60,2) -> 0 | S60: =ROUND(CT60*I60,2) -> 0 | T60: =ROUND(CU60*I60,2) -> 0 | U60: =CV60*I60 -> 0 | V60: =CW60*I60 -> 0 | W60: =ROUND(CX60*I60,2) -> 0 | X60: =ROUND(CY60,2) -> 0 | Y60: =ROUND(CZ60,2) -> 0 | AA60: 26834263 | AB60: =ROUND((AC60+AD60+AF60),6) -> 0 | AC60: =ROUND((ES60),6) -> 0 | AD60: =ROUND((((ET60)-(EU60))+AE60),6) -> 0 | AE60: =ROUND((EU60),6) -> 0 | AF60: =ROUND((EV60),6) -> 0 | AG60: =ROUND((AP60),6) -> 0 | AH60: =(EW60) -> 0 | AI60: =(EX60) -> 0 | AJ60: =ROUND((AS60),6) -> 0 | AK60: 0 | AL60: 0 | AM60: 0 | AN60: 0 | AO60: 0 | AP60: 0 | AQ60: 0 | AR60: 0 | AS60: 0 | AT60: 89 | AU60: 65 | AV60: 1 | AW60: 1 | AZ60: 1 | BA60: 1 | BB60: 1 | BC60: 1 | BH60: 3 | BI60: 1 | BM60: 55001 | BN60: 0 | BP60: 0 | BQ60: 6 | BR60: 0 | BS60: 1 | BT60: 1 | BU60: 1 | BV60: 1 | BW60: 1 | BX60: 1 | BZ60: 89 | CA60: 65 | CF60: 0 | CG60: 0 | CM60: 0 | CO60: 0 | CP60: =(P60+Q60+S60) -> 0 | CQ60: =AC60*BC60 -> 0 | CR60: =AD60*BB60 -> 0 | CS60: =AE60*BS60 -> 0 | CT60: =AF60*BA60 -> 0 | CU60: =AG60 -> 0 | CV60: =AH60 -> 0 | CW60: =AI60 -> 0 | CX60: =AJ60 -> 0 | CY60: =(((S60+R60)*AT60)/100) -> 0 | CZ60: =(((S60+R60)*AU60)/100) -> 0 | DN60: 0 | DO60: 0 | DP60: 1 | DQ60: 1 | DU60: 1009 | DV60: т | DW60: т | DX60: 1000 | EE60: 26549137 | EF60: 6 | EG60: Ремонтно-строительные работы | EH60: 0 | EJ60: 1 | EK60: 55001 | EL60: Перегородки | EM60: рФЕР-55 | EQ60: 0 | ER60: 0 | ES60: 0 | ET60: 0 | EU60: 0 | EV60: 0 | EW60: 0 | EX60: 0 | FQ60: 0 | FR60: =ROUND(IF(AND(BH60=3,BI60=3),P60,0),2) -> 0 | FS60: 0 | FX60: 89 | FY60: 65 | GA60: занесена вручную | GD60: 0 | GF60: -66286256 | GG60: 2 | GH60: 1 | GI60: -2 | GJ60: 0 | GK60: =ROUND(R60*(R12)/100,2) -> 0 | GL60: =ROUND(IF(AND(BH60=3,BI60=3,FS60<>0),P60,0),2) -> 0 | GM60: =ROUND(O60+X60+Y60+GK60,2)+GX60 -> 0 | GN60: =IF(OR(BI60=0,BI60=1),ROUND(O60+X60+Y60+GK60,2),0) -> 0 | GO60: =IF(BI60=2,ROUND(O60+X60+Y60+GK60,2),0) -> 0 | GP60: =IF(BI60=4,ROUND(O60+X60+Y60+GK60,2)+GX60,0) -> 0 | GR60: 0 | GS60: 4 | GT60: 0 | GV60: =ROUND(GT60,6) -> 0 | GW60: 1 | GX60: =ROUND(GV60*GW60*I60,2) -> 0 | HA60: 0 | HB60: 0 | IK60: 0
A61: 18 | B61: 1 | C61: 116 | E61: 11,1 | F61: 01.7.07.07 | G61: Строительный мусор и масса возвратных материалов | H61: т | I61: =I59*J61 -> 8.31872 | J61: 19.4 | O61: =ROUND(CP61,2) -> 0 | P61: =ROUND(CQ61*I61,2) -> 0 | Q61: =ROUND(CR61*I61,2) -> 0 | R61: =ROUND(CS61*I61,2) -> 0 | S61: =ROUND(CT61*I61,2) -> 0 | T61: =ROUND(CU61*I61,2) -> 0 | U61: =CV61*I61 -> 0 | V61: =CW61*I61 -> 0 | W61: =ROUND(CX61*I61,2) -> 0 | X61: =ROUND(CY61,2) -> 0 | Y61: =ROUND(CZ61,2) -> 0 | AA61: 26834277 | AB61: =ROUND((AC61+AD61+AF61),6) -> 0 | AC61: =ROUND((ES61),6) -> 0 | AD61: =ROUND((((ET61)-(EU61))+AE61),6) -> 0 | AE61: =ROUND((EU61),6) -> 0 | AF61: =ROUND((EV61),6) -> 0 | AG61: =ROUND((AP61),6) -> 0 | AH61: =(EW61) -> 0 | AI61: =(EX61) -> 0 | AJ61: =ROUND((AS61),6) -> 0 | AK61: 0 | AL61: 0 | AM61: 0 | AN61: 0 | AO61: 0 | AP61: 0 | AQ61: 0 | AR61: 0 | AS61: 0 | AT61: 89 | AU61: 65 | AV61: 1 | AW61: 1 | AZ61: 6.4 | BA61: 1 | BB61: 1 | BC61: 6.4 | BH61: 3 | BI61: 1 | BM61: 55001 | BN61: 0 | BP61: 0 | BQ61: 6 | BR61: 0 | BS61: 1 | BT61: 1 | BU61: 1 | BV61: 1 | BW61: 1 | BX61: 1 | BZ61: 89 | CA61: 65 | CF61: 0 | CG61: 0 | CM61: 0 | CO61: 0 | CP61: =(P61+Q61+S61) -> 0 | CQ61: =AC61*BC61 -> 0 | CR61: =AD61*BB61 -> 0 | CS61: =AE61*BS61 -> 0 | CT61: =AF61*BA61 -> 0 | CU61: =AG61 -> 0 | CV61: =AH61 -> 0 | CW61: =AI61 -> 0 | CX61: =AJ61 -> 0 | CY61: =(((S61+R61)*AT61)/100) -> 0 | CZ61: =(((S61+R61)*AU61)/100) -> 0 | DN61: 0 | DO61: 0 | DP61: 1 | DQ61: 1 | DU61: 1009 | DV61: т | DW61: т | DX61: 1000 | EE61: 26549137 | EF61: 6 | EG61: Ремонтно-строительные работы | EH61: 0 | EJ61: 1 | EK61: 55001 | EL61: Перегородки | EM61: рФЕР-55 | EQ61: 0 | ER61: 0 | ES61: 0 | ET61: 0 | EU61: 0 | EV61: 0 | EW61: 0 | EX61: 0 | FQ61: 0 | FR61: =ROUND(IF(AND(BH61=3,BI61=3),P61,0),2) -> 0 | FS61: 0 | FX61: 89 | FY61: 65 | GA61: занесена вручную | GD61: 0 | GF61: -66286256 | GG61: 1 | GH61: 1 | GI61: 4 | GJ61: 0 | GK61: =ROUND(R61*(S12)/100,2) -> 0 | GL61: =ROUND(IF(AND(BH61=3,BI61=3,FS61<>0),P61,0),2) -> 0 | GM61: =ROUND(O61+X61+Y61+GK61,2)+GX61 -> 0 | GN61: =IF(OR(BI61=0,BI61=1),ROUND(O61+X61+Y61+GK61,2),0) -> 0 | GO61: =IF(BI61=2,ROUND(O61+X61+Y61+GK61,2),0) -> 0 | GP61: =IF(BI61=4,ROUND(O61+X61+Y61+GK61,2)+GX61,0) -> 0 | GR61: 0 | GS61: 4 | GT61: 0 | GV61: =ROUND(GT61,6) -> 0 | GW61: 1 | GX61: =ROUND(GV61*GW61*I61,2) -> 0 | HA61: 0 | HB61: 0 | IK61: 0
A62: 17 | B62: 1 | C62: =ROW(SmtRes!A123) -> 123 | D62: =ROW(EtalonRes!A131) -> 131 | E62: 12 | F62: 08-04-002-01 | G62: Демонтаж перегородок из стеклянных блоков при высоте этажа до 4 м | H62: 100 м2 | I62: =ROUND((18.12)/100,9) -> 0.1812 | J62: 0 | O62: =ROUND(CP62,2) -> 201.77 | P62: =ROUND(CQ62*I62,2) -> 0 | Q62: =ROUND(CR62*I62,2) -> 33.98 | R62: =ROUND(CS62*I62,2) -> 5.5 | S62: =ROUND(CT62*I62,2) -> 167.79 | T62: =ROUND(CU62*I62,2) -> 0 | U62: =CV62*I62 -> 19.671072 | V62: =CW62*I62 -> 0.427632 | W62: =ROUND(CX62*I62,2) -> 0 | X62: =ROUND(CY62,2) -> 190.62 | Y62: =ROUND(CZ62,2) -> 117.84 | AA62: 26834263 | AB62: =ROUND((AC62+AD62+AF62),6) -> 1113.528 | AC62: =ROUND(((ES62*0)),6) -> 0 | AD62: =ROUND(((((ET62*0.8))-((EU62*0.8)))+AE62),6) -> 187.512 | AE62: =ROUND(((EU62*0.8)),6) -> 30.352 | AF62: =ROUND(((EV62*0.8)),6) -> 926.016 | AG62: =ROUND((AP62),6) -> 0 | AH62: =((EW62*0.8)) -> 108.56 | AI62: =((EX62*0.8)) -> 2.36 | AJ62: =ROUND((AS62),6) -> 0 | AK62: 20512.4 | AL62: 19120.49 | AM62: 234.39 | AN62: 37.94 | AO62: 1157.52 | AP62: 0 | AQ62: 135.7 | AR62: 2.95 | AS62: 0 | AT62: 110 | AU62: 68 | AV62: 1 | AW62: 1 | AZ62: 1 | BA62: 1 | BB62: 1 | BC62: 1 | BH62: 0 | BI62: 1 | BJ62: ФЕР-2001, 08-04-002-01, приказ Минстроя России №1039/пр от 30.12.2016г. | BM62: 8001 | BN62: 0 | BP62: 0 | BQ62: 2 | BR62: 0 | BS62: 1 | BT62: 1 | BU62: 1 | BV62: 1 | BW62: 1 | BX62: 1 | BZ62: 122 | CA62: 80 | CF62: 0 | CG62: 0 | CM62: 0 | CN62: Поправка: МДС 81-36.2004, п.3.3.1.б Наименование: При демонтаже сборных деревянных конструкций | CO62: 0 | CP62: =(P62+Q62+S62) -> 201.77 | CQ62: =AC62*BC62 -> 0 | CR62: =AD62*BB62 -> 187.512 | CS62: =AE62*BS62 -> 30.352 | CT62: =AF62*BA62 -> 926.016 | CU62: =AG62 -> 0 | CV62: =AH62 -> 108.56 | CW62: =AI62 -> 2.36 | CX62: =AJ62 -> 0 | CY62: =(((S62+R62)*AT62)/100) -> 190.619 | CZ62: =(((S62+R62)*AU62)/100) -> 117.8372 | DD62: )*0 | DE62: )*0,8 | DF62: )*0,8 | DG62: )*0,8 | DI62: )*0,8 | DJ62: )*0,8 | DN62: 0 | DO62: 0 | DP62: 1 | DQ62: 1 | DU62: 1005 | DV62: 100 м2 | DW62: 100 м2 | DX62: 100 | EE62: 26549058 | EF62: 2 | EG62: Общестроительные работы | EH62: 0 | EJ62: 1 | EK62: 8001 | EL62: Конструкции из кирпича и блоков | EM62: ФЕР-08 | EO62: Поправка: МДС 81-36.2004, п.3.3.1.б | EQ62: 0 | ER62: 20512.4 | ES62: 19120.49 | ET62: 234.39 | EU62: 37.94 | EV62: 1157.52 | EW62: 135.7 | EX62: 2.95 | EY62: 0 | FQ62: 0 | FR62: =ROUND(IF(AND(BH62=3,BI62=3),P62,0),2) -> 0 | FS62: 0 | FT62: *0,9 | FU62: *0,85 | FX62: 109.8 | FY62: 68 | GD62: 0 | GF62: 2028134561 | GG62: 2 | GH62: 1 | GI62: -2 | GJ62: 0 | GK62: =ROUND(R62*(R12)/100,2) -> 0 | GL62: =ROUND(IF(AND(BH62=3,BI62=3,FS62<>0),P62,0),2) -> 0 | GM62: =ROUND(O62+X62+Y62+GK62,2)+GX62 -> 510.23 | GN62: =IF(OR(BI62=0,BI62=1),ROUND(O62+X62+Y62+GK62,2),0) -> 510.23 | GO62: =IF(BI62=2,ROUND(O62+X62+Y62+GK62,2),0) -> 0 | GP62: =IF(BI62=4,ROUND(O62+X62+Y62+GK62,2)+GX62,0) -> 0 | GR62: 0 | GS62: 3 | GT62: 0 | GV62: =ROUND(GT62,6) -> 0 | GW62: 1 | GX62: =ROUND(GV62*GW62*I62,2) -> 0 | HA62: 0 | HB62: 0 | IK62: 0
A63: 17 | B63: 1 | C63: =ROW(SmtRes!A130) -> 130 | D63: =ROW(EtalonRes!A138) -> 138 | E63: 12 | F63: 08-04-002-01 | G63: Демонтаж перегородок из стеклянных блоков при высоте этажа до 4 м | H63: 100 м2 | I63: =ROUND((18.12)/100,9) -> 0.1812 | J63: 0 | O63: =ROUND(CP63,2) -> 1291.33 | P63: =ROUND(CQ63*I63,2) -> 0 | Q63: =ROUND(CR63*I63,2) -> 217.45 | R63: =ROUND(CS63*I63,2) -> 35.2 | S63: =ROUND(CT63*I63,2) -> 1073.88 | T63: =ROUND(CU63*I63,2) -> 0 | U63: =CV63*I63 -> 19.671072 | V63: =CW63*I63 -> 0.427632 | W63: =ROUND(CX63*I63,2) -> 0 | X63: =ROUND(CY63,2) -> 1219.99 | Y63: =ROUND(CZ63,2) -> 754.17 | AA63: 26834277 | AB63: =ROUND((AC63+AD63+AF63),6) -> 1113.528 | AC63: =ROUND(((ES63*0)),6) -> 0 | AD63: =ROUND(((((ET63*0.8))-((EU63*0.8)))+AE63),6) -> 187.512 | AE63: =ROUND(((EU63*0.8)),6) -> 30.352 | AF63: =ROUND(((EV63*0.8)),6) -> 926.016 | AG63: =ROUND((AP63),6) -> 0 | AH63: =((EW63*0.8)) -> 108.56 | AI63: =((EX63*0.8)) -> 2.36 | AJ63: =ROUND((AS63),6) -> 0 | AK63: 20512.4 | AL63: 19120.49 | AM63: 234.39 | AN63: 37.94 | AO63: 1157.52 | AP63: 0 | AQ63: 135.7 | AR63: 2.95 | AS63: 0 | AT63: 110 | AU63: 68 | AV63: 1 | AW63: 1 | AZ63: 6.4 | BA63: 6.4 | BB63: 6.4 | BC63: 6.4 | BH63: 0 | BI63: 1 | BJ63: ФЕР-2001, 08-04-002-01, приказ Минстроя России №1039/пр от 30.12.2016г. | BM63: 8001 | BN63: 0 | BP63: 0 | BQ63: 2 | BR63: 0 | BS63: 6.4 | BT63: 1 | BU63: 1 | BV63: 1 | BW63: 1 | BX63: 1 | BZ63: 122 | CA63: 80 | CF63: 0 | CG63: 0 | CM63: 0 | CN63: Поправка: МДС 81-36.2004, п.3.3.1.б Наименование: При демонтаже сборных деревянных конструкций | CO63: 0 | CP63: =(P63+Q63+S63) -> 1291.33 | CQ63: =AC63*BC63 -> 0 | CR63: =AD63*BB63 -> 1200.0768 | CS63: =AE63*BS63 -> 194.2528 | CT63: =AF63*BA63 -> 5926.5024 | CU63: =AG63 -> 0 | CV63: =AH63 -> 108.56 | CW63: =AI63 -> 2.36 | CX63: =AJ63 -> 0 | CY63: =(((S63+R63)*AT63)/100) -> 1219.988 | CZ63: =(((S63+R63)*AU63)/100) -> 754.1744 | DD63: )*0 | DE63: )*0,8 | DF63: )*0,8 | DG63: )*0,8 | DI63: )*0,8 | DJ63: )*0,8 | DN63: 0 | DO63: 0 | DP63: 1 | DQ63: 1 | DU63: 1005 | DV63: 100 м2 | DW63: 100 м2 | DX63: 100 | EE63: 26549058 | EF63: 2 | EG63: Общестроительные работы | EH63: 0 | EJ63: 1 | EK63: 8001 | EL63: Конструкции из кирпича и блоков | EM63: ФЕР-08 | EO63: Поправка: МДС 81-36.2004, п.3.3.1.б | EQ63: 0 | ER63: 20512.4 | ES63: 19120.49 | ET63: 234.39 | EU63: 37.94 | EV63: 1157.52 | EW63: 135.7 | EX63: 2.95 | EY63: 0 | FQ63: 0 | FR63: =ROUND(IF(AND(BH63=3,BI63=3),P63,0),2) -> 0 | FS63: 0 | FT63: *0,9 | FU63: *0,85 | FX63: 109.8 | FY63: 68 | GD63: 0 | GF63: 2028134561 | GG63: 1 | GH63: 1 | GI63: 4 | GJ63: 0 | GK63: =ROUND(R63*(S12)/100,2) -> 0 | GL63: =ROUND(IF(AND(BH63=3,BI63=3,FS63<>0),P63,0),2) -> 0 | GM63: =ROUND(O63+X63+Y63+GK63,2)+GX63 -> 3265.49 | GN63: =IF(OR(BI63=0,BI63=1),ROUND(O63+X63+Y63+GK63,2),0) -> 3265.49 | GO63: =IF(BI63=2,ROUND(O63+X63+Y63+GK63,2),0) -> 0 | GP63: =IF(BI63=4,ROUND(O63+X63+Y63+GK63,2)+GX63,0) -> 0 | GR63: 0 | GS63: 3 | GT63: 0 | GV63: =ROUND(GT63,6) -> 0 | GW63: 1 | GX63: =ROUND(GV63*GW63*I63,2) -> 0 | HA63: 0 | HB63: 0 | IK63: 0
A64: 17 | B64: 1 | C64: =ROW(SmtRes!A139) -> 139 | D64: =ROW(EtalonRes!A151) -> 151 | E64: 13 | F64: 09-03-046-01 | G64: Демонтаж перегородок из алюминиевых сплавов сборно-разборных с остеклением | H64: 100 м2 | I64: =ROUND((17.94+5.9)/100,9) -> 0.2384 | J64: 0 | O64: =ROUND(CP64,2) -> 640.05 | P64: =ROUND(CQ64*I64,2) -> 0 | Q64: =ROUND(CR64*I64,2) -> 94.74 | R64: =ROUND(CS64*I64,2) -> 5.5 | S64: =ROUND(CT64*I64,2) -> 545.31 | T64: =ROUND(CU64*I64,2) -> 0 | U64: =CV64*I64 -> 54.205962 | V64: =CW64*I64 -> 0.4138624 | W64: =ROUND(CX64*I64,2) -> 0 | X64: =ROUND(CY64,2) -> 446.16 | Y64: =ROUND(CZ64,2) -> 396.58 | AA64: 26834263 | AB64: =ROUND((AC64+AD64+AF64),6) -> 2684.766 | AC64: =ROUND(((ES64*0)),6) -> 0 | AD64: =ROUND(((((ET64*0.7))-((EU64*0.7)))+AE64),6) -> 397.383 | AE64: =ROUND(((EU64*0.7)),6) -> 23.065 | AF64: =ROUND(((EV64*0.7)),6) -> 2287.383 | AG64: =ROUND((AP64),6) -> 0 | AH64: =((EW64*0.7)) -> 227.374 | AI64: =((EX64*0.7)) -> 1.736 | AJ64: =ROUND((AS64),6) -> 0 | AK64: 4111.26 | AL64: 275.88 | AM64: 567.69 | AN64: 32.95 | AO64: 3267.69 | AP64: 0 | AQ64: 324.82 | AR64: 2.48 | AS64: 0 | AT64: 81 | AU64: 72 | AV64: 1 | AW64: 1 | AZ64: 1 | BA64: 1 | BB64: 1 | BC64: 1 | BH64: 0 | BI64: 1 | BJ64: ФЕР-2001, 09-03-046-01, приказ Минстроя России №1039/пр от 30.12.2016г. | BM64: 9001 | BN64: 0 | BP64: 0 | BQ64: 2 | BR64: 0 | BS64: 1 | BT64: 1 | BU64: 1 | BV64: 1 | BW64: 1 | BX64: 1 | BZ64: 90 | CA64: 85 | CF64: 0 | CG64: 0 | CM64: 0 | CN64: Поправка: МДС 81-36.2004, п.3.3.1.д Наименование: При демонтаже металлических конструкций | CO64: 0 | CP64: =(P64+Q64+S64) -> 640.05 | CQ64: =AC64*BC64 -> 0 | CR64: =AD64*BB64 -> 397.383 | CS64: =AE64*BS64 -> 23.065 | CT64: =AF64*BA64 -> 2287.383 | CU64: =AG64 -> 0 | CV64: =AH64 -> 227.374 | CW64: =AI64 -> 1.736 | CX64: =AJ64 -> 0 | CY64: =(((S64+R64)*AT64)/100) -> 446.1561 | CZ64: =(((S64+R64)*AU64)/100) -> 396.5832 | DD64: )*0 | DE64: )*0,7 | DF64: )*0,7 | DG64: )*0,7 | DI64: )*0,7 | DJ64: )*0,7 | DN64: 0 | DO64: 0 | DP64: 1 | DQ64: 1 | DU64: 1005 | DV64: 100 м2 | DW64: 100 м2 | DX64: 100 | EE64: 26549059 | EF64: 2 | EG64: Общестроительные работы | EH64: 0 | EJ64: 1 | EK64: 9001 | EL64: Металлические конструкции | EM64: ФЕР-09 | EO64: Поправка: МДС 81-36.2004, п.3.3.1.д | EQ64: 0 | ER64: 4111.26 | ES64: 275.88 | ET64: 567.69 | EU64: 32.95 | EV64: 3267.69 | EW64: 324.82 | EX64: 2.48 | EY64: 0 | FQ64: 0 | FR64: =ROUND(IF(AND(BH64=3,BI64=3),P64,0),2) -> 0 | FS64: 0 | FT64: *0,9 | FU64: *0,85 | FX64: 81 | FY64: 72.25 | GD64: 0 | GF64: -1019152773 | GG64: 2 | GH64: 1 | GI64: -2 | GJ64: 0 | GK64: =ROUND(R64*(R12)/100,2) -> 0 | GL64: =ROUND(IF(AND(BH64=3,BI64=3,FS64<>0),P64,0),2) -> 0 | GM64: =ROUND(O64+X64+Y64+GK64,2)+GX64 -> 1482.79 | GN64: =IF(OR(BI64=0,BI64=1),ROUND(O64+X64+Y64+GK64,2),0) -> 1482.79 | GO64: =IF(BI64=2,ROUND(O64+X64+Y64+GK64,2),0) -> 0 | GP64: =IF(BI64=4,ROUND(O64+X64+Y64+GK64,2)+GX64,0) -> 0 | GR64: 0 | GS64: 3 | GT64: 0 | GV64: =ROUND(GT64,6) -> 0 | GW64: 1 | GX64: =ROUND(GV64*GW64*I64,2) -> 0 | HA64: 0 | HB64: 0 | IK64: 0
A65: 17 | B65: 1 | C65: =ROW(SmtRes!A148) -> 148 | D65: =ROW(EtalonRes!A164) -> 164 | E65: 13 | F65: 09-03-046-01 | G65: Демонтаж перегородок из алюминиевых сплавов сборно-разборных с остеклением | H65: 100 м2 | I65: =ROUND((17.94+5.9)/100,9) -> 0.2384 | J65: 0 | O65: =ROUND(CP65,2) -> 4096.31 | P65: =ROUND(CQ65*I65,2) -> 0 | Q65: =ROUND(CR65*I65,2) -> 606.31 | R65: =ROUND(CS65*I65,2) -> 35.19 | S65: =ROUND(CT65*I65,2) -> 3490 | T65: =ROUND(CU65*I65,2) -> 0 | U65: =CV65*I65 -> 54.205962 | V65: =CW65*I65 -> 0.4138624 | W65: =ROUND(CX65*I65,2) -> 0 | X65: =ROUND(CY65,2) -> 2855.4 | Y65: =ROUND(CZ65,2) -> 2538.14 | AA65: 26834277 | AB65: =ROUND((AC65+AD65+AF65),6) -> 2684.766 | AC65: =ROUND(((ES65*0)),6) -> 0 | AD65: =ROUND(((((ET65*0.7))-((EU65*0.7)))+AE65),6) -> 397.383 | AE65: =ROUND(((EU65*0.7)),6) -> 23.065 | AF65: =ROUND(((EV65*0.7)),6) -> 2287.383 | AG65: =ROUND((AP65),6) -> 0 | AH65: =((EW65*0.7)) -> 227.374 | AI65: =((EX65*0.7)) -> 1.736 | AJ65: =ROUND((AS65),6) -> 0 | AK65: 4111.26 | AL65: 275.88 | AM65: 567.69 | AN65: 32.95 | AO65: 3267.69 | AP65: 0 | AQ65: 324.82 | AR65: 2.48 | AS65: 0 | AT65: 81 | AU65: 72 | AV65: 1 | AW65: 1 | AZ65: 6.4 | BA65: 6.4 | BB65: 6.4 | BC65: 6.4 | BH65: 0 | BI65: 1 | BJ65: ФЕР-2001, 09-03-046-01, приказ Минстроя России №1039/пр от 30.12.2016г. | BM65: 9001 | BN65: 0 | BP65: 0 | BQ65: 2 | BR65: 0 | BS65: 6.4 | BT65: 1 | BU65: 1 | BV65: 1 | BW65: 1 | BX65: 1 | BZ65: 90 | CA65: 85 | CF65: 0 | CG65: 0 | CM65: 0 | CN65: Поправка: МДС 81-36.2004, п.3.3.1.д Наименование: При демонтаже металлических конструкций | CO65: 0 | CP65: =(P65+Q65+S65) -> 4096.31 | CQ65: =AC65*BC65 -> 0 | CR65: =AD65*BB65 -> 2543.2512 | CS65: =AE65*BS65 -> 147.616 | CT65: =AF65*BA65 -> 14639.251 | CU65: =AG65 -> 0 | CV65: =AH65 -> 227.374 | CW65: =AI65 -> 1.736 | CX65: =AJ65 -> 0 | CY65: =(((S65+R65)*AT65)/100) -> 2855.4039 | CZ65: =(((S65+R65)*AU65)/100) -> 2538.1368 | DD65: )*0 | DE65: )*0,7 | DF65: )*0,7 | DG65: )*0,7 | DI65: )*0,7 | DJ65: )*0,7 | DN65: 0 | DO65: 0 | DP65: 1 | DQ65: 1 | DU65: 1005 | DV65: 100 м2 | DW65: 100 м2 | DX65: 100 | EE65: 26549059 | EF65: 2 | EG65: Общестроительные работы | EH65: 0 | EJ65: 1 | EK65: 9001 | EL65: Металлические конструкции | EM65: ФЕР-09 | EO65: Поправка: МДС 81-36.2004, п.3.3.1.д | EQ65: 0 | ER65: 4111.26 | ES65: 275.88 | ET65: 567.69 | EU65: 32.95 | EV65: 3267.69 | EW65: 324.82 | EX65: 2.48 | EY65: 0 | FQ65: 0 | FR65: =ROUND(IF(AND(BH65=3,BI65=3),P65,0),2) -> 0 | FS65: 0 | FT65: *0,9 | FU65: *0,85 | FX65: 81 | FY65: 72.25 | GD65: 0 | GF65: -1019152773 | GG65: 1 | GH65: 1 | GI65: 4 | GJ65: 0 | GK65: =ROUND(R65*(S12)/100,2) -> 0 | GL65: =ROUND(IF(AND(BH65=3,BI65=3,FS65<>0),P65,0),2) -> 0 | GM65: =ROUND(O65+X65+Y65+GK65,2)+GX65 -> 9489.85 | GN65: =IF(OR(BI65=0,BI65=1),ROUND(O65+X65+Y65+GK65,2),0) -> 9489.85 | GO65: =IF(BI65=2,ROUND(O65+X65+Y65+GK65,2),0) -> 0 | GP65: =IF(BI65=4,ROUND(O65+X65+Y65+GK65,2)+GX65,0) -> 0 | GR65: 0 | GS65: 3 | GT65: 0 | GV65: =ROUND(GT65,6) -> 0 | GW65: 1 | GX65: =ROUND(GV65*GW65*I65,2) -> 0 | HA65: 0 | HB65: 0 | IK65: 0
A66: 17 | B66: 1 | C66: =ROW(SmtRes!A153) -> 153 | D66: =ROW(EtalonRes!A169) -> 169 | E66: 14 | F66: 10-01-012-03 | G66: Демонтаж облицовки каркасных стен плитами древесностружечными 16 мм | H66: 100 м2 | I66: =ROUND((77.2)/100,9) -> 0.772 | J66: 0 | O66: =ROUND(CP66,2) -> 426.34 | P66: =ROUND(CQ66*I66,2) -> 0 | Q66: =ROUND(CR66*I66,2) -> 19.89 | R66: =ROUND(CS66*I66,2) -> 3.51 | S66: =ROUND(CT66*I66,2) -> 406.45 | T66: =ROUND(CU66*I66,2) -> 0 | U66: =CV66*I66 -> 46.50528 | V66: =CW66*I66 -> 0.302624 | W66: =ROUND(CX66*I66,2) -> 0 | X66: =ROUND(CY66,2) -> 434.56 | Y66: =ROUND(CZ66,2) -> 221.38 | AA66: 26834263 | AB66: =ROUND((AC66+AD66+AF66),6) -> 552.256 | AC66: =ROUND(((ES66*0)),6) -> 0 | AD66: =ROUND(((((ET66*0.8))-((EU66*0.8)))+AE66),6) -> 25.76 | AE66: =ROUND(((EU66*0.8)),6) -> 4.544 | AF66: =ROUND(((EV66*0.8)),6) -> 526.496 | AG66: =ROUND((AP66),6) -> 0 | AH66: =((EW66*0.8)) -> 60.24 | AI66: =((EX66*0.8)) -> 0.392 | AJ66: =ROUND((AS66),6) -> 0 | AK66: 3058.31 | AL66: 2367.99 | AM66: 32.2 | AN66: 5.68 | AO66: 658.12 | AP66: 0 | AQ66: 75.3 | AR66: 0.49 | AS66: 0 | AT66: 106 | AU66: 54 | AV66: 1 | AW66: 1 | AZ66: 1 | BA66: 1 | BB66: 1 | BC66: 1 | BH66: 0 | BI66: 1 | BJ66: ФЕР-2001, 10-01-012-03, приказ Минстроя России №1039/пр от 30.12.2016г. | BM66: 10001 | BN66: 0 | BP66: 0 | BQ66: 2 | BR66: 0 | BS66: 1 | BT66: 1 | BU66: 1 | BV66: 1 | BW66: 1 | BX66: 1 | BZ66: 118 | CA66: 63 | CF66: 0 | CG66: 0 | CM66: 0 | CN66: Поправка: МДС 81-36.2004, п.3.3.1.б Наименование: При демонтаже сборных деревянных конструкций | CO66: 0 | CP66: =(P66+Q66+S66) -> 426.34 | CQ66: =AC66*BC66 -> 0 | CR66: =AD66*BB66 -> 25.76 | CS66: =AE66*BS66 -> 4.544 | CT66: =AF66*BA66 -> 526.496 | CU66: =AG66 -> 0 | CV66: =AH66 -> 60.24 | CW66: =AI66 -> 0.392 | CX66: =AJ66 -> 0 | CY66: =(((S66+R66)*AT66)/100) -> 434.5576 | CZ66: =(((S66+R66)*AU66)/100) -> 221.3784 | DD66: )*0 | DE66: )*0,8 | DF66: )*0,8 | DG66: )*0,8 | DI66: )*0,8 | DJ66: )*0,8 | DN66: 0 | DO66: 0 | DP66: 1 | DQ66: 1 | DU66: 1005 | DV66: 100 м2 | DW66: 100 м2 | DX66: 100 | EE66: 26549060 | EF66: 2 | EG66: Общестроительные работы | EH66: 0 | EJ66: 1 | EK66: 10001 | EL66: Деревянные конструкции | EM66: ФЕР-10 | EO66: Поправка: МДС 81-36.2004, п.3.3.1.б | EQ66: 0 | ER66: 3058.31 | ES66: 2367.99 | ET66: 32.2 | EU66: 5.68 | EV66: 658.12 | EW66: 75.3 | EX66: 0.49 | EY66: 0 | FQ66: 0 | FR66: =ROUND(IF(AND(BH66=3,BI66=3),P66,0),2) -> 0 | FS66: 0 | FT66: *0,9 | FU66: *0,85 | FX66: 106.2 | FY66: 53.55 | GD66: 0 | GF66: 1164802632 | GG66: 2 | GH66: 1 | GI66: -2 | GJ66: 0 | GK66: =ROUND(R66*(R12)/100,2) -> 0 | GL66: =ROUND(IF(AND(BH66=3,BI66=3,FS66<>0),P66,0),2) -> 0 | GM66: =ROUND(O66+X66+Y66+GK66,2)+GX66 -> 1082.28 | GN66: =IF(OR(BI66=0,BI66=1),ROUND(O66+X66+Y66+GK66,2),0) -> 1082.28 | GO66: =IF(BI66=2,ROUND(O66+X66+Y66+GK66,2),0) -> 0 | GP66: =IF(BI66=4,ROUND(O66+X66+Y66+GK66,2)+GX66,0) -> 0 | GR66: 0 | GS66: 3 | GT66: 0 | GV66: =ROUND(GT66,6) -> 0 | GW66: 1 | GX66: =ROUND(GV66*GW66*I66,2) -> 0 | HA66: 0 | HB66: 0 | IK66: 0
A67: 17 | B67: 1 | C67: =ROW(SmtRes!A158) -> 158 | D67: =ROW(EtalonRes!A174) -> 174 | E67: 14 | F67: 10-01-012-03 | G67: Демонтаж облицовки каркасных стен плитами древесностружечными 16 мм | H67: 100 м2 | I67: =ROUND((77.2)/100,9) -> 0.772 | J67: 0 | O67: =ROUND(CP67,2) -> 2728.59 | P67: =ROUND(CQ67*I67,2) -> 0 | Q67: =ROUND(CR67*I67,2) -> 127.28 | R67: =ROUND(CS67*I67,2) -> 22.45 | S67: =ROUND(CT67*I67,2) -> 2601.31 | T67: =ROUND(CU67*I67,2) -> 0 | U67: =CV67*I67 -> 46.50528 | V67: =CW67*I67 -> 0.302624 | W67: =ROUND(CX67*I67,2) -> 0 | X67: =ROUND(CY67,2) -> 2781.19 | Y67: =ROUND(CZ67,2) -> 1416.83 | AA67: 26834277 | AB67: =ROUND((AC67+AD67+AF67),6) -> 552.256 | AC67: =ROUND(((ES67*0)),6) -> 0 | AD67: =ROUND(((((ET67*0.8))-((EU67*0.8)))+AE67),6) -> 25.76 | AE67: =ROUND(((EU67*0.8)),6) -> 4.544 | AF67: =ROUND(((EV67*0.8)),6) -> 526.496 | AG67: =ROUND((AP67),6) -> 0 | AH67: =((EW67*0.8)) -> 60.24 | AI67: =((EX67*0.8)) -> 0.392 | AJ67: =ROUND((AS67),6) -> 0 | AK67: 3058.31 | AL67: 2367.99 | AM67: 32.2 | AN67: 5.68 | AO67: 658.12 | AP67: 0 | AQ67: 75.3 | AR67: 0.49 | AS67: 0 | AT67: 106 | AU67: 54 | AV67: 1 | AW67: 1 | AZ67: 6.4 | BA67: 6.4 | BB67: 6.4 | BC67: 6.4 | BH67: 0 | BI67: 1 | BJ67: ФЕР-2001, 10-01-012-03, приказ Минстроя России №1039/пр от 30.12.2016г. | BM67: 10001 | BN67: 0 | BP67: 0 | BQ67: 2 | BR67: 0 | BS67: 6.4 | BT67: 1 | BU67: 1 | BV67: 1 | BW67: 1 | BX67: 1 | BZ67: 118 | CA67: 63 | CF67: 0 | CG67: 0 | CM67: 0 | CN67: Поправка: МДС 81-36.2004, п.3.3.1.б Наименование: При демонтаже сборных деревянных конструкций | CO67: 0 | CP67: =(P67+Q67+S67) -> 2728.59 | CQ67: =AC67*BC67 -> 0 | CR67: =AD67*BB67 -> 164.864 | CS67: =AE67*BS67 -> 29.0816 | CT67: =AF67*BA67 -> 3369.5744 | CU67: =AG67 -> 0 | CV67: =AH67 -> 60.24 | CW67: =AI67 -> 0.392 | CX67: =AJ67 -> 0 | CY67: =(((S67+R67)*AT67)/100) -> 2781.1856 | CZ67: =(((S67+R67)*AU67)/100) -> 1416.8304 | DD67: )*0 | DE67: )*0,8 | DF67: )*0,8 | DG67: )*0,8 | DI67: )*0,8 | DJ67: )*0,8 | DN67: 0 | DO67: 0 | DP67: 1 | DQ67: 1 | DU67: 1005 | DV67: 100 м2 | DW67: 100 м2 | DX67: 100 | EE67: 26549060 | EF67: 2 | EG67: Общестроительные работы | EH67: 0 | EJ67: 1 | EK67: 10001 | EL67: Деревянные конструкции | EM67: ФЕР-10 | EO67: Поправка: МДС 81-36.2004, п.3.3.1.б | EQ67: 0 | ER67: 3058.31 | ES67: 2367.99 | ET67: 32.2 | EU67: 5.68 | EV67: 658.12 | EW67: 75.3 | EX67: 0.49 | EY67: 0 | FQ67: 0 | FR67: =ROUND(IF(AND(BH67=3,BI67=3),P67,0),2) -> 0 | FS67: 0 | FT67: *0,9 | FU67: *0,85 | FX67: 106.2 | FY67: 53.55 | GD67: 0 | GF67: 1164802632 | GG67: 1 | GH67: 1 | GI67: 4 | GJ67: 0 | GK67: =ROUND(R67*(S12)/100,2) -> 0 | GL67: =ROUND(IF(AND(BH67=3,BI67=3,FS67<>0),P67,0),2) -> 0 | GM67: =ROUND(O67+X67+Y67+GK67,2)+GX67 -> 6926.61 | GN67: =IF(OR(BI67=0,BI67=1),ROUND(O67+X67+Y67+GK67,2),0) -> 6926.61 | GO67: =IF(BI67=2,ROUND(O67+X67+Y67+GK67,2),0) -> 0 | GP67: =IF(BI67=4,ROUND(O67+X67+Y67+GK67,2)+GX67,0) -> 0 | GR67: 0 | GS67: 3 | GT67: 0 | GV67: =ROUND(GT67,6) -> 0 | GW67: 1 | GX67: =ROUND(GV67*GW67*I67,2) -> 0 | HA67: 0 | HB67: 0 | IK67: 0
A68: 17 | B68: 1 | C68: =ROW(SmtRes!A161) -> 161 | D68: =ROW(EtalonRes!A177) -> 177 | E68: 15 | F68: 46-04-007-06 | G68: Разборка облицовки стен из плит акмигран | H68: 100 м2 | I68: =ROUND((42.25+40.71)/100,9) -> 0.8296 | J68: 0 | O68: =ROUND(CP68,2) -> 536.36 | P68: =ROUND(CQ68*I68,2) -> 0 | Q68: =ROUND(CR68*I68,2) -> 57.05 | R68: =ROUND(CS68*I68,2) -> 24.64 | S68: =ROUND(CT68*I68,2) -> 479.31 | T68: =ROUND(CU68*I68,2) -> 0 | U68: =CV68*I68 -> 55.475352 | V68: =CW68*I68 -> 1.82512 | W68: =ROUND(CX68*I68,2) -> 0 | X68: =ROUND(CY68,2) -> 498.91 | Y68: =ROUND(CZ68,2) -> 302.37 | AA68: 26834263 | AB68: =ROUND((AC68+AD68+AF68),6) -> 646.53 | AC68: =ROUND((ES68),6) -> 0 | AD68: =ROUND((((ET68)-(EU68))+AE68),6) -> 68.77 | AE68: =ROUND((EU68),6) -> 29.7 | AF68: =ROUND((EV68),6) -> 577.76 | AG68: =ROUND((AP68),6) -> 0 | AH68: =(EW68) -> 66.87 | AI68: =(EX68) -> 2.2 | AJ68: =ROUND((AS68),6) -> 0 | AK68: 646.53 | AL68: 0 | AM68: 68.77 | AN68: 29.7 | AO68: 577.76 | AP68: 0 | AQ68: 66.87 | AR68: 2.2 | AS68: 0 | AT68: 99 | AU68: 60 | AV68: 1 | AW68: 1 | AZ68: 1 | BA68: 1 | BB68: 1 | BC68: 1 | BH68: 0 | BI68: 1 | BJ68: ФЕР-2001, 46-04-007-06, приказ Минстроя России №1039/пр от 30.12.2016г. | BM68: 46001 | BN68: 0 | BP68: 0 | BQ68: 2 | BR68: 0 | BS68: 1 | BT68: 1 | BU68: 1 | BV68: 1 | BW68: 1 | BX68: 1 | BZ68: 110 | CA68: 70 | CF68: 0 | CG68: 0 | CM68: 0 | CO68: 0 | CP68: =(P68+Q68+S68) -> 536.36 | CQ68: =AC68*BC68 -> 0 | CR68: =AD68*BB68 -> 68.77 | CS68: =AE68*BS68 -> 29.7 | CT68: =AF68*BA68 -> 577.76 | CU68: =AG68 -> 0 | CV68: =AH68 -> 66.87 | CW68: =AI68 -> 2.2 | CX68: =AJ68 -> 0 | CY68: =(((S68+R68)*AT68)/100) -> 498.9105 | CZ68: =(((S68+R68)*AU68)/100) -> 302.37 | DN68: 0 | DO68: 0 | DP68: 1 | DQ68: 1 | DU68: 1005 | DV68: 100 м2 | DW68: 100 м2 | DX68: 100 | EE68: 26549128 | EF68: 2 | EG68: Общестроительные работы | EH68: 0 | EJ68: 1 | EK68: 46001 | EL68: Реконструкция зданий и сооружений | EM68: ФЕР-46 | EQ68: 0 | ER68: 646.53 | ES68: 0 | ET68: 68.77 | EU68: 29.7 | EV68: 577.76 | EW68: 66.87 | EX68: 2.2 | EY68: 0 | FQ68: 0 | FR68: =ROUND(IF(AND(BH68=3,BI68=3),P68,0),2) -> 0 | FS68: 0 | FT68: *0,9 | FU68: *0,85 | FX68: 99 | FY68: 59.5 | GD68: 0 | GF68: 1897784281 | GG68: 2 | GH68: 1 | GI68: -2 | GJ68: 0 | GK68: =ROUND(R68*(R12)/100,2) -> 0 | GL68: =ROUND(IF(AND(BH68=3,BI68=3,FS68<>0),P68,0),2) -> 0 | GM68: =ROUND(O68+X68+Y68+GK68,2)+GX68 -> 1337.64 | GN68: =IF(OR(BI68=0,BI68=1),ROUND(O68+X68+Y68+GK68,2),0) -> 1337.64 | GO68: =IF(BI68=2,ROUND(O68+X68+Y68+GK68,2),0) -> 0 | GP68: =IF(BI68=4,ROUND(O68+X68+Y68+GK68,2)+GX68,0) -> 0 | GR68: 0 | GS68: 3 | GT68: 0 | GV68: =ROUND(GT68,6) -> 0 | GW68: 1 | GX68: =ROUND(GV68*GW68*I68,2) -> 0 | HA68: 0 | HB68: 0 | IK68: 0
A69: 17 | B69: 1 | C69: =ROW(SmtRes!A164) -> 164 | D69: =ROW(EtalonRes!A180) -> 180 | E69: 15 | F69: 46-04-007-06 | G69: Разборка облицовки стен из плит акмигран | H69: 100 м2 | I69: =ROUND((42.25+40.71)/100,9) -> 0.8296 | J69: 0 | O69: =ROUND(CP69,2) -> 3432.71 | P69: =ROUND(CQ69*I69,2) -> 0 | Q69: =ROUND(CR69*I69,2) -> 365.13 | R69: =ROUND(CS69*I69,2) -> 157.69 | S69: =ROUND(CT69*I69,2) -> 3067.58 | T69: =ROUND(CU69*I69,2) -> 0 | U69: =CV69*I69 -> 55.475352 | V69: =CW69*I69 -> 1.82512 | W69: =ROUND(CX69*I69,2) -> 0 | X69: =ROUND(CY69,2) -> 3193.02 | Y69: =ROUND(CZ69,2) -> 1935.16 | AA69: 26834277 | AB69: =ROUND((AC69+AD69+AF69),6) -> 646.53 | AC69: =ROUND((ES69),6) -> 0 | AD69: =ROUND((((ET69)-(EU69))+AE69),6) -> 68.77 | AE69: =ROUND((EU69),6) -> 29.7 | AF69: =ROUND((EV69),6) -> 577.76 | AG69: =ROUND((AP69),6) -> 0 | AH69: =(EW69) -> 66.87 | AI69: =(EX69) -> 2.2 | AJ69: =ROUND((AS69),6) -> 0 | AK69: 646.53 | AL69: 0 | AM69: 68.77 | AN69: 29.7 | AO69: 577.76 | AP69: 0 | AQ69: 66.87 | AR69: 2.2 | AS69: 0 | AT69: 99 | AU69: 60 | AV69: 1 | AW69: 1 | AZ69: 6.4 | BA69: 6.4 | BB69: 6.4 | BC69: 6.4 | BH69: 0 | BI69: 1 | BJ69: ФЕР-2001, 46-04-007-06, приказ Минстроя России №1039/пр от 30.12.2016г. | BM69: 46001 | BN69: 0 | BP69: 0 | BQ69: 2 | BR69: 0 | BS69: 6.4 | BT69: 1 | BU69: 1 | BV69: 1 | BW69: 1 | BX69: 1 | BZ69: 110 | CA69: 70 | CF69: 0 | CG69: 0 | CM69: 0 | CO69: 0 | CP69: =(P69+Q69+S69) -> 3432.71 | CQ69: =AC69*BC69 -> 0 | CR69: =AD69*BB69 -> 440.128 | CS69: =AE69*BS69 -> 190.08 | CT69: =AF69*BA69 -> 3697.664 | CU69: =AG69 -> 0 | CV69: =AH69 -> 66.87 | CW69: =AI69 -> 2.2 | CX69: =AJ69 -> 0 | CY69: =(((S69+R69)*AT69)/100) -> 3193.0173 | CZ69: =(((S69+R69)*AU69)/100) -> 1935.162 | DN69: 0 | DO69: 0 | DP69: 1 | DQ69: 1 | DU69: 1005 | DV69: 100 м2 | DW69: 100 м2 | DX69: 100 | EE69: 26549128 | EF69: 2 | EG69: Общестроительные работы | EH69: 0 | EJ69: 1 | EK69: 46001 | EL69: Реконструкция зданий и сооружений | EM69: ФЕР-46 | EQ69: 0 | ER69: 646.53 | ES69: 0 | ET69: 68.77 | EU69: 29.7 | EV69: 577.76 | EW69: 66.87 | EX69: 2.2 | EY69: 0 | FQ69: 0 | FR69: =ROUND(IF(AND(BH69=3,BI69=3),P69,0),2) -> 0 | FS69: 0 | FT69: *0,9 | FU69: *0,85 | FX69: 99 | FY69: 59.5 | GD69: 0 | GF69: 1897784281 | GG69: 1 | GH69: 1 | GI69: 4 | GJ69: 0 | GK69: =ROUND(R69*(S12)/100,2) -> 0 | GL69: =ROUND(IF(AND(BH69=3,BI69=3,FS69<>0),P69,0),2) -> 0 | GM69: =ROUND(O69+X69+Y69+GK69,2)+GX69 -> 8560.89 | GN69: =IF(OR(BI69=0,BI69=1),ROUND(O69+X69+Y69+GK69,2),0) -> 8560.89 | GO69: =IF(BI69=2,ROUND(O69+X69+Y69+GK69,2),0) -> 0 | GP69: =IF(BI69=4,ROUND(O69+X69+Y69+GK69,2)+GX69,0) -> 0 | GR69: 0 | GS69: 3 | GT69: 0 | GV69: =ROUND(GT69,6) -> 0 | GW69: 1 | GX69: =ROUND(GV69*GW69*I69,2) -> 0 | HA69: 0 | HB69: 0 | IK69: 0
A70: 17 | B70: 1 | C70: =ROW(SmtRes!A172) -> 172 | D70: =ROW(EtalonRes!A189) -> 189 | E70: 16 | F70: 15-01-047-16 | G70: Демонтаж потолков алюминиевых прим. | H70: 100 м2 | I70: =ROUND((45.9)/100,9) -> 0.459 | J70: 0 | O70: =ROUND(CP70,2) -> 428.73 | P70: =ROUND(CQ70*I70,2) -> 0 | Q70: =ROUND(CR70*I70,2) -> 54.71 | R70: =ROUND(CS70*I70,2) -> 1.84 | S70: =ROUND(CT70*I70,2) -> 374.02 | T70: =ROUND(CU70*I70,2) -> 0 | U70: =CV70*I70 -> 39.789792 | V70: =CW70*I70 -> 0.143208 | W70: =ROUND(CX70*I70,2) -> 0 | X70: =ROUND(CY70,2) -> 357.07 | Y70: =ROUND(CZ70,2) -> 176.65 | AA70: 26834263 | AB70: =ROUND((AC70+AD70+AF70),6) -> 934.048 | AC70: =ROUND(((ES70*0)),6) -> 0 | AD70: =ROUND(((((ET70*0.8))-((EU70*0.8)))+AE70),6) -> 119.184 | AE70: =ROUND(((EU70*0.8)),6) -> 4 | AF70: =ROUND(((EV70*0.8)),6) -> 814.864 | AG70: =ROUND((AP70),6) -> 0 | AH70: =((EW70*0.8)) -> 86.688 | AI70: =((EX70*0.8)) -> 0.312 | AJ70: =ROUND((AS70),6) -> 0 | AK70: 29416.26 | AL70: 28248.7 | AM70: 148.98 | AN70: 5 | AO70: 1018.58 | AP70: 0 | AQ70: 108.36 | AR70: 0.39 | AS70: 0 | AT70: 95 | AU70: 47 | AV70: 1 | AW70: 1 | AZ70: 1 | BA70: 1 | BB70: 1 | BC70: 1 | BH70: 0 | BI70: 1 | BJ70: ФЕР-2001, 15-01-047-16, приказ Минстроя России №1039/пр от 30.12.2016г. | BM70: 15001 | BN70: 0 | BP70: 0 | BQ70: 2 | BR70: 0 | BS70: 1 | BT70: 1 | BU70: 1 | BV70: 1 | BW70: 1 | BX70: 1 | BZ70: 105 | CA70: 55 | CF70: 0 | CG70: 0 | CM70: 0 | CN70: Поправка: МДС 81-36.2004, п.3.3.1.б Наименование: При демонтаже сборных деревянных конструкций | CO70: 0 | CP70: =(P70+Q70+S70) -> 428.73 | CQ70: =AC70*BC70 -> 0 | CR70: =AD70*BB70 -> 119.184 | CS70: =AE70*BS70 -> 4 | CT70: =AF70*BA70 -> 814.864 | CU70: =AG70 -> 0 | CV70: =AH70 -> 86.688 | CW70: =AI70 -> 0.312 | CX70: =AJ70 -> 0 | CY70: =(((S70+R70)*AT70)/100) -> 357.067 | CZ70: =(((S70+R70)*AU70)/100) -> 176.6542 | DD70: )*0 | DE70: )*0,8 | DF70: )*0,8 | DG70: )*0,8 | DI70: )*0,8 | DJ70: )*0,8 | DN70: 0 | DO70: 0 | DP70: 1 | DQ70: 1 | DU70: 1005 | DV70: 100 м2 | DW70: 100 м2 | DX70: 100 | EE70: 26549086 | EF70: 2 | EG70: Общестроительные работы | EH70: 0 | EJ70: 1 | EK70: 15001 | EL70: Отделочные работы | EM70: ФЕР-15 | EO70: Поправка: МДС 81-36.2004, п.3.3.1.б | EQ70: 0 | ER70: 29416.26 | ES70: 28248.7 | ET70: 148.98 | EU70: 5 | EV70: 1018.58 | EW70: 108.36 | EX70: 0.39 | EY70: 0 | FQ70: 0 | FR70: =ROUND(IF(AND(BH70=3,BI70=3),P70,0),2) -> 0 | FS70: 0 | FT70: *0,9 | FU70: *0,85 | FX70: 94.5 | FY70: 46.75 | GD70: 0 | GF70: 2115955417 | GG70: 2 | GH70: 1 | GI70: -2 | GJ70: 0 | GK70: =ROUND(R70*(R12)/100,2) -> 0 | GL70: =ROUND(IF(AND(BH70=3,BI70=3,FS70<>0),P70,0),2) -> 0 | GM70: =ROUND(O70+X70+Y70+GK70,2)+GX70 -> 962.45 | GN70: =IF(OR(BI70=0,BI70=1),ROUND(O70+X70+Y70+GK70,2),0) -> 962.45 | GO70: =IF(BI70=2,ROUND(O70+X70+Y70+GK70,2),0) -> 0 | GP70: =IF(BI70=4,ROUND(O70+X70+Y70+GK70,2)+GX70,0) -> 0 | GR70: 0 | GS70: 3 | GT70: 0 | GV70: =ROUND(GT70,6) -> 0 | GW70: 1 | GX70: =ROUND(GV70*GW70*I70,2) -> 0 | HA70: 0 | HB70: 0 | IK70: 0
A71: 17 | B71: 1 | C71: =ROW(SmtRes!A180) -> 180 | D71: =ROW(EtalonRes!A198) -> 198 | E71: 16 | F71: 15-01-047-16 | G71: Демонтаж потолков алюминиевых прим. | H71: 100 м2 | I71: =ROUND((45.9)/100,9) -> 0.459 | J71: 0 | O71: =ROUND(CP71,2) -> 2743.85 | P71: =ROUND(CQ71*I71,2) -> 0 | Q71: =ROUND(CR71*I71,2) -> 350.11 | R71: =ROUND(CS71*I71,2) -> 11.75 | S71: =ROUND(CT71*I71,2) -> 2393.74 | T71: =ROUND(CU71*I71,2) -> 0 | U71: =CV71*I71 -> 39.789792 | V71: =CW71*I71 -> 0.143208 | W71: =ROUND(CX71*I71,2) -> 0 | X71: =ROUND(CY71,2) -> 2285.22 | Y71: =ROUND(CZ71,2) -> 1130.58 | AA71: 26834277 | AB71: =ROUND((AC71+AD71+AF71),6) -> 934.048 | AC71: =ROUND(((ES71*0)),6) -> 0 | AD71: =ROUND(((((ET71*0.8))-((EU71*0.8)))+AE71),6) -> 119.184 | AE71: =ROUND(((EU71*0.8)),6) -> 4 | AF71: =ROUND(((EV71*0.8)),6) -> 814.864 | AG71: =ROUND((AP71),6) -> 0 | AH71: =((EW71*0.8)) -> 86.688 | AI71: =((EX71*0.8)) -> 0.312 | AJ71: =ROUND((AS71),6) -> 0 | AK71: 29416.26 | AL71: 28248.7 | AM71: 148.98 | AN71: 5 | AO71: 1018.58 | AP71: 0 | AQ71: 108.36 | AR71: 0.39 | AS71: 0 | AT71: 95 | AU71: 47 | AV71: 1 | AW71: 1 | AZ71: 6.4 | BA71: 6.4 | BB71: 6.4 | BC71: 6.4 | BH71: 0 | BI71: 1 | BJ71: ФЕР-2001, 15-01-047-16, приказ Минстроя России №1039/пр от 30.12.2016г. | BM71: 15001 | BN71: 0 | BP71: 0 | BQ71: 2 | BR71: 0 | BS71: 6.4 | BT71: 1 | BU71: 1 | BV71: 1 | BW71: 1 | BX71: 1 | BZ71: 105 | CA71: 55 | CF71: 0 | CG71: 0 | CM71: 0 | CN71: Поправка: МДС 81-36.2004, п.3.3.1.б Наименование: При демонтаже сборных деревянных конструкций | CO71: 0 | CP71: =(P71+Q71+S71) -> 2743.85 | CQ71: =AC71*BC71 -> 0 | CR71: =AD71*BB71 -> 762.7776 | CS71: =AE71*BS71 -> 25.6 | CT71: =AF71*BA71 -> 5215.1296 | CU71: =AG71 -> 0 | CV71: =AH71 -> 86.688 | CW71: =AI71 -> 0.312 | CX71: =AJ71 -> 0 | CY71: =(((S71+R71)*AT71)/100) -> 2285.2155 | CZ71: =(((S71+R71)*AU71)/100) -> 1130.5803 | DD71: )*0 | DE71: )*0,8 | DF71: )*0,8 | DG71: )*0,8 | DI71: )*0,8 | DJ71: )*0,8 | DN71: 0 | DO71: 0 | DP71: 1 | DQ71: 1 | DU71: 1005 | DV71: 100 м2 | DW71: 100 м2 | DX71: 100 | EE71: 26549086 | EF71: 2 | EG71: Общестроительные работы | EH71: 0 | EJ71: 1 | EK71: 15001 | EL71: Отделочные работы | EM71: ФЕР-15 | EO71: Поправка: МДС 81-36.2004, п.3.3.1.б | EQ71: 0 | ER71: 29416.26 | ES71: 28248.7 | ET71: 148.98 | EU71: 5 | EV71: 1018.58 | EW71: 108.36 | EX71: 0.39 | EY71: 0 | FQ71: 0 | FR71: =ROUND(IF(AND(BH71=3,BI71=3),P71,0),2) -> 0 | FS71: 0 | FT71: *0,9 | FU71: *0,85 | FX71: 94.5 | FY71: 46.75 | GD71: 0 | GF71: 2115955417 | GG71: 1 | GH71: 1 | GI71: 4 | GJ71: 0 | GK71: =ROUND(R71*(S12)/100,2) -> 0 | GL71: =ROUND(IF(AND(BH71=3,BI71=3,FS71<>0),P71,0),2) -> 0 | GM71: =ROUND(O71+X71+Y71+GK71,2)+GX71 -> 6159.65 | GN71: =IF(OR(BI71=0,BI71=1),ROUND(O71+X71+Y71+GK71,2),0) -> 6159.65 | GO71: =IF(BI71=2,ROUND(O71+X71+Y71+GK71,2),0) -> 0 | GP71: =IF(BI71=4,ROUND(O71+X71+Y71+GK71,2)+GX71,0) -> 0 | GR71: 0 | GS71: 3 | GT71: 0 | GV71: =ROUND(GT71,6) -> 0 | GW71: 1 | GX71: =ROUND(GV71*GW71*I71,2) -> 0 | HA71: 0 | HB71: 0 | IK71: 0
A72: 17 | B72: 1 | C72: =ROW(SmtRes!A186) -> 186 | D72: =ROW(EtalonRes!A206) -> 206 | E72: 17 | F72: 20-02-002-01 | G72: Демонтаж решеток жалюзийных площадью в свету до 0,5 м2 | H72: ШТ | I72: =ROUND(2+2+1+2+1+2+4+2,9) -> 16 | J72: 0 | O72: =ROUND(CP72,2) -> 94.27 | P72: =ROUND(CQ72*I72,2) -> 0 | Q72: =ROUND(CR72*I72,2) -> 10.43 | R72: =ROUND(CS72*I72,2) -> 0.77 | S72: =ROUND(CT72*I72,2) -> 83.84 | T72: =ROUND(CU72*I72,2) -> 0 | U72: =CV72*I72 -> 9.344 | V72: =CW72*I72 -> 0.064 | W72: =ROUND(CX72*I72,2) -> 0 | X72: =ROUND(CY72,2) -> 97.3 | Y72: =ROUND(CZ72,2) -> 60.07 | AA72: 26834263 | AB72: =ROUND((AC72+AD72+AF72),6) -> 5.892 | AC72: =ROUND(((ES72*0)),6) -> 0 | AD72: =ROUND(((((ET72*0.4))-((EU72*0.4)))+AE72),6) -> 0.652 | AE72: =ROUND(((EU72*0.4)),6) -> 0.048 | AF72: =ROUND(((EV72*0.4)),6) -> 5.24 | AG72: =ROUND((AP72),6) -> 0 | AH72: =((EW72*0.4)) -> 0.584 | AI72: =((EX72*0.4)) -> 0.004 | AJ72: =ROUND((AS72),6) -> 0 | AK72: 18.67 | AL72: 3.94 | AM72: 1.63 | AN72: 0.12 | AO72: 13.1 | AP72: 0 | AQ72: 1.46 | AR72: 0.01 | AS72: 0 | AT72: 115 | AU72: 71 | AV72: 1 | AW72: 1 | AZ72: 1 | BA72: 1 | BB72: 1 | BC72: 1 | BH72: 0 | BI72: 1 | BJ72: ФЕР-2001, 20-02-002-01, приказ Минстроя России №1039/пр от 30.12.2016г. | BM72: 20001 | BN72: 0 | BP72: 0 | BQ72: 2 | BR72: 0 | BS72: 1 | BT72: 1 | BU72: 1 | BV72: 1 | BW72: 1 | BX72: 1 | BZ72: 128 | CA72: 83 | CF72: 0 | CG72: 0 | CM72: 0 | CN72: Поправка: МДС 81-36.2004, п.3.3.1.в Наименование: При демонтаже внутренних санитарно-технических устройств (водопровода, газопровода, канализации, водостоков, отопления, вентиляции) | CO72: 0 | CP72: =(P72+Q72+S72) -> 94.27 | CQ72: =AC72*BC72 -> 0 | CR72: =AD72*BB72 -> 0.652 | CS72: =AE72*BS72 -> 0.048 | CT72: =AF72*BA72 -> 5.24 | CU72: =AG72 -> 0 | CV72: =AH72 -> 0.584 | CW72: =AI72 -> 0.004 | CX72: =AJ72 -> 0 | CY72: =(((S72+R72)*AT72)/100) -> 97.3015 | CZ72: =(((S72+R72)*AU72)/100) -> 60.0731 | DD72: )*0 | DE72: )*0,4 | DF72: )*0,4 | DG72: )*0,4 | DI72: )*0,4 | DJ72: )*0,4 | DN72: 0 | DO72: 0 | DP72: 1 | DQ72: 1 | DU72: 1013 | DV72: ШТ | DW72: ШТ | DX72: 1 | EE72: 26549091 | EF72: 2 | EG72: Общестроительные работы | EH72: 0 | EJ72: 1 | EK72: 20001 | EL72: Вентиляция и кондиционирование | EM72: ФЕР-20 | EO72: Поправка: МДС 81-36.2004, п.3.3.1.в | EQ72: 0 | ER72: 18.67 | ES72: 3.94 | ET72: 1.63 | EU72: 0.12 | EV72: 13.1 | EW72: 1.46 | EX72: 0.01 | EY72: 0 | FQ72: 0 | FR72: =ROUND(IF(AND(BH72=3,BI72=3),P72,0),2) -> 0 | FS72: 0 | FT72: *0,9 | FU72: *0,85 | FX72: 115.2 | FY72: 70.55 | GD72: 0 | GF72: -991381752 | GG72: 2 | GH72: 1 | GI72: -2 | GJ72: 0 | GK72: =ROUND(R72*(R12)/100,2) -> 0 | GL72: =ROUND(IF(AND(BH72=3,BI72=3,FS72<>0),P72,0),2) -> 0 | GM72: =ROUND(O72+X72+Y72+GK72,2)+GX72 -> 251.64 | GN72: =IF(OR(BI72=0,BI72=1),ROUND(O72+X72+Y72+GK72,2),0) -> 251.64 | GO72: =IF(BI72=2,ROUND(O72+X72+Y72+GK72,2),0) -> 0 | GP72: =IF(BI72=4,ROUND(O72+X72+Y72+GK72,2)+GX72,0) -> 0 | GR72: 0 | GS72: 3 | GT72: 0 | GV72: =ROUND(GT72,6) -> 0 | GW72: 1 | GX72: =ROUND(GV72*GW72*I72,2) -> 0 | HA72: 0 | HB72: 0 | IK72: 0
A73: 17 | B73: 1 | C73: =ROW(SmtRes!A192) -> 192 | D73: =ROW(EtalonRes!A214) -> 214 | E73: 17 | F73: 20-02-002-01 | G73: Демонтаж решеток жалюзийных площадью в свету до 0,5 м2 | H73: ШТ | I73: =ROUND(2+2+1+2+1+2+4+2,9) -> 16 | J73: 0 | O73: =ROUND(CP73,2) -> 603.34 | P73: =ROUND(CQ73*I73,2) -> 0 | Q73: =ROUND(CR73*I73,2) -> 66.76 | R73: =ROUND(CS73*I73,2) -> 4.92 | S73: =ROUND(CT73*I73,2) -> 536.58 | T73: =ROUND(CU73*I73,2) -> 0 | U73: =CV73*I73 -> 9.344 | V73: =CW73*I73 -> 0.064 | W73: =ROUND(CX73*I73,2) -> 0 | X73: =ROUND(CY73,2) -> 622.73 | Y73: =ROUND(CZ73,2) -> 384.47 | AA73: 26834277 | AB73: =ROUND((AC73+AD73+AF73),6) -> 5.892 | AC73: =ROUND(((ES73*0)),6) -> 0 | AD73: =ROUND(((((ET73*0.4))-((EU73*0.4)))+AE73),6) -> 0.652 | AE73: =ROUND(((EU73*0.4)),6) -> 0.048 | AF73: =ROUND(((EV73*0.4)),6) -> 5.24 | AG73: =ROUND((AP73),6) -> 0 | AH73: =((EW73*0.4)) -> 0.584 | AI73: =((EX73*0.4)) -> 0.004 | AJ73: =ROUND((AS73),6) -> 0 | AK73: 18.67 | AL73: 3.94 | AM73: 1.63 | AN73: 0.12 | AO73: 13.1 | AP73: 0 | AQ73: 1.46 | AR73: 0.01 | AS73: 0 | AT73: 115 | AU73: 71 | AV73: 1 | AW73: 1 | AZ73: 6.4 | BA73: 6.4 | BB73: 6.4 | BC73: 6.4 | BH73: 0 | BI73: 1 | BJ73: ФЕР-2001, 20-02-002-01, приказ Минстроя России №1039/пр от 30.12.2016г. | BM73: 20001 | BN73: 0 | BP73: 0 | BQ73: 2 | BR73: 0 | BS73: 6.4 | BT73: 1 | BU73: 1 | BV73: 1 | BW73: 1 | BX73: 1 | BZ73: 128 | CA73: 83 | CF73: 0 | CG73: 0 | CM73: 0 | CN73: Поправка: МДС 81-36.2004, п.3.3.1.в Наименование: При демонтаже внутренних санитарно-технических устройств (водопровода, газопровода, канализации, водостоков, отопления, вентиляции) | CO73: 0 | CP73: =(P73+Q73+S73) -> 603.34 | CQ73: =AC73*BC73 -> 0 | CR73: =AD73*BB73 -> 4.1728 | CS73: =AE73*BS73 -> 0.3072 | CT73: =AF73*BA73 -> 33.536 | CU73: =AG73 -> 0 | CV73: =AH73 -> 0.584 | CW73: =AI73 -> 0.004 | CX73: =AJ73 -> 0 | CY73: =(((S73+R73)*AT73)/100) -> 622.725 | CZ73: =(((S73+R73)*AU73)/100) -> 384.465 | DD73: )*0 | DE73: )*0,4 | DF73: )*0,4 | DG73: )*0,4 | DI73: )*0,4 | DJ73: )*0,4 | DN73: 0 | DO73: 0 | DP73: 1 | DQ73: 1 | DU73: 1013 | DV73: ШТ | DW73: ШТ | DX73: 1 | EE73: 26549091 | EF73: 2 | EG73: Общестроительные работы | EH73: 0 | EJ73: 1 | EK73: 20001 | EL73: Вентиляция и кондиционирование | EM73: ФЕР-20 | EO73: Поправка: МДС 81-36.2004, п.3.3.1.в | EQ73: 0 | ER73: 18.67 | ES73: 3.94 | ET73: 1.63 | EU73: 0.12 | EV73: 13.1 | EW73: 1.46 | EX73: 0.01 | EY73: 0 | FQ73: 0 | FR73: =ROUND(IF(AND(BH73=3,BI73=3),P73,0),2) -> 0 | FS73: 0 | FT73: *0,9 | FU73: *0,85 | FX73: 115.2 | FY73: 70.55 | GD73: 0 | GF73: -991381752 | GG73: 1 | GH73: 1 | GI73: 4 | GJ73: 0 | GK73: =ROUND(R73*(S12)/100,2) -> 0 | GL73: =ROUND(IF(AND(BH73=3,BI73=3,FS73<>0),P73,0),2) -> 0 | GM73: =ROUND(O73+X73+Y73+GK73,2)+GX73 -> 1610.54 | GN73: =IF(OR(BI73=0,BI73=1),ROUND(O73+X73+Y73+GK73,2),0) -> 1610.54 | GO73: =IF(BI73=2,ROUND(O73+X73+Y73+GK73,2),0) -> 0 | GP73: =IF(BI73=4,ROUND(O73+X73+Y73+GK73,2)+GX73,0) -> 0 | GR73: 0 | GS73: 3 | GT73: 0 | GV73: =ROUND(GT73,6) -> 0 | GW73: 1 | GX73: =ROUND(GV73*GW73*I73,2) -> 0 | HA73: 0 | HB73: 0 | IK73: 0
A74: 17 | B74: 1 | C74: =ROW(SmtRes!A204) -> 204 | D74: =ROW(EtalonRes!A223) -> 223 | E74: 18 | F74: 09-04-012-01 | G74: Установка металлических дверных блоков в готовые проемы | H74: м2 | I74: =ROUND(3.45*5+5.72+4.14,9) -> 27.11 | J74: 0 | O74: =ROUND(CP74,2) -> 1927.9 | P74: =ROUND(CQ74*I74,2) -> 697.27 | Q74: =ROUND(CR74*I74,2) -> 488.32 | R74: =ROUND(CS74*I74,2) -> 66.76 | S74: =ROUND(CT74*I74,2) -> 742.31 | T74: =ROUND(CU74*I74,2) -> 0 | U74: =CV74*I74 -> 74.8236 | V74: =CW74*I74 -> 5.760875 | W74: =ROUND(CX74*I74,2) -> 0 | X74: =ROUND(CY74,2) -> 655.35 | Y74: =ROUND(CZ74,2) -> 582.53 | AA74: 26834263 | AB74: =ROUND((AC74+AD74+AF74),6) -> 71.114 | AC74: =ROUND((ES74),6) -> 25.72 | AD74: =ROUND(((((ET74*1.25))-((EU74*1.25)))+AE74),6) -> 18.0125 | AE74: =ROUND(((EU74*1.25)),6) -> 2.4625 | AF74: =ROUND(((EV74*1.15)),6) -> 27.3815 | AG74: =ROUND((AP74),6) -> 0 | AH74: =((EW74*1.15)) -> 2.76 | AI74: =((EX74*1.25)) -> 0.2125 | AJ74: =ROUND((AS74),6) -> 0 | AK74: 63.94 | AL74: 25.72 | AM74: 14.41 | AN74: 1.97 | AO74: 23.81 | AP74: 0 | AQ74: 2.4 | AR74: 0.17 | AS74: 0 | AT74: 81 | AU74: 72 | AV74: 1 | AW74: 1 | AZ74: 1 | BA74: 1 | BB74: 1 | BC74: 1 | BH74: 0 | BI74: 1 | BJ74: ФЕР-2001, 09-04-012-01, приказ Минстроя России №1039/пр от 30.12.2016г. | BM74: 9001 | BN74: 0 | BP74: 0 | BQ74: 2 | BR74: 0 | BS74: 1 | BT74: 1 | BU74: 1 | BV74: 1 | BW74: 1 | BX74: 1 | BZ74: 90 | CA74: 85 | CF74: 0 | CG74: 0 | CM74: 0 | CN74: Поправка: МДС 81-35.2004, п.4.7 Наименование: Работы, выполняемые при реконструкции зданий и сооружений работы, аналогичные технологическим процессам в новом строительстве (в том числе возведение новых конструктивных элементов) стоимость которых определена по соответствующим сборникам ФЕР, кроме сборника № 46 «Работы при реконструкции зданий и сооружений» | CO74: 0 | CP74: =(P74+Q74+S74) -> 1927.9 | CQ74: =AC74*BC74 -> 25.72 | CR74: =AD74*BB74 -> 18.0125 | CS74: =AE74*BS74 -> 2.4625 | CT74: =AF74*BA74 -> 27.3815 | CU74: =AG74 -> 0 | CV74: =AH74 -> 2.76 | CW74: =AI74 -> 0.2125 | CX74: =AJ74 -> 0 | CY74: =(((S74+R74)*AT74)/100) -> 655.3467 | CZ74: =(((S74+R74)*AU74)/100) -> 582.5304 | DE74: )*1,25 | DF74: )*1,25 | DG74: )*1,15 | DI74: )*1,15 | DJ74: )*1,25 | DN74: 0 | DO74: 0 | DP74: 1 | DQ74: 1 | DU74: 1005 | DV74: м2 | DW74: м2 | DX74: 1 | EE74: 26549059 | EF74: 2 | EG74: Общестроительные работы | EH74: 0 | EJ74: 1 | EK74: 9001 | EL74: Металлические конструкции | EM74: ФЕР-09 | EO74: Поправка: МДС 81-35.2004, п.4.7 | EQ74: 0 | ER74: 63.94 | ES74: 25.72 | ET74: 14.41 | EU74: 1.97 | EV74: 23.81 | EW74: 2.4 | EX74: 0.17 | EY74: 0 | FQ74: 0 | FR74: =ROUND(IF(AND(BH74=3,BI74=3),P74,0),2) -> 0 | FS74: 0 | FT74: *0,9 | FU74: *0,85 | FX74: 81 | FY74: 72.25 | GD74: 0 | GF74: 1555078569 | GG74: 2 | GH74: 1 | GI74: -2 | GJ74: 0 | GK74: =ROUND(R74*(R12)/100,2) -> 0 | GL74: =ROUND(IF(AND(BH74=3,BI74=3,FS74<>0),P74,0),2) -> 0 | GM74: =ROUND(O74+X74+Y74+GK74,2)+GX74 -> 3165.78 | GN74: =IF(OR(BI74=0,BI74=1),ROUND(O74+X74+Y74+GK74,2),0) -> 3165.78 | GO74: =IF(BI74=2,ROUND(O74+X74+Y74+GK74,2),0) -> 0 | GP74: =IF(BI74=4,ROUND(O74+X74+Y74+GK74,2)+GX74,0) -> 0 | GR74: 0 | GS74: 3 | GT74: 0 | GV74: =ROUND(GT74,6) -> 0 | GW74: 1 | GX74: =ROUND(GV74*GW74*I74,2) -> 0 | HA74: 0 | HB74: 0 | IK74: 0
A75: 17 | B75: 1 | C75: =ROW(SmtRes!A216) -> 216 | D75: =ROW(EtalonRes!A232) -> 232 | E75: 18 | F75: 09-04-012-01 | G75: Установка металлических дверных блоков в готовые проемы | H75: м2 | I75: =ROUND(3.45*5+5.72+4.14,9) -> 27.11 | J75: 0 | O75: =ROUND(CP75,2) -> 12338.56 | P75: =ROUND(CQ75*I75,2) -> 4462.52 | Q75: =ROUND(CR75*I75,2) -> 3125.24 | R75: =ROUND(CS75*I75,2) -> 427.25 | S75: =ROUND(CT75*I75,2) -> 4750.8 | T75: =ROUND(CU75*I75,2) -> 0 | U75: =CV75*I75 -> 74.8236 | V75: =CW75*I75 -> 5.760875 | W75: =ROUND(CX75*I75,2) -> 0 | X75: =ROUND(CY75,2) -> 4194.22 | Y75: =ROUND(CZ75,2) -> 3728.2 | AA75: 26834277 | AB75: =ROUND((AC75+AD75+AF75),6) -> 71.114 | AC75: =ROUND((ES75),6) -> 25.72 | AD75: =ROUND(((((ET75*1.25))-((EU75*1.25)))+AE75),6) -> 18.0125 | AE75: =ROUND(((EU75*1.25)),6) -> 2.4625 | AF75: =ROUND(((EV75*1.15)),6) -> 27.3815 | AG75: =ROUND((AP75),6) -> 0 | AH75: =((EW75*1.15)) -> 2.76 | AI75: =((EX75*1.25)) -> 0.2125 | AJ75: =ROUND((AS75),6) -> 0 | AK75: 63.94 | AL75: 25.72 | AM75: 14.41 | AN75: 1.97 | AO75: 23.81 | AP75: 0 | AQ75: 2.4 | AR75: 0.17 | AS75: 0 | AT75: 81 | AU75: 72 | AV75: 1 | AW75: 1 | AZ75: 6.4 | BA75: 6.4 | BB75: 6.4 | BC75: 6.4 | BH75: 0 | BI75: 1 | BJ75: ФЕР-2001, 09-04-012-01, приказ Минстроя России №1039/пр от 30.12.2016г. | BM75: 9001 | BN75: 0 | BP75: 0 | BQ75: 2 | BR75: 0 | BS75: 6.4 | BT75: 1 | BU75: 1 | BV75: 1 | BW75: 1 | BX75: 1 | BZ75: 90 | CA75: 85 | CF75: 0 | CG75: 0 | CM75: 0 | CN75: Поправка: МДС 81-35.2004, п.4.7 Наименование: Работы, выполняемые при реконструкции зданий и сооружений работы, аналогичные технологическим процессам в новом строительстве (в том числе возведение новых конструктивных элементов) стоимость которых определена по соответствующим сборникам ФЕР, кроме сборника № 46 «Работы при реконструкции зданий и сооружений» | CO75: 0 | CP75: =(P75+Q75+S75) -> 12338.56 | CQ75: =AC75*BC75 -> 164.608 | CR75: =AD75*BB75 -> 115.28 | CS75: =AE75*BS75 -> 15.76 | CT75: =AF75*BA75 -> 175.2416 | CU75: =AG75 -> 0 | CV75: =AH75 -> 2.76 | CW75: =AI75 -> 0.2125 | CX75: =AJ75 -> 0 | CY75: =(((S75+R75)*AT75)/100) -> 4194.2205 | CZ75: =(((S75+R75)*AU75)/100) -> 3728.196 | DE75: )*1,25 | DF75: )*1,25 | DG75: )*1,15 | DI75: )*1,15 | DJ75: )*1,25 | DN75: 0 | DO75: 0 | DP75: 1 | DQ75: 1 | DU75: 1005 | DV75: м2 | DW75: м2 | DX75: 1 | EE75: 26549059 | EF75: 2 | EG75: Общестроительные работы | EH75: 0 | EJ75: 1 | EK75: 9001 | EL75: Металлические конструкции | EM75: ФЕР-09 | EO75: Поправка: МДС 81-35.2004, п.4.7 | EQ75: 0 | ER75: 63.94 | ES75: 25.72 | ET75: 14.41 | EU75: 1.97 | EV75: 23.81 | EW75: 2.4 | EX75: 0.17 | EY75: 0 | FQ75: 0 | FR75: =ROUND(IF(AND(BH75=3,BI75=3),P75,0),2) -> 0 | FS75: 0 | FT75: *0,9 | FU75: *0,85 | FX75: 81 | FY75: 72.25 | GD75: 0 | GF75: 1555078569 | GG75: 1 | GH75: 1 | GI75: 4 | GJ75: 0 | GK75: =ROUND(R75*(S12)/100,2) -> 0 | GL75: =ROUND(IF(AND(BH75=3,BI75=3,FS75<>0),P75,0),2) -> 0 | GM75: =ROUND(O75+X75+Y75+GK75,2)+GX75 -> 20260.98 | GN75: =IF(OR(BI75=0,BI75=1),ROUND(O75+X75+Y75+GK75,2),0) -> 20260.98 | GO75: =IF(BI75=2,ROUND(O75+X75+Y75+GK75,2),0) -> 0 | GP75: =IF(BI75=4,ROUND(O75+X75+Y75+GK75,2)+GX75,0) -> 0 | GR75: 0 | GS75: 3 | GT75: 0 | GV75: =ROUND(GT75,6) -> 0 | GW75: 1 | GX75: =ROUND(GV75*GW75*I75,2) -> 0 | HA75: 0 | HB75: 0 | IK75: 0
A76: 18 | B76: 1 | C76: 197 | E76: 18,1 | F76: 01.7.04.07-0002 | G76: Скобяные изделия для блоков входных дверей в помещение двупольных | H76: компл. | I76: =I74*J76 -> 6 | J76: 0.22132055 | O76: =ROUND(CP76,2) -> 568.08 | P76: =ROUND(CQ76*I76,2) -> 568.08 | Q76: =ROUND(CR76*I76,2) -> 0 | R76: =ROUND(CS76*I76,2) -> 0 | S76: =ROUND(CT76*I76,2) -> 0 | T76: =ROUND(CU76*I76,2) -> 0 | U76: =CV76*I76 -> 0 | V76: =CW76*I76 -> 0 | W76: =ROUND(CX76*I76,2) -> 0 | X76: =ROUND(CY76,2) -> 0 | Y76: =ROUND(CZ76,2) -> 0 | AA76: 26834263 | AB76: =ROUND((AC76+AD76+AF76),6) -> 94.68 | AC76: =ROUND((ES76),6) -> 94.68 | AD76: =ROUND((((ET76)-(EU76))+AE76),6) -> 0 | AE76: =ROUND((EU76),6) -> 0 | AF76: =ROUND((EV76),6) -> 0 | AG76: =ROUND((AP76),6) -> 0 | AH76: =(EW76) -> 0 | AI76: =(EX76) -> 0 | AJ76: =ROUND((AS76),6) -> 0 | AK76: 94.68 | AL76: 94.68 | AM76: 0 | AN76: 0 | AO76: 0 | AP76: 0 | AQ76: 0 | AR76: 0 | AS76: 0 | AT76: 81 | AU76: 72 | AV76: 1 | AW76: 1 | AZ76: 1 | BA76: 1 | BB76: 1 | BC76: 1 | BH76: 3 | BI76: 1 | BJ76: ФССЦ-2001, 01.7.04.07-0002, приказ Минстроя России №1039/пр от 30.12.2016г. | BM76: 9001 | BN76: 0 | BP76: 0 | BQ76: 2 | BR76: 0 | BS76: 1 | BT76: 1 | BU76: 1 | BV76: 1 | BW76: 1 | BX76: 1 | BZ76: 90 | CA76: 85 | CF76: 0 | CG76: 0 | CM76: 0 | CO76: 0 | CP76: =(P76+Q76+S76) -> 568.08 | CQ76: =AC76*BC76 -> 94.68 | CR76: =AD76*BB76 -> 0 | CS76: =AE76*BS76 -> 0 | CT76: =AF76*BA76 -> 0 | CU76: =AG76 -> 0 | CV76: =AH76 -> 0 | CW76: =AI76 -> 0 | CX76: =AJ76 -> 0 | CY76: =(((S76+R76)*AT76)/100) -> 0 | CZ76: =(((S76+R76)*AU76)/100) -> 0 | DN76: 0 | DO76: 0 | DP76: 1 | DQ76: 1 | DU76: 1013 | DV76: компл. | DW76: компл. | DX76: 1 | EE76: 26549059 | EF76: 2 | EG76: Общестроительные работы | EH76: 0 | EJ76: 1 | EK76: 9001 | EL76: Металлические конструкции | EM76: ФЕР-09 | EQ76: 0 | ER76: 94.68 | ES76: 94.68 | ET76: 0 | EU76: 0 | EV76: 0 | EW76: 0 | EX76: 0 | FQ76: 0 | FR76: =ROUND(IF(AND(BH76=3,BI76=3),P76,0),2) -> 0 | FS76: 0 | FT76: *0,9 | FU76: *0,85 | FX76: 81 | FY76: 72.25 | GD76: 0 | GF76: -161471996 | GG76: 2 | GH76: 1 | GI76: -2 | GJ76: 0 | GK76: =ROUND(R76*(R12)/100,2) -> 0 | GL76: =ROUND(IF(AND(BH76=3,BI76=3,FS76<>0),P76,0),2) -> 0 | GM76: =ROUND(O76+X76+Y76+GK76,2)+GX76 -> 568.08 | GN76: =IF(OR(BI76=0,BI76=1),ROUND(O76+X76+Y76+GK76,2),0) -> 568.08 | GO76: =IF(BI76=2,ROUND(O76+X76+Y76+GK76,2),0) -> 0 | GP76: =IF(BI76=4,ROUND(O76+X76+Y76+GK76,2)+GX76,0) -> 0 | GR76: 0 | GS76: 3 | GT76: 0 | GV76: =ROUND(GT76,6) -> 0 | GW76: 1 | GX76: =ROUND(GV76*GW76*I76,2) -> 0 | HA76: 0 | HB76: 0 | IK76: 0
A77: 18 | B77: 1 | C77: 209 | E77: 18,1 | F77: 01.7.04.07-0002 | G77: Скобяные изделия для блоков входных дверей в помещение двупольных | H77: компл. | I77: =I75*J77 -> 6 | J77: 0.22132055 | O77: =ROUND(CP77,2) -> 3635.71 | P77: =ROUND(CQ77*I77,2) -> 3635.71 | Q77: =ROUND(CR77*I77,2) -> 0 | R77: =ROUND(CS77*I77,2) -> 0 | S77: =ROUND(CT77*I77,2) -> 0 | T77: =ROUND(CU77*I77,2) -> 0 | U77: =CV77*I77 -> 0 | V77: =CW77*I77 -> 0 | W77: =ROUND(CX77*I77,2) -> 0 | X77: =ROUND(CY77,2) -> 0 | Y77: =ROUND(CZ77,2) -> 0 | AA77: 26834277 | AB77: =ROUND((AC77+AD77+AF77),6) -> 94.68 | AC77: =ROUND((ES77),6) -> 94.68 | AD77: =ROUND((((ET77)-(EU77))+AE77),6) -> 0 | AE77: =ROUND((EU77),6) -> 0 | AF77: =ROUND((EV77),6) -> 0 | AG77: =ROUND((AP77),6) -> 0 | AH77: =(EW77) -> 0 | AI77: =(EX77) -> 0 | AJ77: =ROUND((AS77),6) -> 0 | AK77: 94.68 | AL77: 94.68 | AM77: 0 | AN77: 0 | AO77: 0 | AP77: 0 | AQ77: 0 | AR77: 0 | AS77: 0 | AT77: 81 | AU77: 72 | AV77: 1 | AW77: 1 | AZ77: 6.4 | BA77: 1 | BB77: 1 | BC77: 6.4 | BH77: 3 | BI77: 1 | BJ77: ФССЦ-2001, 01.7.04.07-0002, приказ Минстроя России №1039/пр от 30.12.2016г. | BM77: 9001 | BN77: 0 | BP77: 0 | BQ77: 2 | BR77: 0 | BS77: 1 | BT77: 1 | BU77: 1 | BV77: 1 | BW77: 1 | BX77: 1 | BZ77: 90 | CA77: 85 | CF77: 0 | CG77: 0 | CM77: 0 | CO77: 0 | CP77: =(P77+Q77+S77) -> 3635.71 | CQ77: =AC77*BC77 -> 605.952 | CR77: =AD77*BB77 -> 0 | CS77: =AE77*BS77 -> 0 | CT77: =AF77*BA77 -> 0 | CU77: =AG77 -> 0 | CV77: =AH77 -> 0 | CW77: =AI77 -> 0 | CX77: =AJ77 -> 0 | CY77: =(((S77+R77)*AT77)/100) -> 0 | CZ77: =(((S77+R77)*AU77)/100) -> 0 | DN77: 0 | DO77: 0 | DP77: 1 | DQ77: 1 | DU77: 1013 | DV77: компл. | DW77: компл. | DX77: 1 | EE77: 26549059 | EF77: 2 | EG77: Общестроительные работы | EH77: 0 | EJ77: 1 | EK77: 9001 | EL77: Металлические конструкции | EM77: ФЕР-09 | EQ77: 0 | ER77: 94.68 | ES77: 94.68 | ET77: 0 | EU77: 0 | EV77: 0 | EW77: 0 | EX77: 0 | FQ77: 0 | FR77: =ROUND(IF(AND(BH77=3,BI77=3),P77,0),2) -> 0 | FS77: 0 | FT77: *0,9 | FU77: *0,85 | FX77: 81 | FY77: 72.25 | GD77: 0 | GF77: -161471996 | GG77: 1 | GH77: 1 | GI77: 4 | GJ77: 0 | GK77: =ROUND(R77*(S12)/100,2) -> 0 | GL77: =ROUND(IF(AND(BH77=3,BI77=3,FS77<>0),P77,0),2) -> 0 | GM77: =ROUND(O77+X77+Y77+GK77,2)+GX77 -> 3635.71 | GN77: =IF(OR(BI77=0,BI77=1),ROUND(O77+X77+Y77+GK77,2),0) -> 3635.71 | GO77: =IF(BI77=2,ROUND(O77+X77+Y77+GK77,2),0) -> 0 | GP77: =IF(BI77=4,ROUND(O77+X77+Y77+GK77,2)+GX77,0) -> 0 | GR77: 0 | GS77: 3 | GT77: 0 | GV77: =ROUND(GT77,6) -> 0 | GW77: 1 | GX77: =ROUND(GV77*GW77*I77,2) -> 0 | HA77: 0 | HB77: 0 | IK77: 0
A78: 18 | B78: 1 | C78: 198 | E78: 18,2 | F78: 01.7.04.07-0003 | G78: Скобяные изделия для блоков входных дверей в помещение однопольных | H78: компл. | I78: =I74*J78 -> 2 | J78: 0.073773515 | O78: =ROUND(CP78,2) -> 189.36 | P78: =ROUND(CQ78*I78,2) -> 189.36 | Q78: =ROUND(CR78*I78,2) -> 0 | R78: =ROUND(CS78*I78,2) -> 0 | S78: =ROUND(CT78*I78,2) -> 0 | T78: =ROUND(CU78*I78,2) -> 0 | U78: =CV78*I78 -> 0 | V78: =CW78*I78 -> 0 | W78: =ROUND(CX78*I78,2) -> 0 | X78: =ROUND(CY78,2) -> 0 | Y78: =ROUND(CZ78,2) -> 0 | AA78: 26834263 | AB78: =ROUND((AC78+AD78+AF78),6) -> 94.68 | AC78: =ROUND((ES78),6) -> 94.68 | AD78: =ROUND((((ET78)-(EU78))+AE78),6) -> 0 | AE78: =ROUND((EU78),6) -> 0 | AF78: =ROUND((EV78),6) -> 0 | AG78: =ROUND((AP78),6) -> 0 | AH78: =(EW78) -> 0 | AI78: =(EX78) -> 0 | AJ78: =ROUND((AS78),6) -> 0 | AK78: 94.68 | AL78: 94.68 | AM78: 0 | AN78: 0 | AO78: 0 | AP78: 0 | AQ78: 0 | AR78: 0 | AS78: 0 | AT78: 81 | AU78: 72 | AV78: 1 | AW78: 1 | AZ78: 1 | BA78: 1 | BB78: 1 | BC78: 1 | BH78: 3 | BI78: 1 | BJ78: ФССЦ-2001, 01.7.04.07-0003, приказ Минстроя России №1039/пр от 30.12.2016г. | BM78: 9001 | BN78: 0 | BP78: 0 | BQ78: 2 | BR78: 0 | BS78: 1 | BT78: 1 | BU78: 1 | BV78: 1 | BW78: 1 | BX78: 1 | BZ78: 90 | CA78: 85 | CF78: 0 | CG78: 0 | CM78: 0 | CO78: 0 | CP78: =(P78+Q78+S78) -> 189.36 | CQ78: =AC78*BC78 -> 94.68 | CR78: =AD78*BB78 -> 0 | CS78: =AE78*BS78 -> 0 | CT78: =AF78*BA78 -> 0 | CU78: =AG78 -> 0 | CV78: =AH78 -> 0 | CW78: =AI78 -> 0 | CX78: =AJ78 -> 0 | CY78: =(((S78+R78)*AT78)/100) -> 0 | CZ78: =(((S78+R78)*AU78)/100) -> 0 | DN78: 0 | DO78: 0 | DP78: 1 | DQ78: 1 | DU78: 1013 | DV78: компл. | DW78: компл. | DX78: 1 | EE78: 26549059 | EF78: 2 | EG78: Общестроительные работы | EH78: 0 | EJ78: 1 | EK78: 9001 | EL78: Металлические конструкции | EM78: ФЕР-09 | EQ78: 0 | ER78: 94.68 | ES78: 94.68 | ET78: 0 | EU78: 0 | EV78: 0 | EW78: 0 | EX78: 0 | FQ78: 0 | FR78: =ROUND(IF(AND(BH78=3,BI78=3),P78,0),2) -> 0 | FS78: 0 | FT78: *0,9 | FU78: *0,85 | FX78: 81 | FY78: 72.25 | GD78: 0 | GF78: 1882669443 | GG78: 2 | GH78: 1 | GI78: -2 | GJ78: 0 | GK78: =ROUND(R78*(R12)/100,2) -> 0 | GL78: =ROUND(IF(AND(BH78=3,BI78=3,FS78<>0),P78,0),2) -> 0 | GM78: =ROUND(O78+X78+Y78+GK78,2)+GX78 -> 189.36 | GN78: =IF(OR(BI78=0,BI78=1),ROUND(O78+X78+Y78+GK78,2),0) -> 189.36 | GO78: =IF(BI78=2,ROUND(O78+X78+Y78+GK78,2),0) -> 0 | GP78: =IF(BI78=4,ROUND(O78+X78+Y78+GK78,2)+GX78,0) -> 0 | GR78: 0 | GS78: 3 | GT78: 0 | GV78: =ROUND(GT78,6) -> 0 | GW78: 1 | GX78: =ROUND(GV78*GW78*I78,2) -> 0 | HA78: 0 | HB78: 0 | IK78: 0
A79: 18 | B79: 1 | C79: 210 | E79: 18,2 | F79: 01.7.04.07-0003 | G79: Скобяные изделия для блоков входных дверей в помещение однопольных | H79: компл. | I79: =I75*J79 -> 2 | J79: 0.073773515 | O79: =ROUND(CP79,2) -> 1211.9 | P79: =ROUND(CQ79*I79,2) -> 1211.9 | Q79: =ROUND(CR79*I79,2) -> 0 | R79: =ROUND(CS79*I79,2) -> 0 | S79: =ROUND(CT79*I79,2) -> 0 | T79: =ROUND(CU79*I79,2) -> 0 | U79: =CV79*I79 -> 0 | V79: =CW79*I79 -> 0 | W79: =ROUND(CX79*I79,2) -> 0 | X79: =ROUND(CY79,2) -> 0 | Y79: =ROUND(CZ79,2) -> 0 | AA79: 26834277 | AB79: =ROUND((AC79+AD79+AF79),6) -> 94.68 | AC79: =ROUND((ES79),6) -> 94.68 | AD79: =ROUND((((ET79)-(EU79))+AE79),6) -> 0 | AE79: =ROUND((EU79),6) -> 0 | AF79: =ROUND((EV79),6) -> 0 | AG79: =ROUND((AP79),6) -> 0 | AH79: =(EW79) -> 0 | AI79: =(EX79) -> 0 | AJ79: =ROUND((AS79),6) -> 0 | AK79: 94.68 | AL79: 94.68 | AM79: 0 | AN79: 0 | AO79: 0 | AP79: 0 | AQ79: 0 | AR79: 0 | AS79: 0 | AT79: 81 | AU79: 72 | AV79: 1 | AW79: 1 | AZ79: 6.4 | BA79: 1 | BB79: 1 | BC79: 6.4 | BH79: 3 | BI79: 1 | BJ79: ФССЦ-2001, 01.7.04.07-0003, приказ Минстроя России №1039/пр от 30.12.2016г. | BM79: 9001 | BN79: 0 | BP79: 0 | BQ79: 2 | BR79: 0 | BS79: 1 | BT79: 1 | BU79: 1 | BV79: 1 | BW79: 1 | BX79: 1 | BZ79: 90 | CA79: 85 | CF79: 0 | CG79: 0 | CM79: 0 | CO79: 0 | CP79: =(P79+Q79+S79) -> 1211.9 | CQ79: =AC79*BC79 -> 605.952 | CR79: =AD79*BB79 -> 0 | CS79: =AE79*BS79 -> 0 | CT79: =AF79*BA79 -> 0 | CU79: =AG79 -> 0 | CV79: =AH79 -> 0 | CW79: =AI79 -> 0 | CX79: =AJ79 -> 0 | CY79: =(((S79+R79)*AT79)/100) -> 0 | CZ79: =(((S79+R79)*AU79)/100) -> 0 | DN79: 0 | DO79: 0 | DP79: 1 | DQ79: 1 | DU79: 1013 | DV79: компл. | DW79: компл. | DX79: 1 | EE79: 26549059 | EF79: 2 | EG79: Общестроительные работы | EH79: 0 | EJ79: 1 | EK79: 9001 | EL79: Металлические конструкции | EM79: ФЕР-09 | EQ79: 0 | ER79: 94.68 | ES79: 94.68 | ET79: 0 | EU79: 0 | EV79: 0 | EW79: 0 | EX79: 0 | FQ79: 0 | FR79: =ROUND(IF(AND(BH79=3,BI79=3),P79,0),2) -> 0 | FS79: 0 | FT79: *0,9 | FU79: *0,85 | FX79: 81 | FY79: 72.25 | GD79: 0 | GF79: 1882669443 | GG79: 1 | GH79: 1 | GI79: 4 | GJ79: 0 | GK79: =ROUND(R79*(S12)/100,2) -> 0 | GL79: =ROUND(IF(AND(BH79=3,BI79=3,FS79<>0),P79,0),2) -> 0 | GM79: =ROUND(O79+X79+Y79+GK79,2)+GX79 -> 1211.9 | GN79: =IF(OR(BI79=0,BI79=1),ROUND(O79+X79+Y79+GK79,2),0) -> 1211.9 | GO79: =IF(BI79=2,ROUND(O79+X79+Y79+GK79,2),0) -> 0 | GP79: =IF(BI79=4,ROUND(O79+X79+Y79+GK79,2)+GX79,0) -> 0 | GR79: 0 | GS79: 3 | GT79: 0 | GV79: =ROUND(GT79,6) -> 0 | GW79: 1 | GX79: =ROUND(GV79*GW79*I79,2) -> 0 | HA79: 0 | HB79: 0 | IK79: 0
A80: 18 | B80: 1 | C80: 202 | E80: 18,3 | F80: 07.1.01.03-0022 | G80: Двери стальные утепленные двупольные 2ДСУ | H80: шт. | I80: =I74*J80 -> 6 | J80: 0.22132055 | O80: =ROUND(CP80,2) -> 22436.52 | P80: =ROUND(CQ80*I80,2) -> 22436.52 | Q80: =ROUND(CR80*I80,2) -> 0 | R80: =ROUND(CS80*I80,2) -> 0 | S80: =ROUND(CT80*I80,2) -> 0 | T80: =ROUND(CU80*I80,2) -> 0 | U80: =CV80*I80 -> 0 | V80: =CW80*I80 -> 0 | W80: =ROUND(CX80*I80,2) -> 0 | X80: =ROUND(CY80,2) -> 0 | Y80: =ROUND(CZ80,2) -> 0 | AA80: 26834263 | AB80: =ROUND((AC80+AD80+AF80),6) -> 3739.42 | AC80: =ROUND((ES80),6) -> 3739.42 | AD80: =ROUND((((ET80)-(EU80))+AE80),6) -> 0 | AE80: =ROUND((EU80),6) -> 0 | AF80: =ROUND((EV80),6) -> 0 | AG80: =ROUND((AP80),6) -> 0 | AH80: =(EW80) -> 0 | AI80: =(EX80) -> 0 | AJ80: =ROUND((AS80),6) -> 0 | AK80: 3739.42 | AL80: 3739.42 | AM80: 0 | AN80: 0 | AO80: 0 | AP80: 0 | AQ80: 0 | AR80: 0 | AS80: 0 | AT80: 81 | AU80: 72 | AV80: 1 | AW80: 1 | AZ80: 1 | BA80: 1 | BB80: 1 | BC80: 1 | BH80: 3 | BI80: 1 | BJ80: ФССЦ-2001, 07.1.01.03-0022, приказ Минстроя России №1039/пр от 30.12.2016г. | BM80: 9001 | BN80: 0 | BP80: 0 | BQ80: 2 | BR80: 0 | BS80: 1 | BT80: 1 | BU80: 1 | BV80: 1 | BW80: 1 | BX80: 1 | BZ80: 90 | CA80: 85 | CF80: 0 | CG80: 0 | CM80: 0 | CO80: 0 | CP80: =(P80+Q80+S80) -> 22436.52 | CQ80: =AC80*BC80 -> 3739.42 | CR80: =AD80*BB80 -> 0 | CS80: =AE80*BS80 -> 0 | CT80: =AF80*BA80 -> 0 | CU80: =AG80 -> 0 | CV80: =AH80 -> 0 | CW80: =AI80 -> 0 | CX80: =AJ80 -> 0 | CY80: =(((S80+R80)*AT80)/100) -> 0 | CZ80: =(((S80+R80)*AU80)/100) -> 0 | DN80: 0 | DO80: 0 | DP80: 1 | DQ80: 1 | DU80: 1010 | DV80: шт. | DW80: шт. | DX80: 1 | EE80: 26549059 | EF80: 2 | EG80: Общестроительные работы | EH80: 0 | EJ80: 1 | EK80: 9001 | EL80: Металлические конструкции | EM80: ФЕР-09 | EQ80: 0 | ER80: 3739.42 | ES80: 3739.42 | ET80: 0 | EU80: 0 | EV80: 0 | EW80: 0 | EX80: 0 | FQ80: 0 | FR80: =ROUND(IF(AND(BH80=3,BI80=3),P80,0),2) -> 0 | FS80: 0 | FT80: *0,9 | FU80: *0,85 | FX80: 81 | FY80: 72.25 | GD80: 0 | GF80: 1743139241 | GG80: 2 | GH80: 1 | GI80: -2 | GJ80: 0 | GK80: =ROUND(R80*(R12)/100,2) -> 0 | GL80: =ROUND(IF(AND(BH80=3,BI80=3,FS80<>0),P80,0),2) -> 0 | GM80: =ROUND(O80+X80+Y80+GK80,2)+GX80 -> 22436.52 | GN80: =IF(OR(BI80=0,BI80=1),ROUND(O80+X80+Y80+GK80,2),0) -> 22436.52 | GO80: =IF(BI80=2,ROUND(O80+X80+Y80+GK80,2),0) -> 0 | GP80: =IF(BI80=4,ROUND(O80+X80+Y80+GK80,2)+GX80,0) -> 0 | GR80: 0 | GS80: 3 | GT80: 0 | GV80: =ROUND(GT80,6) -> 0 | GW80: 1 | GX80: =ROUND(GV80*GW80*I80,2) -> 0 | HA80: 0 | HB80: 0 | IK80: 0
A81: 18 | B81: 1 | C81: 214 | E81: 18,3 | F81: 07.1.01.03-0022 | G81: Двери стальные утепленные двупольные 2ДСУ | H81: шт. | I81: =I75*J81 -> 6 | J81: 0.22132055 | O81: =ROUND(CP81,2) -> 143593.73 | P81: =ROUND(CQ81*I81,2) -> 143593.73 | Q81: =ROUND(CR81*I81,2) -> 0 | R81: =ROUND(CS81*I81,2) -> 0 | S81: =ROUND(CT81*I81,2) -> 0 | T81: =ROUND(CU81*I81,2) -> 0 | U81: =CV81*I81 -> 0 | V81: =CW81*I81 -> 0 | W81: =ROUND(CX81*I81,2) -> 0 | X81: =ROUND(CY81,2) -> 0 | Y81: =ROUND(CZ81,2) -> 0 | AA81: 26834277 | AB81: =ROUND((AC81+AD81+AF81),6) -> 3739.42 | AC81: =ROUND((ES81),6) -> 3739.42 | AD81: =ROUND((((ET81)-(EU81))+AE81),6) -> 0 | AE81: =ROUND((EU81),6) -> 0 | AF81: =ROUND((EV81),6) -> 0 | AG81: =ROUND((AP81),6) -> 0 | AH81: =(EW81) -> 0 | AI81: =(EX81) -> 0 | AJ81: =ROUND((AS81),6) -> 0 | AK81: 3739.42 | AL81: 3739.42 | AM81: 0 | AN81: 0 | AO81: 0 | AP81: 0 | AQ81: 0 | AR81: 0 | AS81: 0 | AT81: 81 | AU81: 72 | AV81: 1 | AW81: 1 | AZ81: 6.4 | BA81: 1 | BB81: 1 | BC81: 6.4 | BH81: 3 | BI81: 1 | BJ81: ФССЦ-2001, 07.1.01.03-0022, приказ Минстроя России №1039/пр от 30.12.2016г. | BM81: 9001 | BN81: 0 | BP81: 0 | BQ81: 2 | BR81: 0 | BS81: 1 | BT81: 1 | BU81: 1 | BV81: 1 | BW81: 1 | BX81: 1 | BZ81: 90 | CA81: 85 | CF81: 0 | CG81: 0 | CM81: 0 | CO81: 0 | CP81: =(P81+Q81+S81) -> 143593.73 | CQ81: =AC81*BC81 -> 23932.288 | CR81: =AD81*BB81 -> 0 | CS81: =AE81*BS81 -> 0 | CT81: =AF81*BA81 -> 0 | CU81: =AG81 -> 0 | CV81: =AH81 -> 0 | CW81: =AI81 -> 0 | CX81: =AJ81 -> 0 | CY81: =(((S81+R81)*AT81)/100) -> 0 | CZ81: =(((S81+R81)*AU81)/100) -> 0 | DN81: 0 | DO81: 0 | DP81: 1 | DQ81: 1 | DU81: 1010 | DV81: шт. | DW81: шт. | DX81: 1 | EE81: 26549059 | EF81: 2 | EG81: Общестроительные работы | EH81: 0 | EJ81: 1 | EK81: 9001 | EL81: Металлические конструкции | EM81: ФЕР-09 | EQ81: 0 | ER81: 3739.42 | ES81: 3739.42 | ET81: 0 | EU81: 0 | EV81: 0 | EW81: 0 | EX81: 0 | FQ81: 0 | FR81: =ROUND(IF(AND(BH81=3,BI81=3),P81,0),2) -> 0 | FS81: 0 | FT81: *0,9 | FU81: *0,85 | FX81: 81 | FY81: 72.25 | GD81: 0 | GF81: 1743139241 | GG81: 1 | GH81: 1 | GI81: 4 | GJ81: 0 | GK81: =ROUND(R81*(S12)/100,2) -> 0 | GL81: =ROUND(IF(AND(BH81=3,BI81=3,FS81<>0),P81,0),2) -> 0 | GM81: =ROUND(O81+X81+Y81+GK81,2)+GX81 -> 143593.73 | GN81: =IF(OR(BI81=0,BI81=1),ROUND(O81+X81+Y81+GK81,2),0) -> 143593.73 | GO81: =IF(BI81=2,ROUND(O81+X81+Y81+GK81,2),0) -> 0 | GP81: =IF(BI81=4,ROUND(O81+X81+Y81+GK81,2)+GX81,0) -> 0 | GR81: 0 | GS81: 3 | GT81: 0 | GV81: =ROUND(GT81,6) -> 0 | GW81: 1 | GX81: =ROUND(GV81*GW81*I81,2) -> 0 | HA81: 0 | HB81: 0 | IK81: 0
A82: 18 | B82: 1 | C82: 201 | E82: 18,4 | F82: 07.1.01.03-0001 | G82: Блок дверной стальной утепленный однопольный ДСУ, площадь 2,1 м2 (ГОСТ 31173-2003) | H82: м2 | I82: =I74*J82 -> 4.14 | J82: 0.15271118 | O82: =ROUND(CP82,2) -> 7448.44 | P82: =ROUND(CQ82*I82,2) -> 7448.44 | Q82: =ROUND(CR82*I82,2) -> 0 | R82: =ROUND(CS82*I82,2) -> 0 | S82: =ROUND(CT82*I82,2) -> 0 | T82: =ROUND(CU82*I82,2) -> 0 | U82: =CV82*I82 -> 0 | V82: =CW82*I82 -> 0 | W82: =ROUND(CX82*I82,2) -> 0 | X82: =ROUND(CY82,2) -> 0 | Y82: =ROUND(CZ82,2) -> 0 | AA82: 26834263 | AB82: =ROUND((AC82+AD82+AF82),6) -> 1799.14 | AC82: =ROUND((ES82),6) -> 1799.14 | AD82: =ROUND((((ET82)-(EU82))+AE82),6) -> 0 | AE82: =ROUND((EU82),6) -> 0 | AF82: =ROUND((EV82),6) -> 0 | AG82: =ROUND((AP82),6) -> 0 | AH82: =(EW82) -> 0 | AI82: =(EX82) -> 0 | AJ82: =ROUND((AS82),6) -> 0 | AK82: 1799.14 | AL82: 1799.14 | AM82: 0 | AN82: 0 | AO82: 0 | AP82: 0 | AQ82: 0 | AR82: 0 | AS82: 0 | AT82: 81 | AU82: 72 | AV82: 1 | AW82: 1 | AZ82: 1 | BA82: 1 | BB82: 1 | BC82: 1 | BH82: 3 | BI82: 1 | BJ82: ФССЦ-2001, 07.1.01.03-0001, приказ Минстроя России №1039/пр от 30.12.2016г. | BM82: 9001 | BN82: 0 | BP82: 0 | BQ82: 2 | BR82: 0 | BS82: 1 | BT82: 1 | BU82: 1 | BV82: 1 | BW82: 1 | BX82: 1 | BZ82: 90 | CA82: 85 | CF82: 0 | CG82: 0 | CM82: 0 | CO82: 0 | CP82: =(P82+Q82+S82) -> 7448.44 | CQ82: =AC82*BC82 -> 1799.14 | CR82: =AD82*BB82 -> 0 | CS82: =AE82*BS82 -> 0 | CT82: =AF82*BA82 -> 0 | CU82: =AG82 -> 0 | CV82: =AH82 -> 0 | CW82: =AI82 -> 0 | CX82: =AJ82 -> 0 | CY82: =(((S82+R82)*AT82)/100) -> 0 | CZ82: =(((S82+R82)*AU82)/100) -> 0 | DN82: 0 | DO82: 0 | DP82: 1 | DQ82: 1 | DU82: 1005 | DV82: м2 | DW82: м2 | DX82: 1 | EE82: 26549059 | EF82: 2 | EG82: Общестроительные работы | EH82: 0 | EJ82: 1 | EK82: 9001 | EL82: Металлические конструкции | EM82: ФЕР-09 | EQ82: 0 | ER82: 1799.14 | ES82: 1799.14 | ET82: 0 | EU82: 0 | EV82: 0 | EW82: 0 | EX82: 0 | FQ82: 0 | FR82: =ROUND(IF(AND(BH82=3,BI82=3),P82,0),2) -> 0 | FS82: 0 | FT82: *0,9 | FU82: *0,85 | FX82: 81 | FY82: 72.25 | GD82: 0 | GF82: 1742728179 | GG82: 2 | GH82: 1 | GI82: -2 | GJ82: 0 | GK82: =ROUND(R82*(R12)/100,2) -> 0 | GL82: =ROUND(IF(AND(BH82=3,BI82=3,FS82<>0),P82,0),2) -> 0 | GM82: =ROUND(O82+X82+Y82+GK82,2)+GX82 -> 7448.44 | GN82: =IF(OR(BI82=0,BI82=1),ROUND(O82+X82+Y82+GK82,2),0) -> 7448.44 | GO82: =IF(BI82=2,ROUND(O82+X82+Y82+GK82,2),0) -> 0 | GP82: =IF(BI82=4,ROUND(O82+X82+Y82+GK82,2)+GX82,0) -> 0 | GR82: 0 | GS82: 3 | GT82: 0 | GV82: =ROUND(GT82,6) -> 0 | GW82: 1 | GX82: =ROUND(GV82*GW82*I82,2) -> 0 | HA82: 0 | HB82: 0 | IK82: 0
A83: 18 | B83: 1 | C83: 213 | E83: 18,4 | F83: 07.1.01.03-0001 | G83: Блок дверной стальной утепленный однопольный ДСУ, площадь 2,1 м2 (ГОСТ 31173-2003) | H83: м2 | I83: =I75*J83 -> 4.14 | J83: 0.15271118 | O83: =ROUND(CP83,2) -> 47670.01 | P83: =ROUND(CQ83*I83,2) -> 47670.01 | Q83: =ROUND(CR83*I83,2) -> 0 | R83: =ROUND(CS83*I83,2) -> 0 | S83: =ROUND(CT83*I83,2) -> 0 | T83: =ROUND(CU83*I83,2) -> 0 | U83: =CV83*I83 -> 0 | V83: =CW83*I83 -> 0 | W83: =ROUND(CX83*I83,2) -> 0 | X83: =ROUND(CY83,2) -> 0 | Y83: =ROUND(CZ83,2) -> 0 | AA83: 26834277 | AB83: =ROUND((AC83+AD83+AF83),6) -> 1799.14 | AC83: =ROUND((ES83),6) -> 1799.14 | AD83: =ROUND((((ET83)-(EU83))+AE83),6) -> 0 | AE83: =ROUND((EU83),6) -> 0 | AF83: =ROUND((EV83),6) -> 0 | AG83: =ROUND((AP83),6) -> 0 | AH83: =(EW83) -> 0 | AI83: =(EX83) -> 0 | AJ83: =ROUND((AS83),6) -> 0 | AK83: 1799.14 | AL83: 1799.14 | AM83: 0 | AN83: 0 | AO83: 0 | AP83: 0 | AQ83: 0 | AR83: 0 | AS83: 0 | AT83: 81 | AU83: 72 | AV83: 1 | AW83: 1 | AZ83: 6.4 | BA83: 1 | BB83: 1 | BC83: 6.4 | BH83: 3 | BI83: 1 | BJ83: ФССЦ-2001, 07.1.01.03-0001, приказ Минстроя России №1039/пр от 30.12.2016г. | BM83: 9001 | BN83: 0 | BP83: 0 | BQ83: 2 | BR83: 0 | BS83: 1 | BT83: 1 | BU83: 1 | BV83: 1 | BW83: 1 | BX83: 1 | BZ83: 90 | CA83: 85 | CF83: 0 | CG83: 0 | CM83: 0 | CO83: 0 | CP83: =(P83+Q83+S83) -> 47670.01 | CQ83: =AC83*BC83 -> 11514.496 | CR83: =AD83*BB83 -> 0 | CS83: =AE83*BS83 -> 0 | CT83: =AF83*BA83 -> 0 | CU83: =AG83 -> 0 | CV83: =AH83 -> 0 | CW83: =AI83 -> 0 | CX83: =AJ83 -> 0 | CY83: =(((S83+R83)*AT83)/100) -> 0 | CZ83: =(((S83+R83)*AU83)/100) -> 0 | DN83: 0 | DO83: 0 | DP83: 1 | DQ83: 1 | DU83: 1005 | DV83: м2 | DW83: м2 | DX83: 1 | EE83: 26549059 | EF83: 2 | EG83: Общестроительные работы | EH83: 0 | EJ83: 1 | EK83: 9001 | EL83: Металлические конструкции | EM83: ФЕР-09 | EQ83: 0 | ER83: 1799.14 | ES83: 1799.14 | ET83: 0 | EU83: 0 | EV83: 0 | EW83: 0 | EX83: 0 | FQ83: 0 | FR83: =ROUND(IF(AND(BH83=3,BI83=3),P83,0),2) -> 0 | FS83: 0 | FT83: *0,9 | FU83: *0,85 | FX83: 81 | FY83: 72.25 | GD83: 0 | GF83: 1742728179 | GG83: 1 | GH83: 1 | GI83: 4 | GJ83: 0 | GK83: =ROUND(R83*(S12)/100,2) -> 0 | GL83: =ROUND(IF(AND(BH83=3,BI83=3,FS83<>0),P83,0),2) -> 0 | GM83: =ROUND(O83+X83+Y83+GK83,2)+GX83 -> 47670.01 | GN83: =IF(OR(BI83=0,BI83=1),ROUND(O83+X83+Y83+GK83,2),0) -> 47670.01 | GO83: =IF(BI83=2,ROUND(O83+X83+Y83+GK83,2),0) -> 0 | GP83: =IF(BI83=4,ROUND(O83+X83+Y83+GK83,2)+GX83,0) -> 0 | GR83: 0 | GS83: 3 | GT83: 0 | GV83: =ROUND(GT83,6) -> 0 | GW83: 1 | GX83: =ROUND(GV83*GW83*I83,2) -> 0 | HA83: 0 | HB83: 0 | IK83: 0
A84: 18 | B84: 1 | C84: 199 | E84: 18,5 | F84: 01.7.04.11-0061 | G84: Щеколды | H84: компл. | I84: =I74*J84 -> 12 | J84: 0.44264109 | O84: =ROUND(CP84,2) -> 396 | P84: =ROUND(CQ84*I84,2) -> 396 | Q84: =ROUND(CR84*I84,2) -> 0 | R84: =ROUND(CS84*I84,2) -> 0 | S84: =ROUND(CT84*I84,2) -> 0 | T84: =ROUND(CU84*I84,2) -> 0 | U84: =CV84*I84 -> 0 | V84: =CW84*I84 -> 0 | W84: =ROUND(CX84*I84,2) -> 0 | X84: =ROUND(CY84,2) -> 0 | Y84: =ROUND(CZ84,2) -> 0 | AA84: 26834263 | AB84: =ROUND((AC84+AD84+AF84),6) -> 33 | AC84: =ROUND((ES84),6) -> 33 | AD84: =ROUND((((ET84)-(EU84))+AE84),6) -> 0 | AE84: =ROUND((EU84),6) -> 0 | AF84: =ROUND((EV84),6) -> 0 | AG84: =ROUND((AP84),6) -> 0 | AH84: =(EW84) -> 0 | AI84: =(EX84) -> 0 | AJ84: =ROUND((AS84),6) -> 0 | AK84: 33 | AL84: 33 | AM84: 0 | AN84: 0 | AO84: 0 | AP84: 0 | AQ84: 0 | AR84: 0 | AS84: 0 | AT84: 81 | AU84: 72 | AV84: 1 | AW84: 1 | AZ84: 1 | BA84: 1 | BB84: 1 | BC84: 1 | BH84: 3 | BI84: 1 | BJ84: ФССЦ-2001, 01.7.04.11-0061, приказ Минстроя России №1039/пр от 30.12.2016г. | BM84: 9001 | BN84: 0 | BP84: 0 | BQ84: 2 | BR84: 0 | BS84: 1 | BT84: 1 | BU84: 1 | BV84: 1 | BW84: 1 | BX84: 1 | BZ84: 90 | CA84: 85 | CF84: 0 | CG84: 0 | CM84: 0 | CO84: 0 | CP84: =(P84+Q84+S84) -> 396 | CQ84: =AC84*BC84 -> 33 | CR84: =AD84*BB84 -> 0 | CS84: =AE84*BS84 -> 0 | CT84: =AF84*BA84 -> 0 | CU84: =AG84 -> 0 | CV84: =AH84 -> 0 | CW84: =AI84 -> 0 | CX84: =AJ84 -> 0 | CY84: =(((S84+R84)*AT84)/100) -> 0 | CZ84: =(((S84+R84)*AU84)/100) -> 0 | DN84: 0 | DO84: 0 | DP84: 1 | DQ84: 1 | DU84: 1013 | DV84: компл. | DW84: компл. | DX84: 1 | EE84: 26549059 | EF84: 2 | EG84: Общестроительные работы | EH84: 0 | EJ84: 1 | EK84: 9001 | EL84: Металлические конструкции | EM84: ФЕР-09 | EQ84: 0 | ER84: 33 | ES84: 33 | ET84: 0 | EU84: 0 | EV84: 0 | EW84: 0 | EX84: 0 | FQ84: 0 | FR84: =ROUND(IF(AND(BH84=3,BI84=3),P84,0),2) -> 0 | FS84: 0 | FT84: *0,9 | FU84: *0,85 | FX84: 81 | FY84: 72.25 | GD84: 0 | GF84: -1981176442 | GG84: 2 | GH84: 1 | GI84: -2 | GJ84: 0 | GK84: =ROUND(R84*(R12)/100,2) -> 0 | GL84: =ROUND(IF(AND(BH84=3,BI84=3,FS84<>0),P84,0),2) -> 0 | GM84: =ROUND(O84+X84+Y84+GK84,2)+GX84 -> 396 | GN84: =IF(OR(BI84=0,BI84=1),ROUND(O84+X84+Y84+GK84,2),0) -> 396 | GO84: =IF(BI84=2,ROUND(O84+X84+Y84+GK84,2),0) -> 0 | GP84: =IF(BI84=4,ROUND(O84+X84+Y84+GK84,2)+GX84,0) -> 0 | GR84: 0 | GS84: 3 | GT84: 0 | GV84: =ROUND(GT84,6) -> 0 | GW84: 1 | GX84: =ROUND(GV84*GW84*I84,2) -> 0 | HA84: 0 | HB84: 0 | IK84: 0
A85: 18 | B85: 1 | C85: 211 | E85: 18,5 | F85: 01.7.04.11-0061 | G85: Щеколды | H85: компл. | I85: =I75*J85 -> 12 | J85: 0.44264109 | O85: =ROUND(CP85,2) -> 2534.4 | P85: =ROUND(CQ85*I85,2) -> 2534.4 | Q85: =ROUND(CR85*I85,2) -> 0 | R85: =ROUND(CS85*I85,2) -> 0 | S85: =ROUND(CT85*I85,2) -> 0 | T85: =ROUND(CU85*I85,2) -> 0 | U85: =CV85*I85 -> 0 | V85: =CW85*I85 -> 0 | W85: =ROUND(CX85*I85,2) -> 0 | X85: =ROUND(CY85,2) -> 0 | Y85: =ROUND(CZ85,2) -> 0 | AA85: 26834277 | AB85: =ROUND((AC85+AD85+AF85),6) -> 33 | AC85: =ROUND((ES85),6) -> 33 | AD85: =ROUND((((ET85)-(EU85))+AE85),6) -> 0 | AE85: =ROUND((EU85),6) -> 0 | AF85: =ROUND((EV85),6) -> 0 | AG85: =ROUND((AP85),6) -> 0 | AH85: =(EW85) -> 0 | AI85: =(EX85) -> 0 | AJ85: =ROUND((AS85),6) -> 0 | AK85: 33 | AL85: 33 | AM85: 0 | AN85: 0 | AO85: 0 | AP85: 0 | AQ85: 0 | AR85: 0 | AS85: 0 | AT85: 81 | AU85: 72 | AV85: 1 | AW85: 1 | AZ85: 6.4 | BA85: 1 | BB85: 1 | BC85: 6.4 | BH85: 3 | BI85: 1 | BJ85: ФССЦ-2001, 01.7.04.11-0061, приказ Минстроя России №1039/пр от 30.12.2016г. | BM85: 9001 | BN85: 0 | BP85: 0 | BQ85: 2 | BR85: 0 | BS85: 1 | BT85: 1 | BU85: 1 | BV85: 1 | BW85: 1 | BX85: 1 | BZ85: 90 | CA85: 85 | CF85: 0 | CG85: 0 | CM85: 0 | CO85: 0 | CP85: =(P85+Q85+S85) -> 2534.4 | CQ85: =AC85*BC85 -> 211.2 | CR85: =AD85*BB85 -> 0 | CS85: =AE85*BS85 -> 0 | CT85: =AF85*BA85 -> 0 | CU85: =AG85 -> 0 | CV85: =AH85 -> 0 | CW85: =AI85 -> 0 | CX85: =AJ85 -> 0 | CY85: =(((S85+R85)*AT85)/100) -> 0 | CZ85: =(((S85+R85)*AU85)/100) -> 0 | DN85: 0 | DO85: 0 | DP85: 1 | DQ85: 1 | DU85: 1013 | DV85: компл. | DW85: компл. | DX85: 1 | EE85: 26549059 | EF85: 2 | EG85: Общестроительные работы | EH85: 0 | EJ85: 1 | EK85: 9001 | EL85: Металлические конструкции | EM85: ФЕР-09 | EQ85: 0 | ER85: 33 | ES85: 33 | ET85: 0 | EU85: 0 | EV85: 0 | EW85: 0 | EX85: 0 | FQ85: 0 | FR85: =ROUND(IF(AND(BH85=3,BI85=3),P85,0),2) -> 0 | FS85: 0 | FT85: *0,9 | FU85: *0,85 | FX85: 81 | FY85: 72.25 | GD85: 0 | GF85: -1981176442 | GG85: 1 | GH85: 1 | GI85: 4 | GJ85: 0 | GK85: =ROUND(R85*(S12)/100,2) -> 0 | GL85: =ROUND(IF(AND(BH85=3,BI85=3,FS85<>0),P85,0),2) -> 0 | GM85: =ROUND(O85+X85+Y85+GK85,2)+GX85 -> 2534.4 | GN85: =IF(OR(BI85=0,BI85=1),ROUND(O85+X85+Y85+GK85,2),0) -> 2534.4 | GO85: =IF(BI85=2,ROUND(O85+X85+Y85+GK85,2),0) -> 0 | GP85: =IF(BI85=4,ROUND(O85+X85+Y85+GK85,2)+GX85,0) -> 0 | GR85: 0 | GS85: 3 | GT85: 0 | GV85: =ROUND(GT85,6) -> 0 | GW85: 1 | GX85: =ROUND(GV85*GW85*I85,2) -> 0 | HA85: 0 | HB85: 0 | IK85: 0
A86: 17 | B86: 1 | C86: =ROW(SmtRes!A221) -> 221 | D86: =ROW(EtalonRes!A237) -> 237 | E86: 19 | F86: 09-04-012-02 | G86: Установка дверного доводчика к металлическим дверям | H86: ШТ | I86: =ROUND(5+1+2,9) -> 8 | J86: 0 | O86: =ROUND(CP86,2) -> 128.15 | P86: =ROUND(CQ86*I86,2) -> 5.76 | Q86: =ROUND(CR86*I86,2) -> 21.1 | R86: =ROUND(CS86*I86,2) -> 0 | S86: =ROUND(CT86*I86,2) -> 101.29 | T86: =ROUND(CU86*I86,2) -> 0 | U86: =CV86*I86 -> 10.212 | V86: =CW86*I86 -> 0 | W86: =ROUND(CX86*I86,2) -> 0 | X86: =ROUND(CY86,2) -> 82.04 | Y86: =ROUND(CZ86,2) -> 72.93 | AA86: 26834263 | AB86: =ROUND((AC86+AD86+AF86),6) -> 16.019 | AC86: =ROUND((ES86),6) -> 0.72 | AD86: =ROUND(((((ET86*1.25))-((EU86*1.25)))+AE86),6) -> 2.6375 | AE86: =ROUND(((EU86*1.25)),6) -> 0 | AF86: =ROUND(((EV86*1.15)),6) -> 12.6615 | AG86: =ROUND((AP86),6) -> 0 | AH86: =((EW86*1.15)) -> 1.2765 | AI86: =((EX86*1.25)) -> 0 | AJ86: =ROUND((AS86),6) -> 0 | AK86: 13.84 | AL86: 0.72 | AM86: 2.11 | AN86: 0 | AO86: 11.01 | AP86: 0 | AQ86: 1.11 | AR86: 0 | AS86: 0 | AT86: 81 | AU86: 72 | AV86: 1 | AW86: 1 | AZ86: 1 | BA86: 1 | BB86: 1 | BC86: 1 | BH86: 0 | BI86: 1 | BJ86: ФЕР-2001, 09-04-012-02, приказ Минстроя России №1039/пр от 30.12.2016г. | BM86: 9001 | BN86: 0 | BP86: 0 | BQ86: 2 | BR86: 0 | BS86: 1 | BT86: 1 | BU86: 1 | BV86: 1 | BW86: 1 | BX86: 1 | BZ86: 90 | CA86: 85 | CF86: 0 | CG86: 0 | CM86: 0 | CN86: Поправка: МДС 81-35.2004, п.4.7 Наименование: Работы, выполняемые при реконструкции зданий и сооружений работы, аналогичные технологическим процессам в новом строительстве (в том числе возведение новых конструктивных элементов) стоимость которых определена по соответствующим сборникам ФЕР, кроме сборника № 46 «Работы при реконструкции зданий и сооружений» | CO86: 0 | CP86: =(P86+Q86+S86) -> 128.15 | CQ86: =AC86*BC86 -> 0.72 | CR86: =AD86*BB86 -> 2.6375 | CS86: =AE86*BS86 -> 0 | CT86: =AF86*BA86 -> 12.6615 | CU86: =AG86 -> 0 | CV86: =AH86 -> 1.2765 | CW86: =AI86 -> 0 | CX86: =AJ86 -> 0 | CY86: =(((S86+R86)*AT86)/100) -> 82.0449 | CZ86: =(((S86+R86)*AU86)/100) -> 72.9288 | DE86: )*1,25 | DF86: )*1,25 | DG86: )*1,15 | DI86: )*1,15 | DJ86: )*1,25 | DN86: 0 | DO86: 0 | DP86: 1 | DQ86: 1 | DU86: 1013 | DV86: ШТ | DW86: ШТ | DX86: 1 | EE86: 26549059 | EF86: 2 | EG86: Общестроительные работы | EH86: 0 | EJ86: 1 | EK86: 9001 | EL86: Металлические конструкции | EM86: ФЕР-09 | EO86: Поправка: МДС 81-35.2004, п.4.7 | EQ86: 0 | ER86: 13.84 | ES86: 0.72 | ET86: 2.11 | EU86: 0 | EV86: 11.01 | EW86: 1.11 | EX86: 0 | EY86: 0 | FQ86: 0 | FR86: =ROUND(IF(AND(BH86=3,BI86=3),P86,0),2) -> 0 | FS86: 0 | FT86: *0,9 | FU86: *0,85 | FX86: 81 | FY86: 72.25 | GD86: 0 | GF86: -418508909 | GG86: 2 | GH86: 1 | GI86: -2 | GJ86: 0 | GK86: =ROUND(R86*(R12)/100,2) -> 0 | GL86: =ROUND(IF(AND(BH86=3,BI86=3,FS86<>0),P86,0),2) -> 0 | GM86: =ROUND(O86+X86+Y86+GK86,2)+GX86 -> 283.12 | GN86: =IF(OR(BI86=0,BI86=1),ROUND(O86+X86+Y86+GK86,2),0) -> 283.12 | GO86: =IF(BI86=2,ROUND(O86+X86+Y86+GK86,2),0) -> 0 | GP86: =IF(BI86=4,ROUND(O86+X86+Y86+GK86,2)+GX86,0) -> 0 | GR86: 0 | GS86: 3 | GT86: 0 | GV86: =ROUND(GT86,6) -> 0 | GW86: 1 | GX86: =ROUND(GV86*GW86*I86,2) -> 0 | HA86: 0 | HB86: 0 | IK86: 0
A87: 17 | B87: 1 | C87: =ROW(SmtRes!A226) -> 226 | D87: =ROW(EtalonRes!A242) -> 242 | E87: 19 | F87: 09-04-012-02 | G87: Установка дверного доводчика к металлическим дверям | H87: ШТ | I87: =ROUND(5+1+2,9) -> 8 | J87: 0 | O87: =ROUND(CP87,2) -> 820.17 | P87: =ROUND(CQ87*I87,2) -> 36.86 | Q87: =ROUND(CR87*I87,2) -> 135.04 | R87: =ROUND(CS87*I87,2) -> 0 | S87: =ROUND(CT87*I87,2) -> 648.27 | T87: =ROUND(CU87*I87,2) -> 0 | U87: =CV87*I87 -> 10.212 | V87: =CW87*I87 -> 0 | W87: =ROUND(CX87*I87,2) -> 0 | X87: =ROUND(CY87,2) -> 525.1 | Y87: =ROUND(CZ87,2) -> 466.75 | AA87: 26834277 | AB87: =ROUND((AC87+AD87+AF87),6) -> 16.019 | AC87: =ROUND((ES87),6) -> 0.72 | AD87: =ROUND(((((ET87*1.25))-((EU87*1.25)))+AE87),6) -> 2.6375 | AE87: =ROUND(((EU87*1.25)),6) -> 0 | AF87: =ROUND(((EV87*1.15)),6) -> 12.6615 | AG87: =ROUND((AP87),6) -> 0 | AH87: =((EW87*1.15)) -> 1.2765 | AI87: =((EX87*1.25)) -> 0 | AJ87: =ROUND((AS87),6) -> 0 | AK87: 13.84 | AL87: 0.72 | AM87: 2.11 | AN87: 0 | AO87: 11.01 | AP87: 0 | AQ87: 1.11 | AR87: 0 | AS87: 0 | AT87: 81 | AU87: 72 | AV87: 1 | AW87: 1 | AZ87: 6.4 | BA87: 6.4 | BB87: 6.4 | BC87: 6.4 | BH87: 0 | BI87: 1 | BJ87: ФЕР-2001, 09-04-012-02, приказ Минстроя России №1039/пр от 30.12.2016г. | BM87: 9001 | BN87: 0 | BP87: 0 | BQ87: 2 | BR87: 0 | BS87: 6.4 | BT87: 1 | BU87: 1 | BV87: 1 | BW87: 1 | BX87: 1 | BZ87: 90 | CA87: 85 | CF87: 0 | CG87: 0 | CM87: 0 | CN87: Поправка: МДС 81-35.2004, п.4.7 Наименование: Работы, выполняемые при реконструкции зданий и сооружений работы, аналогичные технологическим процессам в новом строительстве (в том числе возведение новых конструктивных элементов) стоимость которых определена по соответствующим сборникам ФЕР, кроме сборника № 46 «Работы при реконструкции зданий и сооружений» | CO87: 0 | CP87: =(P87+Q87+S87) -> 820.17 | CQ87: =AC87*BC87 -> 4.608 | CR87: =AD87*BB87 -> 16.88 | CS87: =AE87*BS87 -> 0 | CT87: =AF87*BA87 -> 81.0336 | CU87: =AG87 -> 0 | CV87: =AH87 -> 1.2765 | CW87: =AI87 -> 0 | CX87: =AJ87 -> 0 | CY87: =(((S87+R87)*AT87)/100) -> 525.0987 | CZ87: =(((S87+R87)*AU87)/100) -> 466.7544 | DE87: )*1,25 | DF87: )*1,25 | DG87: )*1,15 | DI87: )*1,15 | DJ87: )*1,25 | DN87: 0 | DO87: 0 | DP87: 1 | DQ87: 1 | DU87: 1013 | DV87: ШТ | DW87: ШТ | DX87: 1 | EE87: 26549059 | EF87: 2 | EG87: Общестроительные работы | EH87: 0 | EJ87: 1 | EK87: 9001 | EL87: Металлические конструкции | EM87: ФЕР-09 | EO87: Поправка: МДС 81-35.2004, п.4.7 | EQ87: 0 | ER87: 13.84 | ES87: 0.72 | ET87: 2.11 | EU87: 0 | EV87: 11.01 | EW87: 1.11 | EX87: 0 | EY87: 0 | FQ87: 0 | FR87: =ROUND(IF(AND(BH87=3,BI87=3),P87,0),2) -> 0 | FS87: 0 | FT87: *0,9 | FU87: *0,85 | FX87: 81 | FY87: 72.25 | GD87: 0 | GF87: -418508909 | GG87: 1 | GH87: 1 | GI87: 4 | GJ87: 0 | GK87: =ROUND(R87*(S12)/100,2) -> 0 | GL87: =ROUND(IF(AND(BH87=3,BI87=3,FS87<>0),P87,0),2) -> 0 | GM87: =ROUND(O87+X87+Y87+GK87,2)+GX87 -> 1812.02 | GN87: =IF(OR(BI87=0,BI87=1),ROUND(O87+X87+Y87+GK87,2),0) -> 1812.02 | GO87: =IF(BI87=2,ROUND(O87+X87+Y87+GK87,2),0) -> 0 | GP87: =IF(BI87=4,ROUND(O87+X87+Y87+GK87,2)+GX87,0) -> 0 | GR87: 0 | GS87: 3 | GT87: 0 | GV87: =ROUND(GT87,6) -> 0 | GW87: 1 | GX87: =ROUND(GV87*GW87*I87,2) -> 0 | HA87: 0 | HB87: 0 | IK87: 0
A88: 18 | B88: 1 | C88: 219 | E88: 19,1 | F88: 01.7.04.01-0001 | G88: Доводчик дверной DS 73 BC "Серия Premium", усилие закрывания EN2-5 | H88: шт. | I88: =I86*J88 -> 8 | J88: 1 | O88: =ROUND(CP88,2) -> 2969.6 | P88: =ROUND(CQ88*I88,2) -> 2969.6 | Q88: =ROUND(CR88*I88,2) -> 0 | R88: =ROUND(CS88*I88,2) -> 0 | S88: =ROUND(CT88*I88,2) -> 0 | T88: =ROUND(CU88*I88,2) -> 0 | U88: =CV88*I88 -> 0 | V88: =CW88*I88 -> 0 | W88: =ROUND(CX88*I88,2) -> 0 | X88: =ROUND(CY88,2) -> 0 | Y88: =ROUND(CZ88,2) -> 0 | AA88: 26834263 | AB88: =ROUND((AC88+AD88+AF88),6) -> 371.2 | AC88: =ROUND((ES88),6) -> 371.2 | AD88: =ROUND((((ET88)-(EU88))+AE88),6) -> 0 | AE88: =ROUND((EU88),6) -> 0 | AF88: =ROUND((EV88),6) -> 0 | AG88: =ROUND((AP88),6) -> 0 | AH88: =(EW88) -> 0 | AI88: =(EX88) -> 0 | AJ88: =ROUND((AS88),6) -> 0 | AK88: 371.2 | AL88: 371.2 | AM88: 0 | AN88: 0 | AO88: 0 | AP88: 0 | AQ88: 0 | AR88: 0 | AS88: 0 | AT88: 81 | AU88: 72 | AV88: 1 | AW88: 1 | AZ88: 1 | BA88: 1 | BB88: 1 | BC88: 1 | BH88: 3 | BI88: 1 | BJ88: ФССЦ-2001, 01.7.04.01-0001, приказ Минстроя России №1039/пр от 30.12.2016г. | BM88: 9001 | BN88: 0 | BP88: 0 | BQ88: 2 | BR88: 0 | BS88: 1 | BT88: 1 | BU88: 1 | BV88: 1 | BW88: 1 | BX88: 1 | BZ88: 90 | CA88: 85 | CF88: 0 | CG88: 0 | CM88: 0 | CO88: 0 | CP88: =(P88+Q88+S88) -> 2969.6 | CQ88: =AC88*BC88 -> 371.2 | CR88: =AD88*BB88 -> 0 | CS88: =AE88*BS88 -> 0 | CT88: =AF88*BA88 -> 0 | CU88: =AG88 -> 0 | CV88: =AH88 -> 0 | CW88: =AI88 -> 0 | CX88: =AJ88 -> 0 | CY88: =(((S88+R88)*AT88)/100) -> 0 | CZ88: =(((S88+R88)*AU88)/100) -> 0 | DN88: 0 | DO88: 0 | DP88: 1 | DQ88: 1 | DU88: 1010 | DV88: шт. | DW88: шт. | DX88: 1 | EE88: 26549059 | EF88: 2 | EG88: Общестроительные работы | EH88: 0 | EJ88: 1 | EK88: 9001 | EL88: Металлические конструкции | EM88: ФЕР-09 | EQ88: 0 | ER88: 371.2 | ES88: 371.2 | ET88: 0 | EU88: 0 | EV88: 0 | EW88: 0 | EX88: 0 | FQ88: 0 | FR88: =ROUND(IF(AND(BH88=3,BI88=3),P88,0),2) -> 0 | FS88: 0 | FT88: *0,9 | FU88: *0,85 | FX88: 81 | FY88: 72.25 | GD88: 0 | GF88: -1609859063 | GG88: 2 | GH88: 1 | GI88: -2 | GJ88: 0 | GK88: =ROUND(R88*(R12)/100,2) -> 0 | GL88: =ROUND(IF(AND(BH88=3,BI88=3,FS88<>0),P88,0),2) -> 0 | GM88: =ROUND(O88+X88+Y88+GK88,2)+GX88 -> 2969.6 | GN88: =IF(OR(BI88=0,BI88=1),ROUND(O88+X88+Y88+GK88,2),0) -> 2969.6 | GO88: =IF(BI88=2,ROUND(O88+X88+Y88+GK88,2),0) -> 0 | GP88: =IF(BI88=4,ROUND(O88+X88+Y88+GK88,2)+GX88,0) -> 0 | GR88: 0 | GS88: 3 | GT88: 0 | GV88: =ROUND(GT88,6) -> 0 | GW88: 1 | GX88: =ROUND(GV88*GW88*I88,2) -> 0 | HA88: 0 | HB88: 0 | IK88: 0
A89: 18 | B89: 1 | C89: 224 | E89: 19,1 | F89: 01.7.04.01-0001 | G89: Доводчик дверной DS 73 BC "Серия Premium", усилие закрывания EN2-5 | H89: шт. | I89: =I87*J89 -> 8 | J89: 1 | O89: =ROUND(CP89,2) -> 19005.44 | P89: =ROUND(CQ89*I89,2) -> 19005.44 | Q89: =ROUND(CR89*I89,2) -> 0 | R89: =ROUND(CS89*I89,2) -> 0 | S89: =ROUND(CT89*I89,2) -> 0 | T89: =ROUND(CU89*I89,2) -> 0 | U89: =CV89*I89 -> 0 | V89: =CW89*I89 -> 0 | W89: =ROUND(CX89*I89,2) -> 0 | X89: =ROUND(CY89,2) -> 0 | Y89: =ROUND(CZ89,2) -> 0 | AA89: 26834277 | AB89: =ROUND((AC89+AD89+AF89),6) -> 371.2 | AC89: =ROUND((ES89),6) -> 371.2 | AD89: =ROUND((((ET89)-(EU89))+AE89),6) -> 0 | AE89: =ROUND((EU89),6) -> 0 | AF89: =ROUND((EV89),6) -> 0 | AG89: =ROUND((AP89),6) -> 0 | AH89: =(EW89) -> 0 | AI89: =(EX89) -> 0 | AJ89: =ROUND((AS89),6) -> 0 | AK89: 371.2 | AL89: 371.2 | AM89: 0 | AN89: 0 | AO89: 0 | AP89: 0 | AQ89: 0 | AR89: 0 | AS89: 0 | AT89: 81 | AU89: 72 | AV89: 1 | AW89: 1 | AZ89: 6.4 | BA89: 1 | BB89: 1 | BC89: 6.4 | BH89: 3 | BI89: 1 | BJ89: ФССЦ-2001, 01.7.04.01-0001, приказ Минстроя России №1039/пр от 30.12.2016г. | BM89: 9001 | BN89: 0 | BP89: 0 | BQ89: 2 | BR89: 0 | BS89: 1 | BT89: 1 | BU89: 1 | BV89: 1 | BW89: 1 | BX89: 1 | BZ89: 90 | CA89: 85 | CF89: 0 | CG89: 0 | CM89: 0 | CO89: 0 | CP89: =(P89+Q89+S89) -> 19005.44 | CQ89: =AC89*BC89 -> 2375.68 | CR89: =AD89*BB89 -> 0 | CS89: =AE89*BS89 -> 0 | CT89: =AF89*BA89 -> 0 | CU89: =AG89 -> 0 | CV89: =AH89 -> 0 | CW89: =AI89 -> 0 | CX89: =AJ89 -> 0 | CY89: =(((S89+R89)*AT89)/100) -> 0 | CZ89: =(((S89+R89)*AU89)/100) -> 0 | DN89: 0 | DO89: 0 | DP89: 1 | DQ89: 1 | DU89: 1010 | DV89: шт. | DW89: шт. | DX89: 1 | EE89: 26549059 | EF89: 2 | EG89: Общестроительные работы | EH89: 0 | EJ89: 1 | EK89: 9001 | EL89: Металлические конструкции | EM89: ФЕР-09 | EQ89: 0 | ER89: 371.2 | ES89: 371.2 | ET89: 0 | EU89: 0 | EV89: 0 | EW89: 0 | EX89: 0 | FQ89: 0 | FR89: =ROUND(IF(AND(BH89=3,BI89=3),P89,0),2) -> 0 | FS89: 0 | FT89: *0,9 | FU89: *0,85 | FX89: 81 | FY89: 72.25 | GD89: 0 | GF89: -1609859063 | GG89: 1 | GH89: 1 | GI89: 4 | GJ89: 0 | GK89: =ROUND(R89*(S12)/100,2) -> 0 | GL89: =ROUND(IF(AND(BH89=3,BI89=3,FS89<>0),P89,0),2) -> 0 | GM89: =ROUND(O89+X89+Y89+GK89,2)+GX89 -> 19005.44 | GN89: =IF(OR(BI89=0,BI89=1),ROUND(O89+X89+Y89+GK89,2),0) -> 19005.44 | GO89: =IF(BI89=2,ROUND(O89+X89+Y89+GK89,2),0) -> 0 | GP89: =IF(BI89=4,ROUND(O89+X89+Y89+GK89,2)+GX89,0) -> 0 | GR89: 0 | GS89: 3 | GT89: 0 | GV89: =ROUND(GT89,6) -> 0 | GW89: 1 | GX89: =ROUND(GV89*GW89*I89,2) -> 0 | HA89: 0 | HB89: 0 | IK89: 0
A90: 17 | B90: 1 | C90: =ROW(SmtRes!A236) -> 236 | D90: =ROW(EtalonRes!A252) -> 252 | E90: 20 | F90: 08-04-003-01 | G90: Кладка перегородок из газобетонных блоков на клее толщиной 100 мм при высоте этажа до 4 м | H90: 100 м2 | I90: =ROUND((18.12)/100,9) -> 0.1812 | J90: 0 | O90: =ROUND(CP90,2) -> 180.06 | P90: =ROUND(CQ90*I90,2) -> 47.02 | Q90: =ROUND(CR90*I90,2) -> 24.99 | R90: =ROUND(CS90*I90,2) -> 3.65 | S90: =ROUND(CT90*I90,2) -> 108.05 | T90: =ROUND(CU90*I90,2) -> 0 | U90: =CV90*I90 -> 13.002912 | V90: =CW90*I90 -> 0.28539 | W90: =ROUND(CX90*I90,2) -> 0 | X90: =ROUND(CY90,2) -> 122.87 | Y90: =ROUND(CZ90,2) -> 75.96 | AA90: 26834263 | AB90: =ROUND((AC90+AD90+AF90),6) -> 993.7135 | AC90: =ROUND((ES90),6) -> 259.48 | AD90: =ROUND(((((ET90*1.25))-((EU90*1.25)))+AE90),6) -> 137.9125 | AE90: =ROUND(((EU90*1.25)),6) -> 20.125 | AF90: =ROUND(((EV90*1.15)),6) -> 596.321 | AG90: =ROUND((AP90),6) -> 0 | AH90: =((EW90*1.15)) -> 71.76 | AI90: =((EX90*1.25)) -> 1.575 | AJ90: =ROUND((AS90),6) -> 0 | AK90: 888.35 | AL90: 259.48 | AM90: 110.33 | AN90: 16.1 | AO90: 518.54 | AP90: 0 | AQ90: 62.4 | AR90: 1.26 | AS90: 0 | AT90: 110 | AU90: 68 | AV90: 1 | AW90: 1 | AZ90: 1 | BA90: 1 | BB90: 1 | BC90: 1 | BH90: 0 | BI90: 1 | BJ90: ФЕР-2001, 08-04-003-01, приказ Минстроя России №1039/пр от 30.12.2016г. | BM90: 8001 | BN90: 0 | BP90: 0 | BQ90: 2 | BR90: 0 | BS90: 1 | BT90: 1 | BU90: 1 | BV90: 1 | BW90: 1 | BX90: 1 | BZ90: 122 | CA90: 80 | CF90: 0 | CG90: 0 | CM90: 0 | CN90: Поправка: МДС 81-35.2004, п.4.7 Наименование: Работы, выполняемые при реконструкции зданий и сооружений работы, аналогичные технологическим процессам в новом строительстве (в том числе возведение новых конструктивных элементов) стоимость которых определена по соответствующим сборникам ФЕР, кроме сборника № 46 «Работы при реконструкции зданий и сооружений» | CO90: 0 | CP90: =(P90+Q90+S90) -> 180.06 | CQ90: =AC90*BC90 -> 259.48 | CR90: =AD90*BB90 -> 137.9125 | CS90: =AE90*BS90 -> 20.125 | CT90: =AF90*BA90 -> 596.321 | CU90: =AG90 -> 0 | CV90: =AH90 -> 71.76 | CW90: =AI90 -> 1.575 | CX90: =AJ90 -> 0 | CY90: =(((S90+R90)*AT90)/100) -> 122.87 | CZ90: =(((S90+R90)*AU90)/100) -> 75.956 | DE90: )*1,25 | DF90: )*1,25 | DG90: )*1,15 | DI90: )*1,15 | DJ90: )*1,25 | DN90: 0 | DO90: 0 | DP90: 1 | DQ90: 1 | DU90: 1005 | DV90: 100 м2 | DW90: 100 м2 | DX90: 100 | EE90: 26549058 | EF90: 2 | EG90: Общестроительные работы | EH90: 0 | EJ90: 1 | EK90: 8001 | EL90: Конструкции из кирпича и блоков | EM90: ФЕР-08 | EO90: Поправка: МДС 81-35.2004, п.4.7 | EQ90: 0 | ER90: 888.35 | ES90: 259.48 | ET90: 110.33 | EU90: 16.1 | EV90: 518.54 | EW90: 62.4 | EX90: 1.26 | EY90: 0 | FQ90: 0 | FR90: =ROUND(IF(AND(BH90=3,BI90=3),P90,0),2) -> 0 | FS90: 0 | FT90: *0,9 | FU90: *0,85 | FX90: 109.8 | FY90: 68 | GD90: 0 | GF90: 747640295 | GG90: 2 | GH90: 1 | GI90: -2 | GJ90: 0 | GK90: =ROUND(R90*(R12)/100,2) -> 0 | GL90: =ROUND(IF(AND(BH90=3,BI90=3,FS90<>0),P90,0),2) -> 0 | GM90: =ROUND(O90+X90+Y90+GK90,2)+GX90 -> 378.89 | GN90: =IF(OR(BI90=0,BI90=1),ROUND(O90+X90+Y90+GK90,2),0) -> 378.89 | GO90: =IF(BI90=2,ROUND(O90+X90+Y90+GK90,2),0) -> 0 | GP90: =IF(BI90=4,ROUND(O90+X90+Y90+GK90,2)+GX90,0) -> 0 | GR90: 0 | GS90: 3 | GT90: 0 | GV90: =ROUND(GT90,6) -> 0 | GW90: 1 | GX90: =ROUND(GV90*GW90*I90,2) -> 0 | HA90: 0 | HB90: 0 | IK90: 0
